Workbook
Name tDate: Transactions!$A$8:$A$10007
Name tCat: Transactions!$B$8:$B$10007
Name tAmt: Transactions!$D$8:$D$10007

Sheet START
B2: K1 | F2: ="KEYONE / "&Lang!$B$29
F4: =Lang!$B$30
B7: =HYPERLINK("#'START'!A1",Lang!$B$2) | D7: =HYPERLINK("#'Dashboard'!A1",Lang!$B$3) | F7: =HYPERLINK("#'13 Weeks'!A1",Lang!$B$25) | H7: =HYPERLINK("#'12 Months'!A1",Lang!$B$26) | J7: =HYPERLINK("#'Transactions'!A1",Lang!$B$27) | L7: =HYPERLINK("#'Recurring'!A1",Lang!$B$28) | N7: =HYPERLINK("#'Settings'!A1",Lang!$B$4)
B9: =Lang!$B$31
B13: 01 | E13: =Lang!$B$32
E14: =Lang!$B$33
B17: 02 | E17: =Lang!$B$34
E18: =Lang!$B$35
B21: 03 | E21: =Lang!$B$36
E22: =Lang!$B$37
B25: 04 | E25: =Lang!$B$38
E26: =Lang!$B$39
B30: =Lang!$B$40
B32: =Lang!$B$5
B35: =Lang!$B$6
B36: Keywan Fakhri | I36: =Lang!$B$7
B38: =Lang!$B$8
B39: =HYPERLINK("https://keywanfakhri.com","keywanfakhri.com") | F39: =HYPERLINK("mailto:keywanfakhri1@gmail.com","keywanfakhri1@gmail.com") | L39: =HYPERLINK("https://www.linkedin.com/in/rahmatallah-keywan-fakhri/","LinkedIn: rahmatallah-keywan-fakhri")

Sheet Dashboard
B2: K1 | E2: ="KEYONE / "&Lang!$B$53
E3: =Lang!$B$54
B4: =HYPERLINK("#'START'!A1",Lang!$B$2) | D4: =HYPERLINK("#'Dashboard'!A1",Lang!$B$3) | F4: =HYPERLINK("#'13 Weeks'!A1",Lang!$B$25) | H4: =HYPERLINK("#'12 Months'!A1",Lang!$B$26) | J4: =HYPERLINK("#'Transactions'!A1",Lang!$B$27) | L4: =HYPERLINK("#'Recurring'!A1",Lang!$B$28) | N4: =HYPERLINK("#'Settings'!A1",Lang!$B$4)
B6: =Lang!$B$82 | H6: =Lang!$B$61 | K6: =Lang!$B$43
B7: =Settings!$D$8 | H7: =Calc!$B$2 | K7: =Calc!$B$4
B8: =Lang!$B$81
B10: =Lang!$B$55 | E10: =Lang!$B$56 | H10: =Lang!$B$57 | K10: =Lang!$B$58 | N10: =Lang!$B$59 | Q10: =Lang!$B$60
B11: =Calc!$B$8 | E11: =MIN(Calc!$M$78:$Y$78) | H11: =Calc!$B$5 | K11: =IF(MIN(Calc!$M$80:$Y$80)=99,Lang!$B$63,INDEX(Calc!$M$17:$Y$17,MIN(Calc!$M$80:$Y$80))) | N11: =SUM(Calc!$M$75:$Y$75) | Q11: =SUM(Calc!$M$76:$Y$76)
B13: =Lang!$B$61 | D13: =Calc!$B$2 | E13: =Lang!$B$62 | G13: =INDEX(Calc!$M$17:$Y$17,MATCH(MIN(Calc!$M$78:$Y$78),Calc!$M$78:$Y$78,0)) | H13: =Lang!$B$90 | J13: =E11-H11 | K13: =Lang!$B$89 | M13: =Calc!$Y$78 | N13: =Lang!$B$64 | P13: =N11-Q11 | Q13: =Lang!$B$89 | S13: =Calc!$Y$78
B16: =Lang!$B$66 | M16: =Lang!$B$69
M18: =Lang!$B$77
M19: =IF(MIN(Calc!$M$78:$Y$78)<0,Lang!$B$80,IF(MIN(Calc!$M$78:$Y$78)<Calc!$B$5,Lang!$B$79,Lang!$B$78)) | Q19: =MIN(Calc!$M$78:$Y$78)
M22: =Lang!$B$76
M23: =Calc!$Y$17 | Q23: =Calc!$Y$78
M26: =Lang!$B$75
M27: =IFERROR(INDEX(Calc!$C$64:$C$73,MATCH(MAX(Calc!$Z$64:$Z$73),Calc!$Z$64:$Z$73,0)),"–") | Q27: =MAX(Calc!$Z$64:$Z$73)
M30: =Lang!$B$59
M31: =Calc!$M$17&" – "&Calc!$Y$17 | Q31: =SUM(Calc!$M$75:$Y$75)
B35: =Lang!$B$68 | M35: =Lang!$B$67
B55: =Lang!$B$40
B56: =Lang!$B$5

Sheet 13 Weeks
B2: K1 | E2: ="KEYONE / "&Lang!$B$83
E3: =Lang!$B$84
B4: =HYPERLINK("#'START'!A1",Lang!$B$2) | D4: =HYPERLINK("#'Dashboard'!A1",Lang!$B$3) | F4: =HYPERLINK("#'13 Weeks'!A1",Lang!$B$25) | H4: =HYPERLINK("#'12 Months'!A1",Lang!$B$26) | J4: =HYPERLINK("#'Transactions'!A1",Lang!$B$27) | L4: =HYPERLINK("#'Recurring'!A1",Lang!$B$28) | N4: =HYPERLINK("#'Settings'!A1",Lang!$B$4)
B6: =Settings!$D$8 | F6: =Lang!$B$61&": "&DAY(Calc!$B$2)&"."&MONTH(Calc!$B$2)&"."&YEAR(Calc!$B$2) | K6: =Lang!$B$57&": " | N6: =Calc!$B$5
C8: =Calc!M17 | D8: =Calc!N17 | E8: =Calc!O17 | F8: =Calc!P17 | G8: =Calc!Q17 | H8: =Calc!R17 | I8: =Calc!S17 | J8: =Calc!T17 | ... O8: =Calc!Y17 | P8: =Lang!$B$12
B9: =Lang!$B$85 | C9: =Calc!M74 | D9: =Calc!N74 | E9: =Calc!O74 | F9: =Calc!P74 | G9: =Calc!Q74 | H9: =Calc!R74 | I9: =Calc!S74 | J9: =Calc!T74 | ... O9: =Calc!Y74
B10: =Calc!C60 | C10: =Calc!M60 | D10: =Calc!N60 | E10: =Calc!O60 | F10: =Calc!P60 | G10: =Calc!Q60 | H10: =Calc!R60 | I10: =Calc!S60 | J10: =Calc!T60 | ... O10: =Calc!Y60 | P10: =IF(B10="","",SUM(C10:O10))
B11: =Calc!C61 | C11: =Calc!M61 | D11: =Calc!N61 | E11: =Calc!O61 | F11: =Calc!P61 | G11: =Calc!Q61 | H11: =Calc!R61 | I11: =Calc!S61 | J11: =Calc!T61 | ... O11: =Calc!Y61 | P11: =IF(B11="","",SUM(C11:O11))
B12: =Calc!C62 | C12: =Calc!M62 | D12: =Calc!N62 | E12: =Calc!O62 | F12: =Calc!P62 | G12: =Calc!Q62 | H12: =Calc!R62 | I12: =Calc!S62 | J12: =Calc!T62 | ... O12: =Calc!Y62 | P12: =IF(B12="","",SUM(C12:O12))
B13: =Calc!C63 | C13: =Calc!M63 | D13: =Calc!N63 | E13: =Calc!O63 | F13: =Calc!P63 | G13: =Calc!Q63 | H13: =Calc!R63 | I13: =Calc!S63 | J13: =Calc!T63 | ... O13: =Calc!Y63 | P13: =IF(B13="","",SUM(C13:O13))
B14: =Lang!$B$86 | C14: =Calc!M75 | D14: =Calc!N75 | E14: =Calc!O75 | F14: =Calc!P75 | G14: =Calc!Q75 | H14: =Calc!R75 | I14: =Calc!S75 | J14: =Calc!T75 | ... O14: =Calc!Y75 | P14: =SUM(C14:O14)
B15: =Calc!C64 | C15: =Calc!M64 | D15: =Calc!N64 | E15: =Calc!O64 | F15: =Calc!P64 | G15: =Calc!Q64 | H15: =Calc!R64 | I15: =Calc!S64 | J15: =Calc!T64 | ... O15: =Calc!Y64 | P15: =IF(B15="","",SUM(C15:O15))
B16: =Calc!C65 | C16: =Calc!M65 | D16: =Calc!N65 | E16: =Calc!O65 | F16: =Calc!P65 | G16: =Calc!Q65 | H16: =Calc!R65 | I16: =Calc!S65 | J16: =Calc!T65 | ... O16: =Calc!Y65 | P16: =IF(B16="","",SUM(C16:O16))
B17: =Calc!C66 | C17: =Calc!M66 | D17: =Calc!N66 | E17: =Calc!O66 | F17: =Calc!P66 | G17: =Calc!Q66 | H17: =Calc!R66 | I17: =Calc!S66 | J17: =Calc!T66 | ... O17: =Calc!Y66 | P17: =IF(B17="","",SUM(C17:O17))
B18: =Calc!C67 | C18: =Calc!M67 | D18: =Calc!N67 | E18: =Calc!O67 | F18: =Calc!P67 | G18: =Calc!Q67 | H18: =Calc!R67 | I18: =Calc!S67 | J18: =Calc!T67 | ... O18: =Calc!Y67 | P18: =IF(B18="","",SUM(C18:O18))
B19: =Calc!C68 | C19: =Calc!M68 | D19: =Calc!N68 | E19: =Calc!O68 | F19: =Calc!P68 | G19: =Calc!Q68 | H19: =Calc!R68 | I19: =Calc!S68 | J19: =Calc!T68 | ... O19: =Calc!Y68 | P19: =IF(B19="","",SUM(C19:O19))
B20: =Calc!C69 | C20: =Calc!M69 | D20: =Calc!N69 | E20: =Calc!O69 | F20: =Calc!P69 | G20: =Calc!Q69 | H20: =Calc!R69 | I20: =Calc!S69 | J20: =Calc!T69 | ... O20: =Calc!Y69 | P20: =IF(B20="","",SUM(C20:O20))
B21: =Calc!C70 | C21: =Calc!M70 | D21: =Calc!N70 | E21: =Calc!O70 | F21: =Calc!P70 | G21: =Calc!Q70 | H21: =Calc!R70 | I21: =Calc!S70 | J21: =Calc!T70 | ... O21: =Calc!Y70 | P21: =IF(B21="","",SUM(C21:O21))
B22: =Calc!C71 | C22: =Calc!M71 | D22: =Calc!N71 | E22: =Calc!O71 | F22: =Calc!P71 | G22: =Calc!Q71 | H22: =Calc!R71 | I22: =Calc!S71 | J22: =Calc!T71 | ... O22: =Calc!Y71 | P22: =IF(B22="","",SUM(C22:O22))
B23: =Calc!C72 | C23: =Calc!M72 | D23: =Calc!N72 | E23: =Calc!O72 | F23: =Calc!P72 | G23: =Calc!Q72 | H23: =Calc!R72 | I23: =Calc!S72 | J23: =Calc!T72 | ... O23: =Calc!Y72 | P23: =IF(B23="","",SUM(C23:O23))
B24: =Calc!C73 | C24: =Calc!M73 | D24: =Calc!N73 | E24: =Calc!O73 | F24: =Calc!P73 | G24: =Calc!Q73 | H24: =Calc!R73 | I24: =Calc!S73 | J24: =Calc!T73 | ... O24: =Calc!Y73 | P24: =IF(B24="","",SUM(C24:O24))
B25: =Lang!$B$87 | C25: =Calc!M76 | D25: =Calc!N76 | E25: =Calc!O76 | F25: =Calc!P76 | G25: =Calc!Q76 | H25: =Calc!R76 | I25: =Calc!S76 | J25: =Calc!T76 | ... O25: =Calc!Y76 | P25: =SUM(C25:O25)
B26: =Lang!$B$88 | C26: =Calc!M77 | D26: =Calc!N77 | E26: =Calc!O77 | F26: =Calc!P77 | G26: =Calc!Q77 | H26: =Calc!R77 | I26: =Calc!S77 | J26: =Calc!T77 | ... O26: =Calc!Y77 | P26: =SUM(C26:O26)
B27: =Lang!$B$89 | C27: =Calc!M78 | D27: =Calc!N78 | E27: =Calc!O78 | F27: =Calc!P78 | G27: =Calc!Q78 | H27: =Calc!R78 | I27: =Calc!S78 | J27: =Calc!T78 | ... O27: =Calc!Y78 | P27: =O27
B28: =Lang!$B$90 | C28: =Calc!M79 | D28: =Calc!N79 | E28: =Calc!O79 | F28: =Calc!P79 | G28: =Calc!Q79 | H28: =Calc!R79 | I28: =Calc!S79 | J28: =Calc!T79 | ... O28: =Calc!Y79
B30: =Lang!$B$91
B32: =Lang!$B$5

Sheet 12 Months
B2: K1 | E2: ="KEYONE / "&Lang!$B$92
E3: =Lang!$B$93
B4: =HYPERLINK("#'START'!A1",Lang!$B$2) | D4: =HYPERLINK("#'Dashboard'!A1",Lang!$B$3) | F4: =HYPERLINK("#'13 Weeks'!A1",Lang!$B$25) | H4: =HYPERLINK("#'12 Months'!A1",Lang!$B$26) | J4: =HYPERLINK("#'Transactions'!A1",Lang!$B$27) | L4: =HYPERLINK("#'Recurring'!A1",Lang!$B$28) | N4: =HYPERLINK("#'Settings'!A1",Lang!$B$4)
C6: =Calc!Z17 | D6: =Calc!AA17 | E6: =Calc!AB17 | F6: =Calc!AC17 | G6: =Calc!AD17 | H6: =Calc!AE17 | I6: =Calc!AF17 | J6: =Calc!AG17 | ... N6: =Calc!AK17
B7: =Lang!$B$95 | C7: =Calc!Z89 | D7: =Calc!AA89 | E7: =Calc!AB89 | F7: =Calc!AC89 | G7: =Calc!AD89 | H7: =Calc!AE89 | I7: =Calc!AF89 | J7: =Calc!AG89 | ... N7: =Calc!AK89
B8: =Lang!$B$73 | C8: =Calc!Z85 | D8: =Calc!AA85 | E8: =Calc!AB85 | F8: =Calc!AC85 | G8: =Calc!AD85 | H8: =Calc!AE85 | I8: =Calc!AF85 | J8: =Calc!AG85 | ... N8: =Calc!AK85
B9: =Lang!$B$74 | C9: =Calc!Z86 | D9: =Calc!AA86 | E9: =Calc!AB86 | F9: =Calc!AC86 | G9: =Calc!AD86 | H9: =Calc!AE86 | I9: =Calc!AF86 | J9: =Calc!AG86 | ... N9: =Calc!AK86
B10: =Lang!$B$72 | C10: =Calc!Z87 | D10: =Calc!AA87 | E10: =Calc!AB87 | F10: =Calc!AC87 | G10: =Calc!AD87 | H10: =Calc!AE87 | I10: =Calc!AF87 | J10: =Calc!AG87 | ... N10: =Calc!AK87
B11: =Lang!$B$89 | C11: =Calc!Z88 | D11: =Calc!AA88 | E11: =Calc!AB88 | F11: =Calc!AC88 | G11: =Calc!AD88 | H11: =Calc!AE88 | I11: =Calc!AF88 | J11: =Calc!AG88 | ... N11: =Calc!AK88
B33: =Lang!$B$81
B34: =Lang!$B$5

Sheet Transactions
A1: ="KEYONE / "&Lang!$B$99
A3: =Lang!$B$100
A5: =HYPERLINK("#'START'!A1",Lang!$B$2) | B5: =HYPERLINK("#'Dashboard'!A1",Lang!$B$3) | C5: =HYPERLINK("#'13 Weeks'!A1",Lang!$B$25) | D5: =HYPERLINK("#'Settings'!A1",Lang!$B$4)
A7: =Lang!$B$101 | B7: =Lang!$B$102 | C7: =Lang!$B$103 | D7: =Lang!$B$104 | E7: =Lang!$B$105
A8: 46023 | B8: Rent | C8: Office rent | D8: 1450
A9: 46023 | B9: Sales | C9: Invoice paid | D9: 2225.52 | E9: Alpen Foods
A10: 46025 | B10: Sales | C10: Retainer client A | D10: 2800 | E10: Demo GmbH
A11: 46027 | B11: Software & IT | C11: Software subscriptions | D11: 129
A12: 46027 | B12: Sales | C12: Invoice paid | D12: 2283.51 | E12: Seeblick Hotel
A13: 46028 | B13: Materials | C13: Material order | D13: 643.52 | E13: Druckerei Hegau
A14: 46034 | B14: Sales | C14: Invoice paid | D14: 1240.41 | E14: Alpen Foods
A15: 46035 | B15: Materials | C15: Material order | D15: 677.25 | E15: Metro
A16: 46037 | B16: Loan repayment | C16: Business loan | D16: 610
A17: 46037 | B17: Insurance | C17: Business insurance | D17: 420
A18: 46037 | B18: Sales | C18: Invoice paid | D18: 2001.29 | E18: Stadtwerke Demo
A19: 46041 | B19: Sales | C19: Invoice paid | D19: 1081.5 | E19: Kraft Bau GmbH
A20: 46042 | B20: Marketing | C20: Online ads | D20: 300
A21: 46042 | B21: Materials | C21: Material order | D21: 354.63 | E21: Metro
A22: 46044 | B22: Sales | C22: Invoice paid | D22: 1113.17 | E22: Café Rhein
A23: 46047 | B23: Other | C23: Accounting service | D23: 180
A24: 46048 | B24: Sales | C24: Invoice paid | D24: 1460.17 | E24: Seeblick Hotel
A25: 46049 | B25: Materials | C25: Material order | D25: 579.71 | E25: Druckerei Hegau
A26: 46050 | B26: Salaries | C26: Salaries | D26: 7200
A27: 46050 | B27: Other income | C27: Refund | D27: 107.2
A28: 46054 | B28: Rent | C28: Office rent | D28: 1450
A29: 46055 | B29: Sales | C29: Invoice paid | D29: 3006.54 | E29: Müller AG
A30: 46056 | B30: Sales | C30: Retainer client A | D30: 2800 | E30: Demo GmbH
A31: 46056 | B31: Materials | C31: Material order | D31: 606.05 | E31: Office Partner
A32: 46058 | B32: Software & IT | C32: Software subscriptions | D32: 129
A33: 46058 | B33: Sales | C33: Invoice paid | D33: 1112.48 | E33: Kraft Bau GmbH
A34: 46062 | B34: Sales | C34: Invoice paid | D34: 2827.83 | E34: Café Rhein
A35: 46063 | B35: Materials | C35: Material order | D35: 356.06 | E35: Metro
A36: 46065 | B36: Sales | C36: Invoice paid | D36: 1490.41 | E36: Müller AG
A37: 46068 | B37: Loan repayment | C37: Business loan | D37: 610
A38: 46070 | B38: Materials | C38: Material order | D38: 485 | E38: Metro
A39: 46072 | B39: Sales | C39: Invoice paid | D39: 2467.31 | E39: Bodensee Logistik
A40: 46073 | B40: Marketing | C40: Online ads | D40: 300
A41: 46076 | B41: Sales | C41: Invoice paid | D41: 3074.56 | E41: Alpen Foods
A42: 46077 | B42: Materials | C42: Material order | D42: 689.91 | E42: Würth
A43: 46078 | B43: Other | C43: Accounting service | D43: 180
A44: 46079 | B44: Sales | C44: Invoice paid | D44: 1175.78 | E44: Alpen Foods
A45: 46081 | B45: Salaries | C45: Salaries | D45: 7200
A46: 46082 | B46: Rent | C46: Office rent | D46: 1450
A47: 46083 | B47: Financing | C47: Micro-loan payout | D47: 5000 | E47: Sparkasse
A48: 46084 | B48: Sales | C48: Retainer client A | D48: 2800 | E48: Demo GmbH
A49: 46084 | B49: Materials | C49: Material order | D49: 403.47 | E49: Würth
A50: 46086 | B50: Software & IT | C50: Software subscriptions | D50: 129
A51: 46090 | B51: Sales | C51: Invoice paid | D51: 1879.19 | E51: Seeblick Hotel
A52: 46091 | B52: Taxes | C52: Tax prepayment | D52: 1350
A53: 46091 | B53: Materials | C53: Material order | D53: 330.18 | E53: Office Partner
A54: 46093 | B54: Sales | C54: Invoice paid | D54: 1443.35 | E54: Alpen Foods
A55: 46096 | B55: Loan repayment | C55: Business loan | D55: 610
A56: 46097 | B56: Sales | C56: Invoice paid | D56: 1138.43 | E56: Seeblick Hotel
A57: 46098 | B57: Materials | C57: Material order | D57: 413.16 | E57: Office Partner
A58: 46099 | B58: Other income | C58: Refund | D58: 275.31
A59: 46101 | B59: Marketing | C59: Online ads | D59: 300
A60: 46104 | B60: Sales | C60: Invoice paid | D60: 1488.34 | E60: Stadtwerke Demo
A61: 46105 | B61: Materials | C61: Material order | D61: 424.78 | E61: Office Partner
A62: 46106 | B62: Other | C62: Accounting service | D62: 180
A63: 46107 | B63: Sales | C63: Invoice paid | D63: 3064.18 | E63: Café Rhein
A64: 46109 | B64: Salaries | C64: Salaries | D64: 7200
A65: 46111 | B65: Sales | C65: Invoice paid | D65: 1860.8 | E65: Stadtwerke Demo
A66: 46112 | B66: Materials | C66: Material order | D66: 390.11 | E66: Würth
A67: 46113 | B67: Rent | C67: Office rent | D67: 1450
A68: 46114 | B68: Sales | C68: Invoice paid | D68: 1448.58 | E68: Stadtwerke Demo
A69: 46115 | B69: Sales | C69: Retainer client A | D69: 2800 | E69: Demo GmbH
A70: 46117 | B70: Software & IT | C70: Software subscriptions | D70: 129
A71: 46118 | B71: Sales | C71: Invoice paid | D71: 2492.65 | E71: Café Rhein
A72: 46119 | B72: Materials | C72: Material order | D72: 674.05 | E72: Metro
A73: 46121 | B73: Sales | C73: Invoice paid | D73: 1131.26 | E73: Bodensee Logistik
A74: 46126 | B74: Materials | C74: Material order | D74: 430.22 | E74: Druckerei Hegau
A75: 46126 | B75: Other | C75: Laptop | D75: 1350 | E75: Office Partner
A76: 46127 | B76: Loan repayment | C76: Business loan | D76: 610
A77: 46127 | B77: Insurance | C77: Business insurance | D77: 420
A78: 46128 | B78: Sales | C78: Invoice paid | D78: 2562.74 | E78: Müller AG
A79: 46132 | B79: Marketing | C79: Online ads | D79: 300
A80: 46132 | B80: Sales | C80: Invoice paid | D80: 2422.37 | E80: Kraft Bau GmbH
A81: 46133 | B81: Materials | C81: Material order | D81: 569.58 | E81: Office Partner
A82: 46137 | B82: Other | C82: Accounting service | D82: 180
A83: 46139 | B83: Sales | C83: Invoice paid | D83: 1914 | E83: Seeblick Hotel
A84: 46140 | B84: Salaries | C84: Salaries | D84: 7200
A85: 46140 | B85: Materials | C85: Material order | D85: 353.58 | E85: Würth
A86: 46142 | B86: Sales | C86: Invoice paid | D86: 3093.44 | E86: Müller AG
A87: 46143 | B87: Rent | C87: Office rent | D87: 1450
A88: 46145 | B88: Sales | C88: Retainer client A | D88: 2800 | E88: Demo GmbH
A89: 46147 | B89: Software & IT | C89: Software subscriptions | D89: 129
A90: 46147 | B90: Materials | C90: Material order | D90: 712.39 | E90: Würth
A91: 46153 | B91: Sales | C91: Invoice paid | D91: 1704.79 | E91: Müller AG
A92: 46154 | B92: Materials | C92: Material order | D92: 338.29 | E92: Metro
A93: 46157 | B93: Loan repayment | C93: Business loan | D93: 610
A94: 46161 | B94: Materials | C94: Material order | D94: 359.35 | E94: Office Partner
A95: 46162 | B95: Marketing | C95: Online ads | D95: 300
A96: 46167 | B96: Other | C96: Accounting service | D96: 180
A97: 46168 | B97: Materials | C97: Material order | D97: 639.37 | E97: Office Partner
A98: 46170 | B98: Salaries | C98: Salaries | D98: 7200
A99: 46174 | B99: Rent | C99: Office rent | D99: 1450
A100: 46175 | B100: Materials | C100: Material order | D100: 492.69 | E100: Metro
A101: 46176 | B101: Sales | C101: Retainer client A | D101: 2800 | E101: Demo GmbH
A102: 46177 | B102: Sales | C102: Invoice paid | D102: 2362.42 | E102: Café Rhein
A103: 46178 | B103: Software & IT | C103: Software subscriptions | D103: 129
...

Sheet Recurring
A1: ="KEYONE / "&Lang!$B$106
A3: =Lang!$B$107
A5: =HYPERLINK("#'START'!A1",Lang!$B$2) | B5: =HYPERLINK("#'Dashboard'!A1",Lang!$B$3) | C5: =HYPERLINK("#'13 Weeks'!A1",Lang!$B$25) | D5: =HYPERLINK("#'Settings'!A1",Lang!$B$4)
B7: =Lang!$B$108 | C7: =Lang!$B$102 | D7: =Lang!$B$104 | E7: =Lang!$B$109 | F7: =Lang!$B$110 | G7: =Lang!$B$111
B8: Retainer client A | C8: Sales | D8: 2800 | E8: Monthly | F8: 46025
B9: Office rent | C9: Rent | D9: 1450 | E9: Monthly | F9: 46023
B10: Salaries | C10: Salaries | D10: 7200 | E10: Monthly | F10: 46050
B11: Software subscriptions | C11: Software & IT | D11: 129 | E11: Monthly | F11: 46027
B12: Business loan | C12: Loan repayment | D12: 610 | E12: Monthly | F12: 46037 | G12: 47102
B13: Business insurance | C13: Insurance | D13: 420 | E13: Quarterly | F13: 46037
B14: Tax prepayment | C14: Taxes | D14: 1350 | E14: Quarterly | F14: 46091
B15: Online ads | C15: Marketing | D15: 300 | E15: Monthly | F15: 46042
B16: Accounting service | C16: Other | D16: 180 | E16: Monthly | F16: 46047
B17: Materials (weekly order) | C17: Materials | D17: 450 | E17: Weekly | F17: 46314
B18: Expected new sales (estimate) | C18: Sales | D18: 8000 | E18: Monthly | F18: 46357
B39: =Lang!$B$5

Sheet Settings
B2: K1 | E2: ="KEYONE / "&Lang!$B$10
B4: =HYPERLINK("#'START'!A1",Lang!$B$2) | D4: =HYPERLINK("#'Dashboard'!A1",Lang!$B$3) | F4: =HYPERLINK("#'13 Weeks'!A1",Lang!$B$25) | H4: =HYPERLINK("#'12 Months'!A1",Lang!$B$26) | J4: =HYPERLINK("#'Transactions'!A1",Lang!$B$27) | L4: =HYPERLINK("#'Recurring'!A1",Lang!$B$28) | N4: =HYPERLINK("#'Settings'!A1",Lang!$B$4)
B6: =Lang!$B$9 | D6: English | F6: =Lang!$B$48
B8: =Lang!$B$41 | D8: Demo GmbH
B10: =Lang!$B$42 | D10: 18500
B12: =Lang!$B$43 | D12: 46023
B14: =Lang!$B$44 | D14: 15000
B16: =Lang!$B$45
B18: =Lang!$B$46 | D18: Sales
D19: Other income
D20: Financing
B23: =Lang!$B$47 | D23: Salaries
D24: Rent
D25: Materials
D26: Marketing
D27: Software & IT
D28: Insurance
D29: Taxes
D30: Loan repayment
D31: Other
B35: =Lang!$B$5

Sheet Lang
A1: key | B1: =IFERROR(MATCH(Settings!$D$6,$C$1:$N$1,0),1) | C1: English | D1: Deutsch | E1: فارسی | F1: العربية | G1: Español | H1: Français | I1: Italiano | J1: 日本語 | K1: 한국어 | L1: Shqip | M1: Türkçe | N1: 中文
A2: nav_start | B2: =INDEX($C2:$N2,1,$B$1) | C2: ⌂ START | D2: ⌂ START | E2: ⌂ شروع | F2: ⌂ البداية | G2: ⌂ INICIO | H2: ⌂ ACCUEIL | I2: ⌂ INIZIO | J2: ⌂ スタート | K2: ⌂ 시작 | L2: ⌂ FILLIMI | M2: ⌂ BAŞLANGIÇ | N2: ⌂ 开始
A3: nav_dash | B3: =INDEX($C3:$N3,1,$B$1) | C3: ▣ DASHBOARD | D3: ▣ DASHBOARD | E3: ▣ داشبورد | F3: ▣ لوحة التحكم | G3: ▣ PANEL | H3: ▣ TABLEAU DE BORD | I3: ▣ DASHBOARD | J3: ▣ ダッシュボード | K3: ▣ 대시보드 | L3: ▣ PANELI | M3: ▣ PANO | N3: ▣ 仪表板
A4: nav_set | B4: =INDEX($C4:$N4,1,$B$1) | C4: ⚙ SETTINGS | D4: ⚙ EINSTELLUNGEN | E4: ⚙ تنظیمات | F4: ⚙ الإعدادات | G4: ⚙ AJUSTES | H4: ⚙ PARAMÈTRES | I4: ⚙ IMPOSTAZIONI | J4: ⚙ 設定 | K4: ⚙ 설정 | L4: ⚙ CILËSIMET | M4: ⚙ AYARLAR | N4: ⚙ 设置
A5: license | B5: =INDEX($C5:$N5,1,$B$1) | C5: © 2026 KeyOne – Keywan Fakhri • keywanfakhri.com • Free for internal use. No resale, redistribution or removal of attribution. | D5: © 2026 KeyOne – Keywan Fakhri • keywanfakhri.com • Kostenlos für interne Nutzung. Kein Weiterverkauf, keine Weitergabe, Urhebervermerk nicht entfernen. | E5: © ۲۰۲۶ KeyOne – کیوان فخری • keywanfakhri.com • رایگان برای استفاده داخلی. فروش مجدد، توزیع یا حذف نام سازنده ممنوع است. | F5: © 2026 KeyOne – كيوان فخري • keywanfakhri.com • مجاني للاستخدام الداخلي. يُمنع إعادة البيع أو التوزيع أو حذف الإسناد. | G5: © 2026 KeyOne – Keywan Fakhri • keywanfakhri.com • Gratis para uso interno. Sin reventa, redistribución ni eliminar la atribución. | H5: © 2026 KeyOne – Keywan Fakhri • keywanfakhri.com • Gratuit pour un usage interne. Ni revente, ni redistribution, ni suppression de l’attribution. | I5: © 2026 KeyOne – Keywan Fakhri • keywanfakhri.com • Gratuito per uso interno. Vietati rivendita, ridistribuzione e rimozione dell’attribuzione. | J5: © 2026 KeyOne – Keywan Fakhri • keywanfakhri.com • 社内利用は無料。再販売・再配布・クレジット削除は禁止。 | K5: © 2026 KeyOne – Keywan Fakhri • keywanfakhri.com • 내부 사용 무료. 재판매·재배포·저작자 표시 삭제 금지. | L5: © 2026 KeyOne – Keywan Fakhri • keywanfakhri.com • Falas për përdorim të brendshëm. Ndalohen rishitja, rishpërndarja dhe heqja e atribuimit. | M5: © 2026 KeyOne – Keywan Fakhri • keywanfakhri.com • Dahili kullanım ücretsiz. Yeniden satış, dağıtım ve atıfın kaldırılması yasaktır. | N5: © 2026 KeyOne – Keywan Fakhri • keywanfakhri.com • 内部使用免费。禁止转售、再分发或删除署名。
A6: created | B6: =INDEX($C6:$N6,1,$B$1) | C6: CREATED BY | D6: ERSTELLT VON | E6: ساخته شده توسط | F6: من إعداد | G6: CREADO POR | H6: CRÉÉ PAR | I6: CREATO DA | J6: 作成者 | K6: 제작자 | L6: KRIJUAR NGA | M6: HAZIRLAYAN | N6: 作者
A7: role | B7: =INDEX($C7:$N7,1,$B$1) | C7: Industrial Engineer (M.Sc.) • Logistics, Warehouse & Data Analytics • Konstanz, Germany | D7: Wirtschaftsingenieur (M.Sc.) • Logistik, Lager & Datenanalyse • Konstanz | E7: مهندس صنایع (کارشناسی ارشد) • لجستیک، انبار و تحلیل داده • کنستانس، آلمان | F7: مهندس صناعي (ماجستير) • اللوجستيات والمستودعات وتحليل البيانات • كونستانس، ألمانيا | G7: Ingeniero industrial (M.Sc.) • Logística, almacén y análisis de datos • Constanza, Alemania | H7: Ingénieur industriel (M.Sc.) • Logistique, entrepôt et analyse de données • Constance, Allemagne | I7: Ingegnere gestionale (M.Sc.) • Logistica, magazzino e analisi dati • Costanza, Germania | J7: インダストリアル・エンジニア（修士） • 物流・倉庫・データ分析 • ドイツ・コンスタンツ | K7: 산업공학 석사 • 물류·창고·데이터 분석 • 독일 콘스탄츠 | L7: Inxhinier industrial (M.Sc.) • Logjistikë, magazinë dhe analizë të dhënash • Konstanz, Gjermani | M7: Endüstri Mühendisi (Y.L.) • Lojistik, depo ve veri analitiği • Konstanz, Almanya | N7: 工业工程硕士 • 物流、仓储与数据分析 • 德国康斯坦茨
A8: custom_v | B8: =INDEX($C8:$N8,1,$B$1) | C8: Need a version for your company? Get in touch: | D8: Eigene Version für Ihr Unternehmen? Kontakt: | E8: نسخه اختصاصی برای شرکت خود می‌خواهید؟ تماس: | F8: تحتاج نسخة لشركتك؟ تواصل معي: | G8: ¿Necesitas una versión para tu empresa? Contacto: | H8: Besoin d’une version pour votre entreprise ? Contact : | I8: Ti serve una versione per la tua azienda? Contatti: | J8: 自社向けバージョンのご相談： | K8: 회사 맞춤 버전이 필요하신가요? 연락처: | L8: Ju duhet një version për kompaninë tuaj? Kontakt: | M8: Şirketinize özel sürüm mü lazım? İletişim: | N8: 需要为贵公司定制？联系：
A9: set_lang | B9: =INDEX($C9:$N9,1,$B$1) | C9: Language | D9: Sprache | E9: زبان | F9: اللغة | G9: Idioma | H9: Langue | I9: Lingua | J9: 言語 | K9: 언어 | L9: Gjuha | M9: Dil | N9: 语言
A10: set_title | B10: =INDEX($C10:$N10,1,$B$1) | C10: SETTINGS | D10: EINSTELLUNGEN | E10: تنظیمات | F10: الإعدادات | G10: AJUSTES | H10: PARAMÈTRES | I10: IMPOSTAZIONI | J10: 設定 | K10: 설정 | L10: CILËSIMET | M10: AYARLAR | N10: 设置
A11: c_year | B11: =INDEX($C11:$N11,1,$B$1) | C11: YEAR | D11: JAHR | E11: سال | F11: السنة | G11: AÑO | H11: ANNÉE | I11: ANNO | J11: 年 | K11: 연도 | L11: VITI | M11: YIL | N11: 年份
A12: total | B12: =INDEX($C12:$N12,1,$B$1) | C12: Total | D12: Summe | E12: جمع | F12: الإجمالي | G12: Total | H12: Total | I12: Totale | J12: 合計 | K12: 합계 | L12: Gjithsej | M12: Toplam | N12: 合计
A13: m1 | B13: =INDEX($C13:$N13,1,$B$1) | C13: Jan | D13: Jan | E13: ژانویه | F13: يناير | G13: Ene | H13: Janv | I13: Gen | J13: 1月 | K13: 1월 | L13: Jan | M13: Oca | N13: 1月
... A64: sub_net | B64: =INDEX($C64:$N64,1,$B$1) | C64: Net | D64: Netto | E64: خالص | F64: الصافي | G64: Neto | H64: Net | I64: Netto | J64: 純額 | K64: 순액 | L64: Neto | M64: Net | N64: 净额
A65: wk | B65: =INDEX($C65:$N65,1,$B$1) | C65: W | D65: KW | E65: ه | F65: أ | G65: S | H65: S | I65: S | L65: J | M65: H
A66: sec_13w | B66: =INDEX($C66:$N66,1,$B$1) | C66: BANK BALANCE – NEXT 13 WEEKS | D66: KONTOSTAND – NÄCHSTE 13 WOCHEN | E66: موجودی حساب – ۱۳ هفته آینده | F66: الرصيد – الأسابيع الـ13 القادمة | G66: SALDO – PRÓXIMAS 13 SEMANAS | H66: SOLDE – 13 PROCHAINES SEMAINES | I66: SALDO – PROSSIME 13 SETTIMANE | J66: 口座残高 – 今後13週 | K66: 계좌 잔액 – 향후 13주 | L66: GJENDJA – 13 JAVËT E ARDHSHME | M66: BAKİYE – GELECEK 13 HAFTA | N66: 账户余额 – 未来 13 周
A67: sec_cat | B67: =INDEX($C67:$N67,1,$B$1) | C67: OUTFLOWS BY CATEGORY (13 WEEKS) | D67: AUSGABEN NACH KATEGORIE (13 WOCHEN) | E67: خروجی بر اساس دسته (۱۳ هفته) | F67: المصروفات حسب الفئة (13 أسبوعًا) | G67: PAGOS POR CATEGORÍA (13 SEMANAS) | H67: DÉCAISSEMENTS PAR CATÉGORIE (13 SEM.) | I67: USCITE PER CATEGORIA (13 SETT.) | J67: カテゴリー別出金（13週） | K67: 카테고리별 출금(13주) | L67: DALJET SIPAS KATEGORISË (13 JAVË) | M67: KATEGORİYE GÖRE ÇIKIŞLAR (13 HAFTA) | N67: 按类别支出（13 周）
A68: sec_12m | B68: =INDEX($C68:$N68,1,$B$1) | C68: INFLOWS, OUTFLOWS AND BALANCE BY MONTH | D68: EINNAHMEN, AUSGABEN UND KONTOSTAND JE MONAT | E68: ورودی، خروجی و موجودی ماهانه | F68: الإيرادات والمصروفات والرصيد شهريًا | G68: COBROS, PAGOS Y SALDO POR MES | H68: ENCAISSEMENTS, DÉCAISSEMENTS ET SOLDE PAR MOIS | I68: ENTRATE, USCITE E SALDO PER MESE | J68: 月別の入金・出金・残高 | K68: 월별 입금·출금·잔액 | L68: HYRJET, DALJET DHE GJENDJA SIPAS MUAJIT | M68: AYLIK GİRİŞ, ÇIKIŞ VE BAKİYE | N68: 按月收入、支出和余额
A69: sec_ins | B69: =INDEX($C69:$N69,1,$B$1) | C69: KEY INSIGHTS | D69: WICHTIGSTE ERKENNTNISSE | E69: نکات کلیدی | F69: أهم النتائج | G69: CONCLUSIONES CLAVE | H69: POINTS CLÉS | I69: PUNTI CHIAVE | J69: 主なポイント | K69: 핵심 인사이트 | L69: PIKAT KRYESORE | M69: ÖNE ÇIKANLAR | N69: 关键洞察
A70: s_bal | B70: =INDEX($C70:$N70,1,$B$1) | C70: Bank balance | D70: Kontostand | E70: موجودی | F70: الرصيد | G70: Saldo | H70: Solde | I70: Saldo | J70: 残高 | K70: 잔액 | L70: Gjendja | M70: Bakiye | N70: 余额
A71: s_buf | B71: =INDEX($C71:$N71,1,$B$1) | C71: Safety buffer | D71: Sicherheitspuffer | E71: حد اطمینان | F71: هامش الأمان | G71: Colchón | H71: Réserve | I71: Riserva | J71: 安全残高 | K71: 안전 잔액 | L71: Rezerva | M71: Güvenlik tamponu | N71: 安全储备
A72: s_net | B72: =INDEX($C72:$N72,1,$B$1) | C72: Net cash flow | D72: Netto-Cashflow | E72: جریان نقدی خالص | F72: صافي التدفق | G72: Flujo neto | H72: Flux net | I72: Flusso netto | J72: 純キャッシュフロー | K72: 순현금흐름 | L72: Fluksi neto | M72: Net nakit akışı | N72: 净现金流
A73: s_in | B73: =INDEX($C73:$N73,1,$B$1) | C73: Inflows | D73: Einnahmen | E73: ورودی | F73: الإيرادات | G73: Cobros | H73: Encaissements | I73: Entrate | J73: 入金 | K73: 입금 | L73: Hyrjet | M73: Girişler | N73: 收入
A74: s_out | B74: =INDEX($C74:$N74,1,$B$1) | C74: Outflows | D74: Ausgaben | E74: خروجی | F74: المصروفات | G74: Pagos | H74: Décaissements | I74: Uscite | J74: 出金 | K74: 출금 | L74: Daljet | M74: Çıkışlar | N74: 支出
A75: i_big | B75: =INDEX($C75:$N75,1,$B$1) | C75: Largest outflow (13 weeks) | D75: Größte Ausgabe (13 Wochen) | E75: بزرگ‌ترین خروجی (۱۳ هفته) | F75: أكبر مصروف (13 أسبوعًا) | G75: Mayor pago (13 semanas) | H75: Plus gros décaissement (13 sem.) | I75: Uscita maggiore (13 sett.) | J75: 最大の出金（13週） | K75: 최대 출금(13주) | L75: Dalja më e madhe (13 javë) | M75: En büyük çıkış (13 hafta) | N75: 最大支出（13 周）
A76: i_end | B76: =INDEX($C76:$N76,1,$B$1) | C76: Balance after 13 weeks | D76: Kontostand nach 13 Wochen | E76: موجودی بعد از ۱۳ هفته | F76: الرصيد بعد 13 أسبوعًا | G76: Saldo tras 13 semanas | H76: Solde après 13 semaines | I76: Saldo dopo 13 settimane | J76: 13週後の残高 | K76: 13주 후 잔액 | L76: Gjendja pas 13 javësh | M76: 13 hafta sonra bakiye | N76: 13 周后余额
A77: i_status | B77: =INDEX($C77:$N77,1,$B$1) | C77: Liquidity status | D77: Liquiditätsstatus | E77: وضعیت نقدینگی | F77: حالة السيولة | G77: Estado de liquidez | H77: État de la trésorerie | I77: Stato della liquidità | J77: 資金状況 | K77: 유동성 상태 | L77: Gjendja e likuiditetit | M77: Likidite durumu | N77: 流动性状态
... A112: rh_next | B112: =INDEX($C112:$N112,1,$B$1) | C112: Next date | D112: Nächstes Datum | E112: تاریخ بعدی | F112: التاريخ التالي | G112: Próxima fecha | H112: Prochaine date | I112: Prossima data | J112: 次回日 | K112: 다음 날짜 | L112: Data e radhës | M112: Sonraki tarih | N112: 下次日期

Sheet Calc
A1: CALCULATION ENGINE – DO NOT EDIT | J1: catIn/out (§ = empty) | L1: all categories | N1: freq
A2: asof | B2: =IF(Settings!$D$16="",TODAY(),Settings!$D$16) | J2: =IF(Settings!$D$18="","§",Settings!$D$18) | L2: =IF(Settings!$D$18="","",Settings!$D$18) | N2: =Lang!$B$49
A3: OB | B3: =N(Settings!$D$10) | J3: =IF(Settings!$D$19="","§",Settings!$D$19) | L3: =IF(Settings!$D$19="","",Settings!$D$19) | N3: =Lang!$B$50
A4: OD | B4: =Settings!$D$12 | J4: =IF(Settings!$D$20="","§",Settings!$D$20) | L4: =IF(Settings!$D$20="","",Settings!$D$20) | N4: =Lang!$B$51
A5: buffer | B5: =N(Settings!$D$14) | J5: =IF(Settings!$D$21="","§",Settings!$D$21) | L5: =IF(Settings!$D$21="","",Settings!$D$21) | N5: =Lang!$B$52
A6: w1 | B6: =B2-WEEKDAY(B2,2)+1 | L6: =IF(Settings!$D$23="","",Settings!$D$23)
A7: m0 | B7: =EDATE(DATE(YEAR(B2),MONTH(B2),1),-3) | J7: =IF(Settings!$D$23="","§",Settings!$D$23) | L7: =IF(Settings!$D$24="","",Settings!$D$24)
A8: openNow | B8: =B3+SUMPRODUCT(SUMIFS(tAmt,tCat,$J$2:$J$5,tDate,">="&B4,tDate,"<"&B2))-SUMPRODUCT(SUMIFS(tAmt,tCat,$J$7:$J$16,tDate,">="&B4,tDate,"<"&B2)) | J8: =IF(Settings!$D$24="","§",Settings!$D$24) | L8: =IF(Settings!$D$25="","",Settings!$D$25)
A9: open12 | B9: =B3+SUMPRODUCT(SUMIFS(tAmt,tCat,$J$2:$J$5,tDate,">="&B4,tDate,"<"&MAX(B4,B7)))-SUMPRODUCT(SUMIFS(tAmt,tCat,$J$7:$J$16,tDate,">="&B4,tDate,"<"&MAX(B4,B7))) | J9: =IF(Settings!$D$25="","§",Settings!$D$25) | L9: =IF(Settings!$D$26="","",Settings!$D$26)
J10: =IF(Settings!$D$26="","§",Settings!$D$26) | L10: =IF(Settings!$D$27="","",Settings!$D$27)
J11: =IF(Settings!$D$27="","§",Settings!$D$27) | L11: =IF(Settings!$D$28="","",Settings!$D$28)
J12: =IF(Settings!$D$28="","§",Settings!$D$28) | L12: =IF(Settings!$D$29="","",Settings!$D$29)
J13: =IF(Settings!$D$29="","§",Settings!$D$29) | L13: =IF(Settings!$D$30="","",Settings!$D$30)
J14: =IF(Settings!$D$30="","§",Settings!$D$30) | L14: =IF(Settings!$D$31="","",Settings!$D$31)
J15: =IF(Settings!$D$31="","§",Settings!$D$31) | L15: =IF(Settings!$D$32="","",Settings!$D$32)
J16: =IF(Settings!$D$32="","§",Settings!$D$32) | L16: start | M16: =$B$6+0 | N16: =$B$6+7 | O16: =$B$6+14 | P16: =$B$6+21 | Q16: =$B$6+28 | R16: =$B$6+35 | S16: =$B$6+42 | T16: =$B$6+49 | U16: =$B$6+56 | V16: =$B$6+63 | W16: =$B$6+70 | X16: =$B$6+77 | Y16: =$B$6+84 | Z16: =EDATE($B$7,0) | AA16: =EDATE($B$7,1) | AB16: =EDATE($B$7,2) | AC16: =EDATE($B$7,3) | AD16: =EDATE($B$7,4) | AE16: =EDATE($B$7,5) | AF16: =EDATE($B$7,6) | AG16: =EDATE($B$7,7) | AH16: =EDATE($B$7,8) | AI16: =EDATE($B$7,9) | AJ16: =EDATE($B$7,10) | AK16: =EDATE($B$7,11)
L17: label | M17: =Lang!$B$65&WEEKNUM(M16,21)&" · "&DAY(M18)&"."&MONTH(M18)&"." | N17: =Lang!$B$65&WEEKNUM(N16,21)&" · "&DAY(N18)&"."&MONTH(N18)&"." | O17: =Lang!$B$65&WEEKNUM(O16,21)&" · "&DAY(O18)&"."&MONTH(O18)&"." | P17: =Lang!$B$65&WEEKNUM(P16,21)&" · "&DAY(P18)&"."&MONTH(P18)&"." | Q17: =Lang!$B$65&WEEKNUM(Q16,21)&" · "&DAY(Q18)&"."&MONTH(Q18)&"." | R17: =Lang!$B$65&WEEKNUM(R16,21)&" · "&DAY(R18)&"."&MONTH(R18)&"." | S17: =Lang!$B$65&WEEKNUM(S16,21)&" · "&DAY(S18)&"."&MONTH(S18)&"." | T17: =Lang!$B$65&WEEKNUM(T16,21)&" · "&DAY(T18)&"."&MONTH(T18)&"." | ... Y17: =Lang!$B$65&WEEKNUM(Y16,21)&" · "&DAY(Y18)&"."&MONTH(Y18)&"." | Z17: =INDEX(Lang!$B$13:$B$24,MONTH(Z16))&" "&RIGHT(YEAR(Z16),2) | AA17: =INDEX(Lang!$B$13:$B$24,MONTH(AA16))&" "&RIGHT(YEAR(AA16),2) | AB17: =INDEX(Lang!$B$13:$B$24,MONTH(AB16))&" "&RIGHT(YEAR(AB16),2) | AC17: =INDEX(Lang!$B$13:$B$24,MONTH(AC16))&" "&RIGHT(YEAR(AC16),2) | AD17: =INDEX(Lang!$B$13:$B$24,MONTH(AD16))&" "&RIGHT(YEAR(AD16),2) | AE17: =INDEX(Lang!$B$13:$B$24,MONTH(AE16))&" "&RIGHT(YEAR(AE16),2) | AF17: =INDEX(Lang!$B$13:$B$24,MONTH(AF16))&" "&RIGHT(YEAR(AF16),2) | AG17: =INDEX(Lang!$B$13:$B$24,MONTH(AG16))&" "&RIGHT(YEAR(AG16),2) | ... AK17: =INDEX(Lang!$B$13:$B$24,MONTH(AK16))&" "&RIGHT(YEAR(AK16),2)
L18: a | M18: =MAX(M16,$B$2) | N18: =MAX(N16,$B$2) | O18: =MAX(O16,$B$2) | P18: =MAX(P16,$B$2) | Q18: =MAX(Q16,$B$2) | R18: =MAX(R16,$B$2) | S18: =MAX(S16,$B$2) | T18: =MAX(T16,$B$2) | ... AK18: =MAX(AK16,$B$2)
L19: b | M19: =M16+7 | N19: =N16+7 | O19: =O16+7 | P19: =P16+7 | Q19: =Q16+7 | R19: =R16+7 | S19: =S16+7 | T19: =T16+7 | ... Y19: =Y16+7 | Z19: =EDATE(Z16,1) | AA19: =EDATE(AA16,1) | AB19: =EDATE(AB16,1) | AC19: =EDATE(AC16,1) | AD19: =EDATE(AD16,1) | AE19: =EDATE(AE16,1) | AF19: =EDATE(AF16,1) | AG19: =EDATE(AG16,1) | ... AK19: =EDATE(AK16,1)
A20: k | B20: name | C20: cat | D20: amt | E20: dir | F20: freq | H20: start | I20: end | J20: day | K20: valid
A21: 1 | B21: =Recurring!B8&"" | C21: =IF(Recurring!C8="","§§",Recurring!C8) | D21: =N(Recurring!D8) | E21: =IF(COUNTIF($J$2:$J$5,C21)>0,1,IF(COUNTIF($J$7:$J$16,C21)>0,-1,0)) | F21: =ROUND(SUMPRODUCT((Lang!$C$49:$N$52=Recurring!E8)*(ROW(Lang!$C$49:$N$52)-48))/MAX(1,COUNTIF(Lang!$C$49:$N$52,Recurring!E8)),0) | H21: =N(Recurring!F8) | I21: =IF(N(Recurring!G8)=0,73051,Recurring!G8) | J21: =IF(H21>0,DAY(H21),1) | K21: =AND(D21>0,E21<>0,F21>0,H21>0) | M21: =IF(OR(NOT($K21),M$19<=M$18),0,$D21*IF($F21=1,IF(MIN(M$19,$I21+1)<=MAX(M$18,$H21),0,MAX(0,INT((MIN(M$19,$I21+1)-MAX(M$18,$H21)-1-MOD(WEEKDAY($H21,2)-WEEKDAY(MAX(M$18,$H21),2),7))/7)+1)),(AND(DATE(YEAR(M$18),MONTH(M$18),MIN($J21,DAY(EOMONTH(M$18,0))))>=M$18,DATE(YEAR(M$18),MONTH(M$18),MIN($J21,DAY(EOMONTH(M$18,0))))<M$19,DATE(YEAR(M$18),MONTH(M$18),MIN($J21,DAY(EOMONTH(M$18,0))))>=$H21,DATE(YEAR(M$18),MONTH(M$18),MIN($J21,DAY(EOMONTH(M$18,0))))<=$I21,MOD((YEAR(DATE(YEAR(M$18),MONTH(M$18),MIN($J21,DAY(EOMONTH(M$18,0)))))-YEAR($H21))*12+MONTH(DATE(YEAR(M$18),MONTH(M$18),MIN($J21,DAY(EOMONTH(M$18,0)))))-MONTH($H21),CHOOSE($F21,1,1,3,12))=0))*1+IF(MONTH(DATE(YEAR(M$19-1),MONTH(M$19-1),MIN($J21,DAY(EOMONTH(M$19-1,0)))))<>MONTH(DATE(YEAR(M$18),MONTH(M$18),MIN($J21,DAY(EOMONTH(M$18,0))))),(AND(DATE(YEAR(M$19-1),MONTH(M$19-1),MIN($J21,DAY(EOMONTH(M$19-1,0))))>=M$18,DATE(YEAR(M$19-1),MONTH(M$19-1),MIN($J21,DAY(EOMONTH(M$19-1,0))))<M$19,DATE(YEAR(M$19-1),MONTH(M$19-1),MIN($J21,DAY(EOMONTH(M$19-1,0))))>=$H21,DATE(YEAR(M$19-1),MONTH(M$19-1),MIN($J21,DAY(EOMONTH(M$19-1,0))))<=$I21,MOD((YEAR(DATE(YEAR(M$19-1),MONTH(M$19-1),MIN($J21,DAY(EOMONTH(M$19-1,0)))))-YEAR($H21))*12+MONTH(DATE(YEAR(M$19-1),MONTH(M$19-1),MIN($J21,DAY(EOMONTH(M$19-1,0)))))-MONTH($H21),CHOOSE($F21,1,1,3,12))=0))*1,0))) | N21: =IF(OR(NOT($K21),N$19<=N$18),0,$D21*IF($F21=1,IF(MIN(N$19,$I21+1)<=MAX(N$18,$H21),0,MAX(0,INT((MIN(N$19,$I21+1)-MAX(N$18,$H21)-1-MOD(WEEKDAY($H21,2)-WEEKDAY(MAX(N$18,$H21),2),7))/7)+1)),(AND(DATE(YEAR(N$18),MONTH(N$18),MIN($J21,DAY(EOMONTH(N$18,0))))>=N$18,DATE(YEAR(N$18),MONTH(N$18),MIN($J21,DAY(EOMONTH(N$18,0))))<N$19,DATE(YEAR(N$18),MONTH(N$18),MIN($J21,DAY(EOMONTH(N$18,0))))>=$H21,DATE(YEAR(N$18),MONTH(N$18),MIN($J21,DAY(EOMONTH(N$18,0))))<=$I21,MOD((YEAR(DATE(YEAR(N$18),MONTH(N$18),MIN($J21,DAY(EOMONTH(N$18,0)))))-YEAR($H21))*12+MONTH(DATE(YEAR(N$18),MONTH(N$18),MIN($J21,DAY(EOMONTH(N$18,0)))))-MONTH($H21),CHOOSE($F21,1,1,3,12))=0))*1+IF(MONTH(DATE(YEAR(N$19-1),MONTH(N$19-1),MIN($J21,DAY(EOMONTH(N$19-1,0)))))<>MONTH(DATE(YEAR(N$18),MONTH(N$18),MIN($J21,DAY(EOMONTH(N$18,0))))),(AND(DATE(YEAR(N$19-1),MONTH(N$19-1),MIN($J21,DAY(EOMONTH(N$19-1,0))))>=N$18,DATE(YEAR(N$19-1),MONTH(N$19-1),MIN($J21,DAY(EOMONTH(N$19-1,0))))<N$19,DATE(YEAR(N$19-1),MONTH(N$19-1),MIN($J21,DAY(EOMONTH(N$19-1,0))))>=$H21,DATE(YEAR(N$19-1),MONTH(N$19-1),MIN($J21,DAY(EOMONTH(N$19-1,0))))<=$I21,MOD((YEAR(DATE(YEAR(N$19-1),MONTH(N$19-1),MIN($J21,DAY(EOMONTH(N$19-1,0)))))-YEAR($H21))*12+MONTH(DATE(YEAR(N$19-1),MONTH(N$19-1),MIN($J21,DAY(EOMONTH(N$19-1,0)))))-MONTH($H21),CHOOSE($F21,1,1,3,12))=0))*1,0))) | O21: =IF(OR(NOT($K21),O$19<=O$18),0,$D21*IF($F21=1,IF(MIN(O$19,$I21+1)<=MAX(O$18,$H21),0,MAX(0,INT((MIN(O$19,$I21+1)-MAX(O$18,$H21)-1-MOD(WEEKDAY($H21,2)-WEEKDAY(MAX(O$18,$H21),2),7))/7)+1)),(AND(DATE(YEAR(O$18),MONTH(O$18),MIN($J21,DAY(EOMONTH(O$18,0))))>=O$18,DATE(YEAR(O$18),MONTH(O$18),MIN($J21,DAY(EOMONTH(O$18,0))))<O$19,DATE(YEAR(O$18),MONTH(O$18),MIN($J21,DAY(EOMONTH(O$18,0))))>=$H21,DATE(YEAR(O$18),MONTH(O$18),MIN($J21,DAY(EOMONTH(O$18,0))))<=$I21,MOD((YEAR(DATE(YEAR(O$18),MONTH(O$18),MIN($J21,DAY(EOMONTH(O$18,0)))))-YEAR($H21))*12+MONTH(DATE(YEAR(O$18),MONTH(O$18),MIN($J21,DAY(EOMONTH(O$18,0)))))-MONTH($H21),CHOOSE($F21,1,1,3,12))=0))*1+IF(MONTH(DATE(YEAR(O$19-1),MONTH(O$19-1),MIN($J21,DAY(EOMONTH(O$19-1,0)))))<>MONTH(DATE(YEAR(O$18),MONTH(O$18),MIN($J21,DAY(EOMONTH(O$18,0))))),(AND(DATE(YEAR(O$19-1),MONTH(O$19-1),MIN($J21,DAY(EOMONTH(O$19-1,0))))>=O$18,DATE(YEAR(O$19-1),MONTH(O$19-1),MIN($J21,DAY(EOMONTH(O$19-1,0))))<O$19,DATE(YEAR(O$19-1),MONTH(O$19-1),MIN($J21,DAY(EOMONTH(O$19-1,0))))>=$H21,DATE(YEAR(O$19-1),MONTH(O$19-1),MIN($J21,DAY(EOMONTH(O$19-1,0))))<=$I21,MOD((YEAR(DATE(YEAR(O$19-1),MONTH(O$19-1),MIN($J21,DAY(EOMONTH(O$19-1,0)))))-YEAR($H21))*12+MONTH(DATE(YEAR(O$19-1),MONTH(O$19-1),MIN($J21,DAY(EOMONTH(O$19-1,0)))))-MONTH($H21),CHOOSE($F21,1,1,3,12))=0))*1,0))) | P21: =IF(OR(NOT($K21),P$19<=P$18),0,$D21*IF($F21=1,IF(MIN(P$19,$I21+1)<=MAX(P$18,$H21),0,MAX(0,INT((MIN(P$19,$I21+1)-MAX(P$18,$H21)-1-MOD(WEEKDAY($H21,2)-WEEKDAY(MAX(P$18,$H21),2),7))/7)+1)),(AND(DATE(YEAR(P$18),MONTH(P$18),MIN($J21,DAY(EOMONTH(P$18,0))))>=P$18,DATE(YEAR(P$18),MONTH(P$18),MIN($J21,DAY(EOMONTH(P$18,0))))<P$19,DATE(YEAR(P$18),MONTH(P$18),MIN($J21,DAY(EOMONTH(P$18,0))))>=$H21,DATE(YEAR(P$18),MONTH(P$18),MIN($J21,DAY(EOMONTH(P$18,0))))<=$I21,MOD((YEAR(DATE(YEAR(P$18),MONTH(P$18),MIN($J21,DAY(EOMONTH(P$18,0)))))-YEAR($H21))*12+MONTH(DATE(YEAR(P$18),MONTH(P$18),MIN($J21,DAY(EOMONTH(P$18,0)))))-MONTH($H21),CHOOSE($F21,1,1,3,12))=0))*1+IF(MONTH(DATE(YEAR(P$19-1),MONTH(P$19-1),MIN($J21,DAY(EOMONTH(P$19-1,0)))))<>MONTH(DATE(YEAR(P$18),MONTH(P$18),MIN($J21,DAY(EOMONTH(P$18,0))))),(AND(DATE(YEAR(P$19-1),MONTH(P$19-1),MIN($J21,DAY(EOMONTH(P$19-1,0))))>=P$18,DATE(YEAR(P$19-1),MONTH(P$19-1),MIN($J21,DAY(EOMONTH(P$19-1,0))))<P$19,DATE(YEAR(P$19-1),MONTH(P$19-1),MIN($J21,DAY(EOMONTH(P$19-1,0))))>=$H21,DATE(YEAR(P$19-1),MONTH(P$19-1),MIN($J21,DAY(EOMONTH(P$19-1,0))))<=$I21,MOD((YEAR(DATE(YEAR(P$19-1),MONTH(P$19-1),MIN($J21,DAY(EOMONTH(P$19-1,0)))))-YEAR($H21))*12+MONTH(DATE(YEAR(P$19-1),MONTH(P$19-1),MIN($J21,DAY(EOMONTH(P$19-1,0)))))-MONTH($H21),CHOOSE($F21,1,1,3,12))=0))*1,0))) | Q21: =IF(OR(NOT($K21),Q$19<=Q$18),0,$D21*IF($F21=1,IF(MIN(Q$19,$I21+1)<=MAX(Q$18,$H21),0,MAX(0,INT((MIN(Q$19,$I21+1)-MAX(Q$18,$H21)-1-MOD(WEEKDAY($H21,2)-WEEKDAY(MAX(Q$18,$H21),2),7))/7)+1)),(AND(DATE(YEAR(Q$18),MONTH(Q$18),MIN($J21,DAY(EOMONTH(Q$18,0))))>=Q$18,DATE(YEAR(Q$18),MONTH(Q$18),MIN($J21,DAY(EOMONTH(Q$18,0))))<Q$19,DATE(YEAR(Q$18),MONTH(Q$18),MIN($J21,DAY(EOMONTH(Q$18,0))))>=$H21,DATE(YEAR(Q$18),MONTH(Q$18),MIN($J21,DAY(EOMONTH(Q$18,0))))<=$I21,MOD((YEAR(DATE(YEAR(Q$18),MONTH(Q$18),MIN($J21,DAY(EOMONTH(Q$18,0)))))-YEAR($H21))*12+MONTH(DATE(YEAR(Q$18),MONTH(Q$18),MIN($J21,DAY(EOMONTH(Q$18,0)))))-MONTH($H21),CHOOSE($F21,1,1,3,12))=0))*1+IF(MONTH(DATE(YEAR(Q$19-1),MONTH(Q$19-1),MIN($J21,DAY(EOMONTH(Q$19-1,0)))))<>MONTH(DATE(YEAR(Q$18),MONTH(Q$18),MIN($J21,DAY(EOMONTH(Q$18,0))))),(AND(DATE(YEAR(Q$19-1),MONTH(Q$19-1),MIN($J21,DAY(EOMONTH(Q$19-1,0))))>=Q$18,DATE(YEAR(Q$19-1),MONTH(Q$19-1),MIN($J21,DAY(EOMONTH(Q$19-1,0))))<Q$19,DATE(YEAR(Q$19-1),MONTH(Q$19-1),MIN($J21,DAY(EOMONTH(Q$19-1,0))))>=$H21,DATE(YEAR(Q$19-1),MONTH(Q$19-1),MIN($J21,DAY(EOMONTH(Q$19-1,0))))<=$I21,MOD((YEAR(DATE(YEAR(Q$19-1),MONTH(Q$19-1),MIN($J21,DAY(EOMONTH(Q$19-1,0)))))-YEAR($H21))*12+MONTH(DATE(YEAR(Q$19-1),MONTH(Q$19-1),MIN($J21,DAY(EOMONTH(Q$19-1,0)))))-MONTH($H21),CHOOSE($F21,1,1,3,12))=0))*1,0))) | R21: =IF(OR(NOT($K21),R$19<=R$18),0,$D21*IF($F21=1,IF(MIN(R$19,$I21+1)<=MAX(R$18,$H21),0,MAX(0,INT((MIN(R$19,$I21+1)-MAX(R$18,$H21)-1-MOD(WEEKDAY($H21,2)-WEEKDAY(MAX(R$18,$H21),2),7))/7)+1)),(AND(DATE(YEAR(R$18),MONTH(R$18),MIN($J21,DAY(EOMONTH(R$18,0))))>=R$18,DATE(YEAR(R$18),MONTH(R$18),MIN($J21,DAY(EOMONTH(R$18,0))))<R$19,DATE(YEAR(R$18),MONTH(R$18),MIN($J21,DAY(EOMONTH(R$18,0))))>=$H21,DATE(YEAR(R$18),MONTH(R$18),MIN($J21,DAY(EOMONTH(R$18,0))))<=$I21,MOD((YEAR(DATE(YEAR(R$18),MONTH(R$18),MIN($J21,DAY(EOMONTH(R$18,0)))))-YEAR($H21))*12+MONTH(DATE(YEAR(R$18),MONTH(R$18),MIN($J21,DAY(EOMONTH(R$18,0)))))-MONTH($H21),CHOOSE($F21,1,1,3,12))=0))*1+IF(MONTH(DATE(YEAR(R$19-1),MONTH(R$19-1),MIN($J21,DAY(EOMONTH(R$19-1,0)))))<>MONTH(DATE(YEAR(R$18),MONTH(R$18),MIN($J21,DAY(EOMONTH(R$18,0))))),(AND(DATE(YEAR(R$19-1),MONTH(R$19-1),MIN($J21,DAY(EOMONTH(R$19-1,0))))>=R$18,DATE(YEAR(R$19-1),MONTH(R$19-1),MIN($J21,DAY(EOMONTH(R$19-1,0))))<R$19,DATE(YEAR(R$19-1),MONTH(R$19-1),MIN($J21,DAY(EOMONTH(R$19-1,0))))>=$H21,DATE(YEAR(R$19-1),MONTH(R$19-1),MIN($J21,DAY(EOMONTH(R$19-1,0))))<=$I21,MOD((YEAR(DATE(YEAR(R$19-1),MONTH(R$19-1),MIN($J21,DAY(EOMONTH(R$19-1,0)))))-YEAR($H21))*12+MONTH(DATE(YEAR(R$19-1),MONTH(R$19-1),MIN($J21,DAY(EOMONTH(R$19-1,0)))))-MONTH($H21),CHOOSE($F21,1,1,3,12))=0))*1,0))) | S21: =IF(OR(NOT($K21),S$19<=S$18),0,$D21*IF($F21=1,IF(MIN(S$19,$I21+1)<=MAX(S$18,$H21),0,MAX(0,INT((MIN(S$19,$I21+1)-MAX(S$18,$H21)-1-MOD(WEEKDAY($H21,2)-WEEKDAY(MAX(S$18,$H21),2),7))/7)+1)),(AND(DATE(YEAR(S$18),MONTH(S$18),MIN($J21,DAY(EOMONTH(S$18,0))))>=S$18,DATE(YEAR(S$18),MONTH(S$18),MIN($J21,DAY(EOMONTH(S$18,0))))<S$19,DATE(YEAR(S$18),MONTH(S$18),MIN($J21,DAY(EOMONTH(S$18,0))))>=$H21,DATE(YEAR(S$18),MONTH(S$18),MIN($J21,DAY(EOMONTH(S$18,0))))<=$I21,MOD((YEAR(DATE(YEAR(S$18),MONTH(S$18),MIN($J21,DAY(EOMONTH(S$18,0)))))-YEAR($H21))*12+MONTH(DATE(YEAR(S$18),MONTH(S$18),MIN($J21,DAY(EOMONTH(S$18,0)))))-MONTH($H21),CHOOSE($F21,1,1,3,12))=0))*1+IF(MONTH(DATE(YEAR(S$19-1),MONTH(S$19-1),MIN($J21,DAY(EOMONTH(S$19-1,0)))))<>MONTH(DATE(YEAR(S$18),MONTH(S$18),MIN($J21,DAY(EOMONTH(S$18,0))))),(AND(DATE(YEAR(S$19-1),MONTH(S$19-1),MIN($J21,DAY(EOMONTH(S$19-1,0))))>=S$18,DATE(YEAR(S$19-1),MONTH(S$19-1),MIN($J21,DAY(EOMONTH(S$19-1,0))))<S$19,DATE(YEAR(S$19-1),MONTH(S$19-1),MIN($J21,DAY(EOMONTH(S$19-1,0))))>=$H21,DATE(YEAR(S$19-1),MONTH(S$19-1),MIN($J21,DAY(EOMONTH(S$19-1,0))))<=$I21,MOD((YEAR(DATE(YEAR(S$19-1),MONTH(S$19-1),MIN($J21,DAY(EOMONTH(S$19-1,0)))))-YEAR($H21))*12+MONTH(DATE(YEAR(S$19-1),MONTH(S$19-1),MIN($J21,DAY(EOMONTH(S$19-1,0)))))-MONTH($H21),CHOOSE($F21,1,1,3,12))=0))*1,0))) | T21: =IF(OR(NOT($K21),T$19<=T$18),0,$D21*IF($F21=1,IF(MIN(T$19,$I21+1)<=MAX(T$18,$H21),0,MAX(0,INT((MIN(T$19,$I21+1)-MAX(T$18,$H21)-1-MOD(WEEKDAY($H21,2)-WEEKDAY(MAX(T$18,$H21),2),7))/7)+1)),(AND(DATE(YEAR(T$18),MONTH(T$18),MIN($J21,DAY(EOMONTH(T$18,0))))>=T$18,DATE(YEAR(T$18),MONTH(T$18),MIN($J21,DAY(EOMONTH(T$18,0))))<T$19,DATE(YEAR(T$18),MONTH(T$18),MIN($J21,DAY(EOMONTH(T$18,0))))>=$H21,DATE(YEAR(T$18),MONTH(T$18),MIN($J21,DAY(EOMONTH(T$18,0))))<=$I21,MOD((YEAR(DATE(YEAR(T$18),MONTH(T$18),MIN($J21,DAY(EOMONTH(T$18,0)))))-YEAR($H21))*12+MONTH(DATE(YEAR(T$18),MONTH(T$18),MIN($J21,DAY(EOMONTH(T$18,0)))))-MONTH($H21),CHOOSE($F21,1,1,3,12))=0))*1+IF(MONTH(DATE(YEAR(T$19-1),MONTH(T$19-1),MIN($J21,DAY(EOMONTH(T$19-1,0)))))<>MONTH(DATE(YEAR(T$18),MONTH(T$18),MIN($J21,DAY(EOMONTH(T$18,0))))),(AND(DATE(YEAR(T$19-1),MONTH(T$19-1),MIN($J21,DAY(EOMONTH(T$19-1,0))))>=T$18,DATE(YEAR(T$19-1),MONTH(T$19-1),MIN($J21,DAY(EOMONTH(T$19-1,0))))<T$19,DATE(YEAR(T$19-1),MONTH(T$19-1),MIN($J21,DAY(EOMONTH(T$19-1,0))))>=$H21,DATE(YEAR(T$19-1),MONTH(T$19-1),MIN($J21,DAY(EOMONTH(T$19-1,0))))<=$I21,MOD((YEAR(DATE(YEAR(T$19-1),MONTH(T$19-1),MIN($J21,DAY(EOMONTH(T$19-1,0)))))-YEAR($H21))*12+MONTH(DATE(YEAR(T$19-1),MONTH(T$19-1),MIN($J21,DAY(EOMONTH(T$19-1,0)))))-MONTH($H21),CHOOSE($F21,1,1,3,12))=0))*1,0))) | ... AK21: =IF(OR(NOT($K21),AK$19<=AK$18),0,$D21*IF($F21=1,IF(MIN(AK$19,$I21+1)<=MAX(AK$18,$H21),0,MAX(0,INT((MIN(AK$19,$I21+1)-MAX(AK$18,$H21)-1-MOD(WEEKDAY($H21,2)-WEEKDAY(MAX(AK$18,$H21),2),7))/7)+1)),(AND(DATE(YEAR(AK$18),MONTH(AK$18),MIN($J21,DAY(EOMONTH(AK$18,0))))>=AK$18,DATE(YEAR(AK$18),MONTH(AK$18),MIN($J21,DAY(EOMONTH(AK$18,0))))<AK$19,DATE(YEAR(AK$18),MONTH(AK$18),MIN($J21,DAY(EOMONTH(AK$18,0))))>=$H21,DATE(YEAR(AK$18),MONTH(AK$18),MIN($J21,DAY(EOMONTH(AK$18,0))))<=$I21,MOD((YEAR(DATE(YEAR(AK$18),MONTH(AK$18),MIN($J21,DAY(EOMONTH(AK$18,0)))))-YEAR($H21))*12+MONTH(DATE(YEAR(AK$18),MONTH(AK$18),MIN($J21,DAY(EOMONTH(AK$18,0)))))-MONTH($H21),CHOOSE($F21,1,1,3,12))=0))*1+IF(MONTH(DATE(YEAR(AK$19-1),MONTH(AK$19-1),MIN($J21,DAY(EOMONTH(AK$19-1,0)))))<>MONTH(DATE(YEAR(AK$18),MONTH(AK$18),MIN($J21,DAY(EOMONTH(AK$18,0))))),(AND(DATE(YEAR(AK$19-1),MONTH(AK$19-1),MIN($J21,DAY(EOMONTH(AK$19-1,0))))>=AK$18,DATE(YEAR(AK$19-1),MONTH(AK$19-1),MIN($J21,DAY(EOMONTH(AK$19-1,0))))<AK$19,DATE(YEAR(AK$19-1),MONTH(AK$19-1),MIN($J21,DAY(EOMONTH(AK$19-1,0))))>=$H21,DATE(YEAR(AK$19-1),MONTH(AK$19-1),MIN($J21,DAY(EOMONTH(AK$19-1,0))))<=$I21,MOD((YEAR(DATE(YEAR(AK$19-1),MONTH(AK$19-1),MIN($J21,DAY(EOMONTH(AK$19-1,0)))))-YEAR($H21))*12+MONTH(DATE(YEAR(AK$19-1),MONTH(AK$19-1),MIN($J21,DAY(EOMONTH(AK$19-1,0)))))-MONTH($H21),CHOOSE($F21,1,1,3,12))=0))*1,0)))
A22: 2 | B22: =Recurring!B9&"" | C22: =IF(Recurring!C9="","§§",Recurring!C9) | D22: =N(Recurring!D9) | E22: =IF(COUNTIF($J$2:$J$5,C22)>0,1,IF(COUNTIF($J$7:$J$16,C22)>0,-1,0)) | F22: =ROUND(SUMPRODUCT((Lang!$C$49:$N$52=Recurring!E9)*(ROW(Lang!$C$49:$N$52)-48))/MAX(1,COUNTIF(Lang!$C$49:$N$52,Recurring!E9)),0) | H22: =N(Recurring!F9) | I22: =IF(N(Recurring!G9)=0,73051,Recurring!G9) | J22: =IF(H22>0,DAY(H22),1) | K22: =AND(D22>0,E22<>0,F22>0,H22>0) | M22: =IF(OR(NOT($K22),M$19<=M$18),0,$D22*IF($F22=1,IF(MIN(M$19,$I22+1)<=MAX(M$18,$H22),0,MAX(0,INT((MIN(M$19,$I22+1)-MAX(M$18,$H22)-1-MOD(WEEKDAY($H22,2)-WEEKDAY(MAX(M$18,$H22),2),7))/7)+1)),(AND(DATE(YEAR(M$18),MONTH(M$18),MIN($J22,DAY(EOMONTH(M$18,0))))>=M$18,DATE(YEAR(M$18),MONTH(M$18),MIN($J22,DAY(EOMONTH(M$18,0))))<M$19,DATE(YEAR(M$18),MONTH(M$18),MIN($J22,DAY(EOMONTH(M$18,0))))>=$H22,DATE(YEAR(M$18),MONTH(M$18),MIN($J22,DAY(EOMONTH(M$18,0))))<=$I22,MOD((YEAR(DATE(YEAR(M$18),MONTH(M$18),MIN($J22,DAY(EOMONTH(M$18,0)))))-YEAR($H22))*12+MONTH(DATE(YEAR(M$18),MONTH(M$18),MIN($J22,DAY(EOMONTH(M$18,0)))))-MONTH($H22),CHOOSE($F22,1,1,3,12))=0))*1+IF(MONTH(DATE(YEAR(M$19-1),MONTH(M$19-1),MIN($J22,DAY(EOMONTH(M$19-1,0)))))<>MONTH(DATE(YEAR(M$18),MONTH(M$18),MIN($J22,DAY(EOMONTH(M$18,0))))),(AND(DATE(YEAR(M$19-1),MONTH(M$19-1),MIN($J22,DAY(EOMONTH(M$19-1,0))))>=M$18,DATE(YEAR(M$19-1),MONTH(M$19-1),MIN($J22,DAY(EOMONTH(M$19-1,0))))<M$19,DATE(YEAR(M$19-1),MONTH(M$19-1),MIN($J22,DAY(EOMONTH(M$19-1,0))))>=$H22,DATE(YEAR(M$19-1),MONTH(M$19-1),MIN($J22,DAY(EOMONTH(M$19-1,0))))<=$I22,MOD((YEAR(DATE(YEAR(M$19-1),MONTH(M$19-1),MIN($J22,DAY(EOMONTH(M$19-1,0)))))-YEAR($H22))*12+MONTH(DATE(YEAR(M$19-1),MONTH(M$19-1),MIN($J22,DAY(EOMONTH(M$19-1,0)))))-MONTH($H22),CHOOSE($F22,1,1,3,12))=0))*1,0))) | N22: =IF(OR(NOT($K22),N$19<=N$18),0,$D22*IF($F22=1,IF(MIN(N$19,$I22+1)<=MAX(N$18,$H22),0,MAX(0,INT((MIN(N$19,$I22+1)-MAX(N$18,$H22)-1-MOD(WEEKDAY($H22,2)-WEEKDAY(MAX(N$18,$H22),2),7))/7)+1)),(AND(DATE(YEAR(N$18),MONTH(N$18),MIN($J22,DAY(EOMONTH(N$18,0))))>=N$18,DATE(YEAR(N$18),MONTH(N$18),MIN($J22,DAY(EOMONTH(N$18,0))))<N$19,DATE(YEAR(N$18),MONTH(N$18),MIN($J22,DAY(EOMONTH(N$18,0))))>=$H22,DATE(YEAR(N$18),MONTH(N$18),MIN($J22,DAY(EOMONTH(N$18,0))))<=$I22,MOD((YEAR(DATE(YEAR(N$18),MONTH(N$18),MIN($J22,DAY(EOMONTH(N$18,0)))))-YEAR($H22))*12+MONTH(DATE(YEAR(N$18),MONTH(N$18),MIN($J22,DAY(EOMONTH(N$18,0)))))-MONTH($H22),CHOOSE($F22,1,1,3,12))=0))*1+IF(MONTH(DATE(YEAR(N$19-1),MONTH(N$19-1),MIN($J22,DAY(EOMONTH(N$19-1,0)))))<>MONTH(DATE(YEAR(N$18),MONTH(N$18),MIN($J22,DAY(EOMONTH(N$18,0))))),(AND(DATE(YEAR(N$19-1),MONTH(N$19-1),MIN($J22,DAY(EOMONTH(N$19-1,0))))>=N$18,DATE(YEAR(N$19-1),MONTH(N$19-1),MIN($J22,DAY(EOMONTH(N$19-1,0))))<N$19,DATE(YEAR(N$19-1),MONTH(N$19-1),MIN($J22,DAY(EOMONTH(N$19-1,0))))>=$H22,DATE(YEAR(N$19-1),MONTH(N$19-1),MIN($J22,DAY(EOMONTH(N$19-1,0))))<=$I22,MOD((YEAR(DATE(YEAR(N$19-1),MONTH(N$19-1),MIN($J22,DAY(EOMONTH(N$19-1,0)))))-YEAR($H22))*12+MONTH(DATE(YEAR(N$19-1),MONTH(N$19-1),MIN($J22,DAY(EOMONTH(N$19-1,0)))))-MONTH($H22),CHOOSE($F22,1,1,3,12))=0))*1,0))) | O22: =IF(OR(NOT($K22),O$19<=O$18),0,$D22*IF($F22=1,IF(MIN(O$19,$I22+1)<=MAX(O$18,$H22),0,MAX(0,INT((MIN(O$19,$I22+1)-MAX(O$18,$H22)-1-MOD(WEEKDAY($H22,2)-WEEKDAY(MAX(O$18,$H22),2),7))/7)+1)),(AND(DATE(YEAR(O$18),MONTH(O$18),MIN($J22,DAY(EOMONTH(O$18,0))))>=O$18,DATE(YEAR(O$18),MONTH(O$18),MIN($J22,DAY(EOMONTH(O$18,0))))<O$19,DATE(YEAR(O$18),MONTH(O$18),MIN($J22,DAY(EOMONTH(O$18,0))))>=$H22,DATE(YEAR(O$18),MONTH(O$18),MIN($J22,DAY(EOMONTH(O$18,0))))<=$I22,MOD((YEAR(DATE(YEAR(O$18),MONTH(O$18),MIN($J22,DAY(EOMONTH(O$18,0)))))-YEAR($H22))*12+MONTH(DATE(YEAR(O$18),MONTH(O$18),MIN($J22,DAY(EOMONTH(O$18,0)))))-MONTH($H22),CHOOSE($F22,1,1,3,12))=0))*1+IF(MONTH(DATE(YEAR(O$19-1),MONTH(O$19-1),MIN($J22,DAY(EOMONTH(O$19-1,0)))))<>MONTH(DATE(YEAR(O$18),MONTH(O$18),MIN($J22,DAY(EOMONTH(O$18,0))))),(AND(DATE(YEAR(O$19-1),MONTH(O$19-1),MIN($J22,DAY(EOMONTH(O$19-1,0))))>=O$18,DATE(YEAR(O$19-1),MONTH(O$19-1),MIN($J22,DAY(EOMONTH(O$19-1,0))))<O$19,DATE(YEAR(O$19-1),MONTH(O$19-1),MIN($J22,DAY(EOMONTH(O$19-1,0))))>=$H22,DATE(YEAR(O$19-1),MONTH(O$19-1),MIN($J22,DAY(EOMONTH(O$19-1,0))))<=$I22,MOD((YEAR(DATE(YEAR(O$19-1),MONTH(O$19-1),MIN($J22,DAY(EOMONTH(O$19-1,0)))))-YEAR($H22))*12+MONTH(DATE(YEAR(O$19-1),MONTH(O$19-1),MIN($J22,DAY(EOMONTH(O$19-1,0)))))-MONTH($H22),CHOOSE($F22,1,1,3,12))=0))*1,0))) | P22: =IF(OR(NOT($K22),P$19<=P$18),0,$D22*IF($F22=1,IF(MIN(P$19,$I22+1)<=MAX(P$18,$H22),0,MAX(0,INT((MIN(P$19,$I22+1)-MAX(P$18,$H22)-1-MOD(WEEKDAY($H22,2)-WEEKDAY(MAX(P$18,$H22),2),7))/7)+1)),(AND(DATE(YEAR(P$18),MONTH(P$18),MIN($J22,DAY(EOMONTH(P$18,0))))>=P$18,DATE(YEAR(P$18),MONTH(P$18),MIN($J22,DAY(EOMONTH(P$18,0))))<P$19,DATE(YEAR(P$18),MONTH(P$18),MIN($J22,DAY(EOMONTH(P$18,0))))>=$H22,DATE(YEAR(P$18),MONTH(P$18),MIN($J22,DAY(EOMONTH(P$18,0))))<=$I22,MOD((YEAR(DATE(YEAR(P$18),MONTH(P$18),MIN($J22,DAY(EOMONTH(P$18,0)))))-YEAR($H22))*12+MONTH(DATE(YEAR(P$18),MONTH(P$18),MIN($J22,DAY(EOMONTH(P$18,0)))))-MONTH($H22),CHOOSE($F22,1,1,3,12))=0))*1+IF(MONTH(DATE(YEAR(P$19-1),MONTH(P$19-1),MIN($J22,DAY(EOMONTH(P$19-1,0)))))<>MONTH(DATE(YEAR(P$18),MONTH(P$18),MIN($J22,DAY(EOMONTH(P$18,0))))),(AND(DATE(YEAR(P$19-1),MONTH(P$19-1),MIN($J22,DAY(EOMONTH(P$19-1,0))))>=P$18,DATE(YEAR(P$19-1),MONTH(P$19-1),MIN($J22,DAY(EOMONTH(P$19-1,0))))<P$19,DATE(YEAR(P$19-1),MONTH(P$19-1),MIN($J22,DAY(EOMONTH(P$19-1,0))))>=$H22,DATE(YEAR(P$19-1),MONTH(P$19-1),MIN($J22,DAY(EOMONTH(P$19-1,0))))<=$I22,MOD((YEAR(DATE(YEAR(P$19-1),MONTH(P$19-1),MIN($J22,DAY(EOMONTH(P$19-1,0)))))-YEAR($H22))*12+MONTH(DATE(YEAR(P$19-1),MONTH(P$19-1),MIN($J22,DAY(EOMONTH(P$19-1,0)))))-MONTH($H22),CHOOSE($F22,1,1,3,12))=0))*1,0))) | Q22: =IF(OR(NOT($K22),Q$19<=Q$18),0,$D22*IF($F22=1,IF(MIN(Q$19,$I22+1)<=MAX(Q$18,$H22),0,MAX(0,INT((MIN(Q$19,$I22+1)-MAX(Q$18,$H22)-1-MOD(WEEKDAY($H22,2)-WEEKDAY(MAX(Q$18,$H22),2),7))/7)+1)),(AND(DATE(YEAR(Q$18),MONTH(Q$18),MIN($J22,DAY(EOMONTH(Q$18,0))))>=Q$18,DATE(YEAR(Q$18),MONTH(Q$18),MIN($J22,DAY(EOMONTH(Q$18,0))))<Q$19,DATE(YEAR(Q$18),MONTH(Q$18),MIN($J22,DAY(EOMONTH(Q$18,0))))>=$H22,DATE(YEAR(Q$18),MONTH(Q$18),MIN($J22,DAY(EOMONTH(Q$18,0))))<=$I22,MOD((YEAR(DATE(YEAR(Q$18),MONTH(Q$18),MIN($J22,DAY(EOMONTH(Q$18,0)))))-YEAR($H22))*12+MONTH(DATE(YEAR(Q$18),MONTH(Q$18),MIN($J22,DAY(EOMONTH(Q$18,0)))))-MONTH($H22),CHOOSE($F22,1,1,3,12))=0))*1+IF(MONTH(DATE(YEAR(Q$19-1),MONTH(Q$19-1),MIN($J22,DAY(EOMONTH(Q$19-1,0)))))<>MONTH(DATE(YEAR(Q$18),MONTH(Q$18),MIN($J22,DAY(EOMONTH(Q$18,0))))),(AND(DATE(YEAR(Q$19-1),MONTH(Q$19-1),MIN($J22,DAY(EOMONTH(Q$19-1,0))))>=Q$18,DATE(YEAR(Q$19-1),MONTH(Q$19-1),MIN($J22,DAY(EOMONTH(Q$19-1,0))))<Q$19,DATE(YEAR(Q$19-1),MONTH(Q$19-1),MIN($J22,DAY(EOMONTH(Q$19-1,0))))>=$H22,DATE(YEAR(Q$19-1),MONTH(Q$19-1),MIN($J22,DAY(EOMONTH(Q$19-1,0))))<=$I22,MOD((YEAR(DATE(YEAR(Q$19-1),MONTH(Q$19-1),MIN($J22,DAY(EOMONTH(Q$19-1,0)))))-YEAR($H22))*12+MONTH(DATE(YEAR(Q$19-1),MONTH(Q$19-1),MIN($J22,DAY(EOMONTH(Q$19-1,0)))))-MONTH($H22),CHOOSE($F22,1,1,3,12))=0))*1,0))) | R22: =IF(OR(NOT($K22),R$19<=R$18),0,$D22*IF($F22=1,IF(MIN(R$19,$I22+1)<=MAX(R$18,$H22),0,MAX(0,INT((MIN(R$19,$I22+1)-MAX(R$18,$H22)-1-MOD(WEEKDAY($H22,2)-WEEKDAY(MAX(R$18,$H22),2),7))/7)+1)),(AND(DATE(YEAR(R$18),MONTH(R$18),MIN($J22,DAY(EOMONTH(R$18,0))))>=R$18,DATE(YEAR(R$18),MONTH(R$18),MIN($J22,DAY(EOMONTH(R$18,0))))<R$19,DATE(YEAR(R$18),MONTH(R$18),MIN($J22,DAY(EOMONTH(R$18,0))))>=$H22,DATE(YEAR(R$18),MONTH(R$18),MIN($J22,DAY(EOMONTH(R$18,0))))<=$I22,MOD((YEAR(DATE(YEAR(R$18),MONTH(R$18),MIN($J22,DAY(EOMONTH(R$18,0)))))-YEAR($H22))*12+MONTH(DATE(YEAR(R$18),MONTH(R$18),MIN($J22,DAY(EOMONTH(R$18,0)))))-MONTH($H22),CHOOSE($F22,1,1,3,12))=0))*1+IF(MONTH(DATE(YEAR(R$19-1),MONTH(R$19-1),MIN($J22,DAY(EOMONTH(R$19-1,0)))))<>MONTH(DATE(YEAR(R$18),MONTH(R$18),MIN($J22,DAY(EOMONTH(R$18,0))))),(AND(DATE(YEAR(R$19-1),MONTH(R$19-1),MIN($J22,DAY(EOMONTH(R$19-1,0))))>=R$18,DATE(YEAR(R$19-1),MONTH(R$19-1),MIN($J22,DAY(EOMONTH(R$19-1,0))))<R$19,DATE(YEAR(R$19-1),MONTH(R$19-1),MIN($J22,DAY(EOMONTH(R$19-1,0))))>=$H22,DATE(YEAR(R$19-1),MONTH(R$19-1),MIN($J22,DAY(EOMONTH(R$19-1,0))))<=$I22,MOD((YEAR(DATE(YEAR(R$19-1),MONTH(R$19-1),MIN($J22,DAY(EOMONTH(R$19-1,0)))))-YEAR($H22))*12+MONTH(DATE(YEAR(R$19-1),MONTH(R$19-1),MIN($J22,DAY(EOMONTH(R$19-1,0)))))-MONTH($H22),CHOOSE($F22,1,1,3,12))=0))*1,0))) | S22: =IF(OR(NOT($K22),S$19<=S$18),0,$D22*IF($F22=1,IF(MIN(S$19,$I22+1)<=MAX(S$18,$H22),0,MAX(0,INT((MIN(S$19,$I22+1)-MAX(S$18,$H22)-1-MOD(WEEKDAY($H22,2)-WEEKDAY(MAX(S$18,$H22),2),7))/7)+1)),(AND(DATE(YEAR(S$18),MONTH(S$18),MIN($J22,DAY(EOMONTH(S$18,0))))>=S$18,DATE(YEAR(S$18),MONTH(S$18),MIN($J22,DAY(EOMONTH(S$18,0))))<S$19,DATE(YEAR(S$18),MONTH(S$18),MIN($J22,DAY(EOMONTH(S$18,0))))>=$H22,DATE(YEAR(S$18),MONTH(S$18),MIN($J22,DAY(EOMONTH(S$18,0))))<=$I22,MOD((YEAR(DATE(YEAR(S$18),MONTH(S$18),MIN($J22,DAY(EOMONTH(S$18,0)))))-YEAR($H22))*12+MONTH(DATE(YEAR(S$18),MONTH(S$18),MIN($J22,DAY(EOMONTH(S$18,0)))))-MONTH($H22),CHOOSE($F22,1,1,3,12))=0))*1+IF(MONTH(DATE(YEAR(S$19-1),MONTH(S$19-1),MIN($J22,DAY(EOMONTH(S$19-1,0)))))<>MONTH(DATE(YEAR(S$18),MONTH(S$18),MIN($J22,DAY(EOMONTH(S$18,0))))),(AND(DATE(YEAR(S$19-1),MONTH(S$19-1),MIN($J22,DAY(EOMONTH(S$19-1,0))))>=S$18,DATE(YEAR(S$19-1),MONTH(S$19-1),MIN($J22,DAY(EOMONTH(S$19-1,0))))<S$19,DATE(YEAR(S$19-1),MONTH(S$19-1),MIN($J22,DAY(EOMONTH(S$19-1,0))))>=$H22,DATE(YEAR(S$19-1),MONTH(S$19-1),MIN($J22,DAY(EOMONTH(S$19-1,0))))<=$I22,MOD((YEAR(DATE(YEAR(S$19-1),MONTH(S$19-1),MIN($J22,DAY(EOMONTH(S$19-1,0)))))-YEAR($H22))*12+MONTH(DATE(YEAR(S$19-1),MONTH(S$19-1),MIN($J22,DAY(EOMONTH(S$19-1,0)))))-MONTH($H22),CHOOSE($F22,1,1,3,12))=0))*1,0))) | T22: =IF(OR(NOT($K22),T$19<=T$18),0,$D22*IF($F22=1,IF(MIN(T$19,$I22+1)<=MAX(T$18,$H22),0,MAX(0,INT((MIN(T$19,$I22+1)-MAX(T$18,$H22)-1-MOD(WEEKDAY($H22,2)-WEEKDAY(MAX(T$18,$H22),2),7))/7)+1)),(AND(DATE(YEAR(T$18),MONTH(T$18),MIN($J22,DAY(EOMONTH(T$18,0))))>=T$18,DATE(YEAR(T$18),MONTH(T$18),MIN($J22,DAY(EOMONTH(T$18,0))))<T$19,DATE(YEAR(T$18),MONTH(T$18),MIN($J22,DAY(EOMONTH(T$18,0))))>=$H22,DATE(YEAR(T$18),MONTH(T$18),MIN($J22,DAY(EOMONTH(T$18,0))))<=$I22,MOD((YEAR(DATE(YEAR(T$18),MONTH(T$18),MIN($J22,DAY(EOMONTH(T$18,0)))))-YEAR($H22))*12+MONTH(DATE(YEAR(T$18),MONTH(T$18),MIN($J22,DAY(EOMONTH(T$18,0)))))-MONTH($H22),CHOOSE($F22,1,1,3,12))=0))*1+IF(MONTH(DATE(YEAR(T$19-1),MONTH(T$19-1),MIN($J22,DAY(EOMONTH(T$19-1,0)))))<>MONTH(DATE(YEAR(T$18),MONTH(T$18),MIN($J22,DAY(EOMONTH(T$18,0))))),(AND(DATE(YEAR(T$19-1),MONTH(T$19-1),MIN($J22,DAY(EOMONTH(T$19-1,0))))>=T$18,DATE(YEAR(T$19-1),MONTH(T$19-1),MIN($J22,DAY(EOMONTH(T$19-1,0))))<T$19,DATE(YEAR(T$19-1),MONTH(T$19-1),MIN($J22,DAY(EOMONTH(T$19-1,0))))>=$H22,DATE(YEAR(T$19-1),MONTH(T$19-1),MIN($J22,DAY(EOMONTH(T$19-1,0))))<=$I22,MOD((YEAR(DATE(YEAR(T$19-1),MONTH(T$19-1),MIN($J22,DAY(EOMONTH(T$19-1,0)))))-YEAR($H22))*12+MONTH(DATE(YEAR(T$19-1),MONTH(T$19-1),MIN($J22,DAY(EOMONTH(T$19-1,0)))))-MONTH($H22),CHOOSE($F22,1,1,3,12))=0))*1,0))) | ... AK22: =IF(OR(NOT($K22),AK$19<=AK$18),0,$D22*IF($F22=1,IF(MIN(AK$19,$I22+1)<=MAX(AK$18,$H22),0,MAX(0,INT((MIN(AK$19,$I22+1)-MAX(AK$18,$H22)-1-MOD(WEEKDAY($H22,2)-WEEKDAY(MAX(AK$18,$H22),2),7))/7)+1)),(AND(DATE(YEAR(AK$18),MONTH(AK$18),MIN($J22,DAY(EOMONTH(AK$18,0))))>=AK$18,DATE(YEAR(AK$18),MONTH(AK$18),MIN($J22,DAY(EOMONTH(AK$18,0))))<AK$19,DATE(YEAR(AK$18),MONTH(AK$18),MIN($J22,DAY(EOMONTH(AK$18,0))))>=$H22,DATE(YEAR(AK$18),MONTH(AK$18),MIN($J22,DAY(EOMONTH(AK$18,0))))<=$I22,MOD((YEAR(DATE(YEAR(AK$18),MONTH(AK$18),MIN($J22,DAY(EOMONTH(AK$18,0)))))-YEAR($H22))*12+MONTH(DATE(YEAR(AK$18),MONTH(AK$18),MIN($J22,DAY(EOMONTH(AK$18,0)))))-MONTH($H22),CHOOSE($F22,1,1,3,12))=0))*1+IF(MONTH(DATE(YEAR(AK$19-1),MONTH(AK$19-1),MIN($J22,DAY(EOMONTH(AK$19-1,0)))))<>MONTH(DATE(YEAR(AK$18),MONTH(AK$18),MIN($J22,DAY(EOMONTH(AK$18,0))))),(AND(DATE(YEAR(AK$19-1),MONTH(AK$19-1),MIN($J22,DAY(EOMONTH(AK$19-1,0))))>=AK$18,DATE(YEAR(AK$19-1),MONTH(AK$19-1),MIN($J22,DAY(EOMONTH(AK$19-1,0))))<AK$19,DATE(YEAR(AK$19-1),MONTH(AK$19-1),MIN($J22,DAY(EOMONTH(AK$19-1,0))))>=$H22,DATE(YEAR(AK$19-1),MONTH(AK$19-1),MIN($J22,DAY(EOMONTH(AK$19-1,0))))<=$I22,MOD((YEAR(DATE(YEAR(AK$19-1),MONTH(AK$19-1),MIN($J22,DAY(EOMONTH(AK$19-1,0)))))-YEAR($H22))*12+MONTH(DATE(YEAR(AK$19-1),MONTH(AK$19-1),MIN($J22,DAY(EOMONTH(AK$19-1,0)))))-MONTH($H22),CHOOSE($F22,1,1,3,12))=0))*1,0)))
A23: 3 | B23: =Recurring!B10&"" | C23: =IF(Recurring!C10="","§§",Recurring!C10) | D23: =N(Recurring!D10) | E23: =IF(COUNTIF($J$2:$J$5,C23)>0,1,IF(COUNTIF($J$7:$J$16,C23)>0,-1,0)) | F23: =ROUND(SUMPRODUCT((Lang!$C$49:$N$52=Recurring!E10)*(ROW(Lang!$C$49:$N$52)-48))/MAX(1,COUNTIF(Lang!$C$49:$N$52,Recurring!E10)),0) | H23: =N(Recurring!F10) | I23: =IF(N(Recurring!G10)=0,73051,Recurring!G10) | J23: =IF(H23>0,DAY(H23),1) | K23: =AND(D23>0,E23<>0,F23>0,H23>0) | M23: =IF(OR(NOT($K23),M$19<=M$18),0,$D23*IF($F23=1,IF(MIN(M$19,$I23+1)<=MAX(M$18,$H23),0,MAX(0,INT((MIN(M$19,$I23+1)-MAX(M$18,$H23)-1-MOD(WEEKDAY($H23,2)-WEEKDAY(MAX(M$18,$H23),2),7))/7)+1)),(AND(DATE(YEAR(M$18),MONTH(M$18),MIN($J23,DAY(EOMONTH(M$18,0))))>=M$18,DATE(YEAR(M$18),MONTH(M$18),MIN($J23,DAY(EOMONTH(M$18,0))))<M$19,DATE(YEAR(M$18),MONTH(M$18),MIN($J23,DAY(EOMONTH(M$18,0))))>=$H23,DATE(YEAR(M$18),MONTH(M$18),MIN($J23,DAY(EOMONTH(M$18,0))))<=$I23,MOD((YEAR(DATE(YEAR(M$18),MONTH(M$18),MIN($J23,DAY(EOMONTH(M$18,0)))))-YEAR($H23))*12+MONTH(DATE(YEAR(M$18),MONTH(M$18),MIN($J23,DAY(EOMONTH(M$18,0)))))-MONTH($H23),CHOOSE($F23,1,1,3,12))=0))*1+IF(MONTH(DATE(YEAR(M$19-1),MONTH(M$19-1),MIN($J23,DAY(EOMONTH(M$19-1,0)))))<>MONTH(DATE(YEAR(M$18),MONTH(M$18),MIN($J23,DAY(EOMONTH(M$18,0))))),(AND(DATE(YEAR(M$19-1),MONTH(M$19-1),MIN($J23,DAY(EOMONTH(M$19-1,0))))>=M$18,DATE(YEAR(M$19-1),MONTH(M$19-1),MIN($J23,DAY(EOMONTH(M$19-1,0))))<M$19,DATE(YEAR(M$19-1),MONTH(M$19-1),MIN($J23,DAY(EOMONTH(M$19-1,0))))>=$H23,DATE(YEAR(M$19-1),MONTH(M$19-1),MIN($J23,DAY(EOMONTH(M$19-1,0))))<=$I23,MOD((YEAR(DATE(YEAR(M$19-1),MONTH(M$19-1),MIN($J23,DAY(EOMONTH(M$19-1,0)))))-YEAR($H23))*12+MONTH(DATE(YEAR(M$19-1),MONTH(M$19-1),MIN($J23,DAY(EOMONTH(M$19-1,0)))))-MONTH($H23),CHOOSE($F23,1,1,3,12))=0))*1,0))) | N23: =IF(OR(NOT($K23),N$19<=N$18),0,$D23*IF($F23=1,IF(MIN(N$19,$I23+1)<=MAX(N$18,$H23),0,MAX(0,INT((MIN(N$19,$I23+1)-MAX(N$18,$H23)-1-MOD(WEEKDAY($H23,2)-WEEKDAY(MAX(N$18,$H23),2),7))/7)+1)),(AND(DATE(YEAR(N$18),MONTH(N$18),MIN($J23,DAY(EOMONTH(N$18,0))))>=N$18,DATE(YEAR(N$18),MONTH(N$18),MIN($J23,DAY(EOMONTH(N$18,0))))<N$19,DATE(YEAR(N$18),MONTH(N$18),MIN($J23,DAY(EOMONTH(N$18,0))))>=$H23,DATE(YEAR(N$18),MONTH(N$18),MIN($J23,DAY(EOMONTH(N$18,0))))<=$I23,MOD((YEAR(DATE(YEAR(N$18),MONTH(N$18),MIN($J23,DAY(EOMONTH(N$18,0)))))-YEAR($H23))*12+MONTH(DATE(YEAR(N$18),MONTH(N$18),MIN($J23,DAY(EOMONTH(N$18,0)))))-MONTH($H23),CHOOSE($F23,1,1,3,12))=0))*1+IF(MONTH(DATE(YEAR(N$19-1),MONTH(N$19-1),MIN($J23,DAY(EOMONTH(N$19-1,0)))))<>MONTH(DATE(YEAR(N$18),MONTH(N$18),MIN($J23,DAY(EOMONTH(N$18,0))))),(AND(DATE(YEAR(N$19-1),MONTH(N$19-1),MIN($J23,DAY(EOMONTH(N$19-1,0))))>=N$18,DATE(YEAR(N$19-1),MONTH(N$19-1),MIN($J23,DAY(EOMONTH(N$19-1,0))))<N$19,DATE(YEAR(N$19-1),MONTH(N$19-1),MIN($J23,DAY(EOMONTH(N$19-1,0))))>=$H23,DATE(YEAR(N$19-1),MONTH(N$19-1),MIN($J23,DAY(EOMONTH(N$19-1,0))))<=$I23,MOD((YEAR(DATE(YEAR(N$19-1),MONTH(N$19-1),MIN($J23,DAY(EOMONTH(N$19-1,0)))))-YEAR($H23))*12+MONTH(DATE(YEAR(N$19-1),MONTH(N$19-1),MIN($J23,DAY(EOMONTH(N$19-1,0)))))-MONTH($H23),CHOOSE($F23,1,1,3,12))=0))*1,0))) | O23: =IF(OR(NOT($K23),O$19<=O$18),0,$D23*IF($F23=1,IF(MIN(O$19,$I23+1)<=MAX(O$18,$H23),0,MAX(0,INT((MIN(O$19,$I23+1)-MAX(O$18,$H23)-1-MOD(WEEKDAY($H23,2)-WEEKDAY(MAX(O$18,$H23),2),7))/7)+1)),(AND(DATE(YEAR(O$18),MONTH(O$18),MIN($J23,DAY(EOMONTH(O$18,0))))>=O$18,DATE(YEAR(O$18),MONTH(O$18),MIN($J23,DAY(EOMONTH(O$18,0))))<O$19,DATE(YEAR(O$18),MONTH(O$18),MIN($J23,DAY(EOMONTH(O$18,0))))>=$H23,DATE(YEAR(O$18),MONTH(O$18),MIN($J23,DAY(EOMONTH(O$18,0))))<=$I23,MOD((YEAR(DATE(YEAR(O$18),MONTH(O$18),MIN($J23,DAY(EOMONTH(O$18,0)))))-YEAR($H23))*12+MONTH(DATE(YEAR(O$18),MONTH(O$18),MIN($J23,DAY(EOMONTH(O$18,0)))))-MONTH($H23),CHOOSE($F23,1,1,3,12))=0))*1+IF(MONTH(DATE(YEAR(O$19-1),MONTH(O$19-1),MIN($J23,DAY(EOMONTH(O$19-1,0)))))<>MONTH(DATE(YEAR(O$18),MONTH(O$18),MIN($J23,DAY(EOMONTH(O$18,0))))),(AND(DATE(YEAR(O$19-1),MONTH(O$19-1),MIN($J23,DAY(EOMONTH(O$19-1,0))))>=O$18,DATE(YEAR(O$19-1),MONTH(O$19-1),MIN($J23,DAY(EOMONTH(O$19-1,0))))<O$19,DATE(YEAR(O$19-1),MONTH(O$19-1),MIN($J23,DAY(EOMONTH(O$19-1,0))))>=$H23,DATE(YEAR(O$19-1),MONTH(O$19-1),MIN($J23,DAY(EOMONTH(O$19-1,0))))<=$I23,MOD((YEAR(DATE(YEAR(O$19-1),MONTH(O$19-1),MIN($J23,DAY(EOMONTH(O$19-1,0)))))-YEAR($H23))*12+MONTH(DATE(YEAR(O$19-1),MONTH(O$19-1),MIN($J23,DAY(EOMONTH(O$19-1,0)))))-MONTH($H23),CHOOSE($F23,1,1,3,12))=0))*1,0))) | P23: =IF(OR(NOT($K23),P$19<=P$18),0,$D23*IF($F23=1,IF(MIN(P$19,$I23+1)<=MAX(P$18,$H23),0,MAX(0,INT((MIN(P$19,$I23+1)-MAX(P$18,$H23)-1-MOD(WEEKDAY($H23,2)-WEEKDAY(MAX(P$18,$H23),2),7))/7)+1)),(AND(DATE(YEAR(P$18),MONTH(P$18),MIN($J23,DAY(EOMONTH(P$18,0))))>=P$18,DATE(YEAR(P$18),MONTH(P$18),MIN($J23,DAY(EOMONTH(P$18,0))))<P$19,DATE(YEAR(P$18),MONTH(P$18),MIN($J23,DAY(EOMONTH(P$18,0))))>=$H23,DATE(YEAR(P$18),MONTH(P$18),MIN($J23,DAY(EOMONTH(P$18,0))))<=$I23,MOD((YEAR(DATE(YEAR(P$18),MONTH(P$18),MIN($J23,DAY(EOMONTH(P$18,0)))))-YEAR($H23))*12+MONTH(DATE(YEAR(P$18),MONTH(P$18),MIN($J23,DAY(EOMONTH(P$18,0)))))-MONTH($H23),CHOOSE($F23,1,1,3,12))=0))*1+IF(MONTH(DATE(YEAR(P$19-1),MONTH(P$19-1),MIN($J23,DAY(EOMONTH(P$19-1,0)))))<>MONTH(DATE(YEAR(P$18),MONTH(P$18),MIN($J23,DAY(EOMONTH(P$18,0))))),(AND(DATE(YEAR(P$19-1),MONTH(P$19-1),MIN($J23,DAY(EOMONTH(P$19-1,0))))>=P$18,DATE(YEAR(P$19-1),MONTH(P$19-1),MIN($J23,DAY(EOMONTH(P$19-1,0))))<P$19,DATE(YEAR(P$19-1),MONTH(P$19-1),MIN($J23,DAY(EOMONTH(P$19-1,0))))>=$H23,DATE(YEAR(P$19-1),MONTH(P$19-1),MIN($J23,DAY(EOMONTH(P$19-1,0))))<=$I23,MOD((YEAR(DATE(YEAR(P$19-1),MONTH(P$19-1),MIN($J23,DAY(EOMONTH(P$19-1,0)))))-YEAR($H23))*12+MONTH(DATE(YEAR(P$19-1),MONTH(P$19-1),MIN($J23,DAY(EOMONTH(P$19-1,0)))))-MONTH($H23),CHOOSE($F23,1,1,3,12))=0))*1,0))) | Q23: =IF(OR(NOT($K23),Q$19<=Q$18),0,$D23*IF($F23=1,IF(MIN(Q$19,$I23+1)<=MAX(Q$18,$H23),0,MAX(0,INT((MIN(Q$19,$I23+1)-MAX(Q$18,$H23)-1-MOD(WEEKDAY($H23,2)-WEEKDAY(MAX(Q$18,$H23),2),7))/7)+1)),(AND(DATE(YEAR(Q$18),MONTH(Q$18),MIN($J23,DAY(EOMONTH(Q$18,0))))>=Q$18,DATE(YEAR(Q$18),MONTH(Q$18),MIN($J23,DAY(EOMONTH(Q$18,0))))<Q$19,DATE(YEAR(Q$18),MONTH(Q$18),MIN($J23,DAY(EOMONTH(Q$18,0))))>=$H23,DATE(YEAR(Q$18),MONTH(Q$18),MIN($J23,DAY(EOMONTH(Q$18,0))))<=$I23,MOD((YEAR(DATE(YEAR(Q$18),MONTH(Q$18),MIN($J23,DAY(EOMONTH(Q$18,0)))))-YEAR($H23))*12+MONTH(DATE(YEAR(Q$18),MONTH(Q$18),MIN($J23,DAY(EOMONTH(Q$18,0)))))-MONTH($H23),CHOOSE($F23,1,1,3,12))=0))*1+IF(MONTH(DATE(YEAR(Q$19-1),MONTH(Q$19-1),MIN($J23,DAY(EOMONTH(Q$19-1,0)))))<>MONTH(DATE(YEAR(Q$18),MONTH(Q$18),MIN($J23,DAY(EOMONTH(Q$18,0))))),(AND(DATE(YEAR(Q$19-1),MONTH(Q$19-1),MIN($J23,DAY(EOMONTH(Q$19-1,0))))>=Q$18,DATE(YEAR(Q$19-1),MONTH(Q$19-1),MIN($J23,DAY(EOMONTH(Q$19-1,0))))<Q$19,DATE(YEAR(Q$19-1),MONTH(Q$19-1),MIN($J23,DAY(EOMONTH(Q$19-1,0))))>=$H23,DATE(YEAR(Q$19-1),MONTH(Q$19-1),MIN($J23,DAY(EOMONTH(Q$19-1,0))))<=$I23,MOD((YEAR(DATE(YEAR(Q$19-1),MONTH(Q$19-1),MIN($J23,DAY(EOMONTH(Q$19-1,0)))))-YEAR($H23))*12+MONTH(DATE(YEAR(Q$19-1),MONTH(Q$19-1),MIN($J23,DAY(EOMONTH(Q$19-1,0)))))-MONTH($H23),CHOOSE($F23,1,1,3,12))=0))*1,0))) | R23: =IF(OR(NOT($K23),R$19<=R$18),0,$D23*IF($F23=1,IF(MIN(R$19,$I23+1)<=MAX(R$18,$H23),0,MAX(0,INT((MIN(R$19,$I23+1)-MAX(R$18,$H23)-1-MOD(WEEKDAY($H23,2)-WEEKDAY(MAX(R$18,$H23),2),7))/7)+1)),(AND(DATE(YEAR(R$18),MONTH(R$18),MIN($J23,DAY(EOMONTH(R$18,0))))>=R$18,DATE(YEAR(R$18),MONTH(R$18),MIN($J23,DAY(EOMONTH(R$18,0))))<R$19,DATE(YEAR(R$18),MONTH(R$18),MIN($J23,DAY(EOMONTH(R$18,0))))>=$H23,DATE(YEAR(R$18),MONTH(R$18),MIN($J23,DAY(EOMONTH(R$18,0))))<=$I23,MOD((YEAR(DATE(YEAR(R$18),MONTH(R$18),MIN($J23,DAY(EOMONTH(R$18,0)))))-YEAR($H23))*12+MONTH(DATE(YEAR(R$18),MONTH(R$18),MIN($J23,DAY(EOMONTH(R$18,0)))))-MONTH($H23),CHOOSE($F23,1,1,3,12))=0))*1+IF(MONTH(DATE(YEAR(R$19-1),MONTH(R$19-1),MIN($J23,DAY(EOMONTH(R$19-1,0)))))<>MONTH(DATE(YEAR(R$18),MONTH(R$18),MIN($J23,DAY(EOMONTH(R$18,0))))),(AND(DATE(YEAR(R$19-1),MONTH(R$19-1),MIN($J23,DAY(EOMONTH(R$19-1,0))))>=R$18,DATE(YEAR(R$19-1),MONTH(R$19-1),MIN($J23,DAY(EOMONTH(R$19-1,0))))<R$19,DATE(YEAR(R$19-1),MONTH(R$19-1),MIN($J23,DAY(EOMONTH(R$19-1,0))))>=$H23,DATE(YEAR(R$19-1),MONTH(R$19-1),MIN($J23,DAY(EOMONTH(R$19-1,0))))<=$I23,MOD((YEAR(DATE(YEAR(R$19-1),MONTH(R$19-1),MIN($J23,DAY(EOMONTH(R$19-1,0)))))-YEAR($H23))*12+MONTH(DATE(YEAR(R$19-1),MONTH(R$19-1),MIN($J23,DAY(EOMONTH(R$19-1,0)))))-MONTH($H23),CHOOSE($F23,1,1,3,12))=0))*1,0))) | S23: =IF(OR(NOT($K23),S$19<=S$18),0,$D23*IF($F23=1,IF(MIN(S$19,$I23+1)<=MAX(S$18,$H23),0,MAX(0,INT((MIN(S$19,$I23+1)-MAX(S$18,$H23)-1-MOD(WEEKDAY($H23,2)-WEEKDAY(MAX(S$18,$H23),2),7))/7)+1)),(AND(DATE(YEAR(S$18),MONTH(S$18),MIN($J23,DAY(EOMONTH(S$18,0))))>=S$18,DATE(YEAR(S$18),MONTH(S$18),MIN($J23,DAY(EOMONTH(S$18,0))))<S$19,DATE(YEAR(S$18),MONTH(S$18),MIN($J23,DAY(EOMONTH(S$18,0))))>=$H23,DATE(YEAR(S$18),MONTH(S$18),MIN($J23,DAY(EOMONTH(S$18,0))))<=$I23,MOD((YEAR(DATE(YEAR(S$18),MONTH(S$18),MIN($J23,DAY(EOMONTH(S$18,0)))))-YEAR($H23))*12+MONTH(DATE(YEAR(S$18),MONTH(S$18),MIN($J23,DAY(EOMONTH(S$18,0)))))-MONTH($H23),CHOOSE($F23,1,1,3,12))=0))*1+IF(MONTH(DATE(YEAR(S$19-1),MONTH(S$19-1),MIN($J23,DAY(EOMONTH(S$19-1,0)))))<>MONTH(DATE(YEAR(S$18),MONTH(S$18),MIN($J23,DAY(EOMONTH(S$18,0))))),(AND(DATE(YEAR(S$19-1),MONTH(S$19-1),MIN($J23,DAY(EOMONTH(S$19-1,0))))>=S$18,DATE(YEAR(S$19-1),MONTH(S$19-1),MIN($J23,DAY(EOMONTH(S$19-1,0))))<S$19,DATE(YEAR(S$19-1),MONTH(S$19-1),MIN($J23,DAY(EOMONTH(S$19-1,0))))>=$H23,DATE(YEAR(S$19-1),MONTH(S$19-1),MIN($J23,DAY(EOMONTH(S$19-1,0))))<=$I23,MOD((YEAR(DATE(YEAR(S$19-1),MONTH(S$19-1),MIN($J23,DAY(EOMONTH(S$19-1,0)))))-YEAR($H23))*12+MONTH(DATE(YEAR(S$19-1),MONTH(S$19-1),MIN($J23,DAY(EOMONTH(S$19-1,0)))))-MONTH($H23),CHOOSE($F23,1,1,3,12))=0))*1,0))) | T23: =IF(OR(NOT($K23),T$19<=T$18),0,$D23*IF($F23=1,IF(MIN(T$19,$I23+1)<=MAX(T$18,$H23),0,MAX(0,INT((MIN(T$19,$I23+1)-MAX(T$18,$H23)-1-MOD(WEEKDAY($H23,2)-WEEKDAY(MAX(T$18,$H23),2),7))/7)+1)),(AND(DATE(YEAR(T$18),MONTH(T$18),MIN($J23,DAY(EOMONTH(T$18,0))))>=T$18,DATE(YEAR(T$18),MONTH(T$18),MIN($J23,DAY(EOMONTH(T$18,0))))<T$19,DATE(YEAR(T$18),MONTH(T$18),MIN($J23,DAY(EOMONTH(T$18,0))))>=$H23,DATE(YEAR(T$18),MONTH(T$18),MIN($J23,DAY(EOMONTH(T$18,0))))<=$I23,MOD((YEAR(DATE(YEAR(T$18),MONTH(T$18),MIN($J23,DAY(EOMONTH(T$18,0)))))-YEAR($H23))*12+MONTH(DATE(YEAR(T$18),MONTH(T$18),MIN($J23,DAY(EOMONTH(T$18,0)))))-MONTH($H23),CHOOSE($F23,1,1,3,12))=0))*1+IF(MONTH(DATE(YEAR(T$19-1),MONTH(T$19-1),MIN($J23,DAY(EOMONTH(T$19-1,0)))))<>MONTH(DATE(YEAR(T$18),MONTH(T$18),MIN($J23,DAY(EOMONTH(T$18,0))))),(AND(DATE(YEAR(T$19-1),MONTH(T$19-1),MIN($J23,DAY(EOMONTH(T$19-1,0))))>=T$18,DATE(YEAR(T$19-1),MONTH(T$19-1),MIN($J23,DAY(EOMONTH(T$19-1,0))))<T$19,DATE(YEAR(T$19-1),MONTH(T$19-1),MIN($J23,DAY(EOMONTH(T$19-1,0))))>=$H23,DATE(YEAR(T$19-1),MONTH(T$19-1),MIN($J23,DAY(EOMONTH(T$19-1,0))))<=$I23,MOD((YEAR(DATE(YEAR(T$19-1),MONTH(T$19-1),MIN($J23,DAY(EOMONTH(T$19-1,0)))))-YEAR($H23))*12+MONTH(DATE(YEAR(T$19-1),MONTH(T$19-1),MIN($J23,DAY(EOMONTH(T$19-1,0)))))-MONTH($H23),CHOOSE($F23,1,1,3,12))=0))*1,0))) | ... AK23: =IF(OR(NOT($K23),AK$19<=AK$18),0,$D23*IF($F23=1,IF(MIN(AK$19,$I23+1)<=MAX(AK$18,$H23),0,MAX(0,INT((MIN(AK$19,$I23+1)-MAX(AK$18,$H23)-1-MOD(WEEKDAY($H23,2)-WEEKDAY(MAX(AK$18,$H23),2),7))/7)+1)),(AND(DATE(YEAR(AK$18),MONTH(AK$18),MIN($J23,DAY(EOMONTH(AK$18,0))))>=AK$18,DATE(YEAR(AK$18),MONTH(AK$18),MIN($J23,DAY(EOMONTH(AK$18,0))))<AK$19,DATE(YEAR(AK$18),MONTH(AK$18),MIN($J23,DAY(EOMONTH(AK$18,0))))>=$H23,DATE(YEAR(AK$18),MONTH(AK$18),MIN($J23,DAY(EOMONTH(AK$18,0))))<=$I23,MOD((YEAR(DATE(YEAR(AK$18),MONTH(AK$18),MIN($J23,DAY(EOMONTH(AK$18,0)))))-YEAR($H23))*12+MONTH(DATE(YEAR(AK$18),MONTH(AK$18),MIN($J23,DAY(EOMONTH(AK$18,0)))))-MONTH($H23),CHOOSE($F23,1,1,3,12))=0))*1+IF(MONTH(DATE(YEAR(AK$19-1),MONTH(AK$19-1),MIN($J23,DAY(EOMONTH(AK$19-1,0)))))<>MONTH(DATE(YEAR(AK$18),MONTH(AK$18),MIN($J23,DAY(EOMONTH(AK$18,0))))),(AND(DATE(YEAR(AK$19-1),MONTH(AK$19-1),MIN($J23,DAY(EOMONTH(AK$19-1,0))))>=AK$18,DATE(YEAR(AK$19-1),MONTH(AK$19-1),MIN($J23,DAY(EOMONTH(AK$19-1,0))))<AK$19,DATE(YEAR(AK$19-1),MONTH(AK$19-1),MIN($J23,DAY(EOMONTH(AK$19-1,0))))>=$H23,DATE(YEAR(AK$19-1),MONTH(AK$19-1),MIN($J23,DAY(EOMONTH(AK$19-1,0))))<=$I23,MOD((YEAR(DATE(YEAR(AK$19-1),MONTH(AK$19-1),MIN($J23,DAY(EOMONTH(AK$19-1,0)))))-YEAR($H23))*12+MONTH(DATE(YEAR(AK$19-1),MONTH(AK$19-1),MIN($J23,DAY(EOMONTH(AK$19-1,0)))))-MONTH($H23),CHOOSE($F23,1,1,3,12))=0))*1,0)))
A24: 4 | B24: =Recurring!B11&"" | C24: =IF(Recurring!C11="","§§",Recurring!C11) | D24: =N(Recurring!D11) | E24: =IF(COUNTIF($J$2:$J$5,C24)>0,1,IF(COUNTIF($J$7:$J$16,C24)>0,-1,0)) | F24: =ROUND(SUMPRODUCT((Lang!$C$49:$N$52=Recurring!E11)*(ROW(Lang!$C$49:$N$52)-48))/MAX(1,COUNTIF(Lang!$C$49:$N$52,Recurring!E11)),0) | H24: =N(Recurring!F11) | I24: =IF(N(Recurring!G11)=0,73051,Recurring!G11) | J24: =IF(H24>0,DAY(H24),1) | K24: =AND(D24>0,E24<>0,F24>0,H24>0) | M24: =IF(OR(NOT($K24),M$19<=M$18),0,$D24*IF($F24=1,IF(MIN(M$19,$I24+1)<=MAX(M$18,$H24),0,MAX(0,INT((MIN(M$19,$I24+1)-MAX(M$18,$H24)-1-MOD(WEEKDAY($H24,2)-WEEKDAY(MAX(M$18,$H24),2),7))/7)+1)),(AND(DATE(YEAR(M$18),MONTH(M$18),MIN($J24,DAY(EOMONTH(M$18,0))))>=M$18,DATE(YEAR(M$18),MONTH(M$18),MIN($J24,DAY(EOMONTH(M$18,0))))<M$19,DATE(YEAR(M$18),MONTH(M$18),MIN($J24,DAY(EOMONTH(M$18,0))))>=$H24,DATE(YEAR(M$18),MONTH(M$18),MIN($J24,DAY(EOMONTH(M$18,0))))<=$I24,MOD((YEAR(DATE(YEAR(M$18),MONTH(M$18),MIN($J24,DAY(EOMONTH(M$18,0)))))-YEAR($H24))*12+MONTH(DATE(YEAR(M$18),MONTH(M$18),MIN($J24,DAY(EOMONTH(M$18,0)))))-MONTH($H24),CHOOSE($F24,1,1,3,12))=0))*1+IF(MONTH(DATE(YEAR(M$19-1),MONTH(M$19-1),MIN($J24,DAY(EOMONTH(M$19-1,0)))))<>MONTH(DATE(YEAR(M$18),MONTH(M$18),MIN($J24,DAY(EOMONTH(M$18,0))))),(AND(DATE(YEAR(M$19-1),MONTH(M$19-1),MIN($J24,DAY(EOMONTH(M$19-1,0))))>=M$18,DATE(YEAR(M$19-1),MONTH(M$19-1),MIN($J24,DAY(EOMONTH(M$19-1,0))))<M$19,DATE(YEAR(M$19-1),MONTH(M$19-1),MIN($J24,DAY(EOMONTH(M$19-1,0))))>=$H24,DATE(YEAR(M$19-1),MONTH(M$19-1),MIN($J24,DAY(EOMONTH(M$19-1,0))))<=$I24,MOD((YEAR(DATE(YEAR(M$19-1),MONTH(M$19-1),MIN($J24,DAY(EOMONTH(M$19-1,0)))))-YEAR($H24))*12+MONTH(DATE(YEAR(M$19-1),MONTH(M$19-1),MIN($J24,DAY(EOMONTH(M$19-1,0)))))-MONTH($H24),CHOOSE($F24,1,1,3,12))=0))*1,0))) | N24: =IF(OR(NOT($K24),N$19<=N$18),0,$D24*IF($F24=1,IF(MIN(N$19,$I24+1)<=MAX(N$18,$H24),0,MAX(0,INT((MIN(N$19,$I24+1)-MAX(N$18,$H24)-1-MOD(WEEKDAY($H24,2)-WEEKDAY(MAX(N$18,$H24),2),7))/7)+1)),(AND(DATE(YEAR(N$18),MONTH(N$18),MIN($J24,DAY(EOMONTH(N$18,0))))>=N$18,DATE(YEAR(N$18),MONTH(N$18),MIN($J24,DAY(EOMONTH(N$18,0))))<N$19,DATE(YEAR(N$18),MONTH(N$18),MIN($J24,DAY(EOMONTH(N$18,0))))>=$H24,DATE(YEAR(N$18),MONTH(N$18),MIN($J24,DAY(EOMONTH(N$18,0))))<=$I24,MOD((YEAR(DATE(YEAR(N$18),MONTH(N$18),MIN($J24,DAY(EOMONTH(N$18,0)))))-YEAR($H24))*12+MONTH(DATE(YEAR(N$18),MONTH(N$18),MIN($J24,DAY(EOMONTH(N$18,0)))))-MONTH($H24),CHOOSE($F24,1,1,3,12))=0))*1+IF(MONTH(DATE(YEAR(N$19-1),MONTH(N$19-1),MIN($J24,DAY(EOMONTH(N$19-1,0)))))<>MONTH(DATE(YEAR(N$18),MONTH(N$18),MIN($J24,DAY(EOMONTH(N$18,0))))),(AND(DATE(YEAR(N$19-1),MONTH(N$19-1),MIN($J24,DAY(EOMONTH(N$19-1,0))))>=N$18,DATE(YEAR(N$19-1),MONTH(N$19-1),MIN($J24,DAY(EOMONTH(N$19-1,0))))<N$19,DATE(YEAR(N$19-1),MONTH(N$19-1),MIN($J24,DAY(EOMONTH(N$19-1,0))))>=$H24,DATE(YEAR(N$19-1),MONTH(N$19-1),MIN($J24,DAY(EOMONTH(N$19-1,0))))<=$I24,MOD((YEAR(DATE(YEAR(N$19-1),MONTH(N$19-1),MIN($J24,DAY(EOMONTH(N$19-1,0)))))-YEAR($H24))*12+MONTH(DATE(YEAR(N$19-1),MONTH(N$19-1),MIN($J24,DAY(EOMONTH(N$19-1,0)))))-MONTH($H24),CHOOSE($F24,1,1,3,12))=0))*1,0))) | O24: =IF(OR(NOT($K24),O$19<=O$18),0,$D24*IF($F24=1,IF(MIN(O$19,$I24+1)<=MAX(O$18,$H24),0,MAX(0,INT((MIN(O$19,$I24+1)-MAX(O$18,$H24)-1-MOD(WEEKDAY($H24,2)-WEEKDAY(MAX(O$18,$H24),2),7))/7)+1)),(AND(DATE(YEAR(O$18),MONTH(O$18),MIN($J24,DAY(EOMONTH(O$18,0))))>=O$18,DATE(YEAR(O$18),MONTH(O$18),MIN($J24,DAY(EOMONTH(O$18,0))))<O$19,DATE(YEAR(O$18),MONTH(O$18),MIN($J24,DAY(EOMONTH(O$18,0))))>=$H24,DATE(YEAR(O$18),MONTH(O$18),MIN($J24,DAY(EOMONTH(O$18,0))))<=$I24,MOD((YEAR(DATE(YEAR(O$18),MONTH(O$18),MIN($J24,DAY(EOMONTH(O$18,0)))))-YEAR($H24))*12+MONTH(DATE(YEAR(O$18),MONTH(O$18),MIN($J24,DAY(EOMONTH(O$18,0)))))-MONTH($H24),CHOOSE($F24,1,1,3,12))=0))*1+IF(MONTH(DATE(YEAR(O$19-1),MONTH(O$19-1),MIN($J24,DAY(EOMONTH(O$19-1,0)))))<>MONTH(DATE(YEAR(O$18),MONTH(O$18),MIN($J24,DAY(EOMONTH(O$18,0))))),(AND(DATE(YEAR(O$19-1),MONTH(O$19-1),MIN($J24,DAY(EOMONTH(O$19-1,0))))>=O$18,DATE(YEAR(O$19-1),MONTH(O$19-1),MIN($J24,DAY(EOMONTH(O$19-1,0))))<O$19,DATE(YEAR(O$19-1),MONTH(O$19-1),MIN($J24,DAY(EOMONTH(O$19-1,0))))>=$H24,DATE(YEAR(O$19-1),MONTH(O$19-1),MIN($J24,DAY(EOMONTH(O$19-1,0))))<=$I24,MOD((YEAR(DATE(YEAR(O$19-1),MONTH(O$19-1),MIN($J24,DAY(EOMONTH(O$19-1,0)))))-YEAR($H24))*12+MONTH(DATE(YEAR(O$19-1),MONTH(O$19-1),MIN($J24,DAY(EOMONTH(O$19-1,0)))))-MONTH($H24),CHOOSE($F24,1,1,3,12))=0))*1,0))) | P24: =IF(OR(NOT($K24),P$19<=P$18),0,$D24*IF($F24=1,IF(MIN(P$19,$I24+1)<=MAX(P$18,$H24),0,MAX(0,INT((MIN(P$19,$I24+1)-MAX(P$18,$H24)-1-MOD(WEEKDAY($H24,2)-WEEKDAY(MAX(P$18,$H24),2),7))/7)+1)),(AND(DATE(YEAR(P$18),MONTH(P$18),MIN($J24,DAY(EOMONTH(P$18,0))))>=P$18,DATE(YEAR(P$18),MONTH(P$18),MIN($J24,DAY(EOMONTH(P$18,0))))<P$19,DATE(YEAR(P$18),MONTH(P$18),MIN($J24,DAY(EOMONTH(P$18,0))))>=$H24,DATE(YEAR(P$18),MONTH(P$18),MIN($J24,DAY(EOMONTH(P$18,0))))<=$I24,MOD((YEAR(DATE(YEAR(P$18),MONTH(P$18),MIN($J24,DAY(EOMONTH(P$18,0)))))-YEAR($H24))*12+MONTH(DATE(YEAR(P$18),MONTH(P$18),MIN($J24,DAY(EOMONTH(P$18,0)))))-MONTH($H24),CHOOSE($F24,1,1,3,12))=0))*1+IF(MONTH(DATE(YEAR(P$19-1),MONTH(P$19-1),MIN($J24,DAY(EOMONTH(P$19-1,0)))))<>MONTH(DATE(YEAR(P$18),MONTH(P$18),MIN($J24,DAY(EOMONTH(P$18,0))))),(AND(DATE(YEAR(P$19-1),MONTH(P$19-1),MIN($J24,DAY(EOMONTH(P$19-1,0))))>=P$18,DATE(YEAR(P$19-1),MONTH(P$19-1),MIN($J24,DAY(EOMONTH(P$19-1,0))))<P$19,DATE(YEAR(P$19-1),MONTH(P$19-1),MIN($J24,DAY(EOMONTH(P$19-1,0))))>=$H24,DATE(YEAR(P$19-1),MONTH(P$19-1),MIN($J24,DAY(EOMONTH(P$19-1,0))))<=$I24,MOD((YEAR(DATE(YEAR(P$19-1),MONTH(P$19-1),MIN($J24,DAY(EOMONTH(P$19-1,0)))))-YEAR($H24))*12+MONTH(DATE(YEAR(P$19-1),MONTH(P$19-1),MIN($J24,DAY(EOMONTH(P$19-1,0)))))-MONTH($H24),CHOOSE($F24,1,1,3,12))=0))*1,0))) | Q24: =IF(OR(NOT($K24),Q$19<=Q$18),0,$D24*IF($F24=1,IF(MIN(Q$19,$I24+1)<=MAX(Q$18,$H24),0,MAX(0,INT((MIN(Q$19,$I24+1)-MAX(Q$18,$H24)-1-MOD(WEEKDAY($H24,2)-WEEKDAY(MAX(Q$18,$H24),2),7))/7)+1)),(AND(DATE(YEAR(Q$18),MONTH(Q$18),MIN($J24,DAY(EOMONTH(Q$18,0))))>=Q$18,DATE(YEAR(Q$18),MONTH(Q$18),MIN($J24,DAY(EOMONTH(Q$18,0))))<Q$19,DATE(YEAR(Q$18),MONTH(Q$18),MIN($J24,DAY(EOMONTH(Q$18,0))))>=$H24,DATE(YEAR(Q$18),MONTH(Q$18),MIN($J24,DAY(EOMONTH(Q$18,0))))<=$I24,MOD((YEAR(DATE(YEAR(Q$18),MONTH(Q$18),MIN($J24,DAY(EOMONTH(Q$18,0)))))-YEAR($H24))*12+MONTH(DATE(YEAR(Q$18),MONTH(Q$18),MIN($J24,DAY(EOMONTH(Q$18,0)))))-MONTH($H24),CHOOSE($F24,1,1,3,12))=0))*1+IF(MONTH(DATE(YEAR(Q$19-1),MONTH(Q$19-1),MIN($J24,DAY(EOMONTH(Q$19-1,0)))))<>MONTH(DATE(YEAR(Q$18),MONTH(Q$18),MIN($J24,DAY(EOMONTH(Q$18,0))))),(AND(DATE(YEAR(Q$19-1),MONTH(Q$19-1),MIN($J24,DAY(EOMONTH(Q$19-1,0))))>=Q$18,DATE(YEAR(Q$19-1),MONTH(Q$19-1),MIN($J24,DAY(EOMONTH(Q$19-1,0))))<Q$19,DATE(YEAR(Q$19-1),MONTH(Q$19-1),MIN($J24,DAY(EOMONTH(Q$19-1,0))))>=$H24,DATE(YEAR(Q$19-1),MONTH(Q$19-1),MIN($J24,DAY(EOMONTH(Q$19-1,0))))<=$I24,MOD((YEAR(DATE(YEAR(Q$19-1),MONTH(Q$19-1),MIN($J24,DAY(EOMONTH(Q$19-1,0)))))-YEAR($H24))*12+MONTH(DATE(YEAR(Q$19-1),MONTH(Q$19-1),MIN($J24,DAY(EOMONTH(Q$19-1,0)))))-MONTH($H24),CHOOSE($F24,1,1,3,12))=0))*1,0))) | R24: =IF(OR(NOT($K24),R$19<=R$18),0,$D24*IF($F24=1,IF(MIN(R$19,$I24+1)<=MAX(R$18,$H24),0,MAX(0,INT((MIN(R$19,$I24+1)-MAX(R$18,$H24)-1-MOD(WEEKDAY($H24,2)-WEEKDAY(MAX(R$18,$H24),2),7))/7)+1)),(AND(DATE(YEAR(R$18),MONTH(R$18),MIN($J24,DAY(EOMONTH(R$18,0))))>=R$18,DATE(YEAR(R$18),MONTH(R$18),MIN($J24,DAY(EOMONTH(R$18,0))))<R$19,DATE(YEAR(R$18),MONTH(R$18),MIN($J24,DAY(EOMONTH(R$18,0))))>=$H24,DATE(YEAR(R$18),MONTH(R$18),MIN($J24,DAY(EOMONTH(R$18,0))))<=$I24,MOD((YEAR(DATE(YEAR(R$18),MONTH(R$18),MIN($J24,DAY(EOMONTH(R$18,0)))))-YEAR($H24))*12+MONTH(DATE(YEAR(R$18),MONTH(R$18),MIN($J24,DAY(EOMONTH(R$18,0)))))-MONTH($H24),CHOOSE($F24,1,1,3,12))=0))*1+IF(MONTH(DATE(YEAR(R$19-1),MONTH(R$19-1),MIN($J24,DAY(EOMONTH(R$19-1,0)))))<>MONTH(DATE(YEAR(R$18),MONTH(R$18),MIN($J24,DAY(EOMONTH(R$18,0))))),(AND(DATE(YEAR(R$19-1),MONTH(R$19-1),MIN($J24,DAY(EOMONTH(R$19-1,0))))>=R$18,DATE(YEAR(R$19-1),MONTH(R$19-1),MIN($J24,DAY(EOMONTH(R$19-1,0))))<R$19,DATE(YEAR(R$19-1),MONTH(R$19-1),MIN($J24,DAY(EOMONTH(R$19-1,0))))>=$H24,DATE(YEAR(R$19-1),MONTH(R$19-1),MIN($J24,DAY(EOMONTH(R$19-1,0))))<=$I24,MOD((YEAR(DATE(YEAR(R$19-1),MONTH(R$19-1),MIN($J24,DAY(EOMONTH(R$19-1,0)))))-YEAR($H24))*12+MONTH(DATE(YEAR(R$19-1),MONTH(R$19-1),MIN($J24,DAY(EOMONTH(R$19-1,0)))))-MONTH($H24),CHOOSE($F24,1,1,3,12))=0))*1,0))) | S24: =IF(OR(NOT($K24),S$19<=S$18),0,$D24*IF($F24=1,IF(MIN(S$19,$I24+1)<=MAX(S$18,$H24),0,MAX(0,INT((MIN(S$19,$I24+1)-MAX(S$18,$H24)-1-MOD(WEEKDAY($H24,2)-WEEKDAY(MAX(S$18,$H24),2),7))/7)+1)),(AND(DATE(YEAR(S$18),MONTH(S$18),MIN($J24,DAY(EOMONTH(S$18,0))))>=S$18,DATE(YEAR(S$18),MONTH(S$18),MIN($J24,DAY(EOMONTH(S$18,0))))<S$19,DATE(YEAR(S$18),MONTH(S$18),MIN($J24,DAY(EOMONTH(S$18,0))))>=$H24,DATE(YEAR(S$18),MONTH(S$18),MIN($J24,DAY(EOMONTH(S$18,0))))<=$I24,MOD((YEAR(DATE(YEAR(S$18),MONTH(S$18),MIN($J24,DAY(EOMONTH(S$18,0)))))-YEAR($H24))*12+MONTH(DATE(YEAR(S$18),MONTH(S$18),MIN($J24,DAY(EOMONTH(S$18,0)))))-MONTH($H24),CHOOSE($F24,1,1,3,12))=0))*1+IF(MONTH(DATE(YEAR(S$19-1),MONTH(S$19-1),MIN($J24,DAY(EOMONTH(S$19-1,0)))))<>MONTH(DATE(YEAR(S$18),MONTH(S$18),MIN($J24,DAY(EOMONTH(S$18,0))))),(AND(DATE(YEAR(S$19-1),MONTH(S$19-1),MIN($J24,DAY(EOMONTH(S$19-1,0))))>=S$18,DATE(YEAR(S$19-1),MONTH(S$19-1),MIN($J24,DAY(EOMONTH(S$19-1,0))))<S$19,DATE(YEAR(S$19-1),MONTH(S$19-1),MIN($J24,DAY(EOMONTH(S$19-1,0))))>=$H24,DATE(YEAR(S$19-1),MONTH(S$19-1),MIN($J24,DAY(EOMONTH(S$19-1,0))))<=$I24,MOD((YEAR(DATE(YEAR(S$19-1),MONTH(S$19-1),MIN($J24,DAY(EOMONTH(S$19-1,0)))))-YEAR($H24))*12+MONTH(DATE(YEAR(S$19-1),MONTH(S$19-1),MIN($J24,DAY(EOMONTH(S$19-1,0)))))-MONTH($H24),CHOOSE($F24,1,1,3,12))=0))*1,0))) | T24: =IF(OR(NOT($K24),T$19<=T$18),0,$D24*IF($F24=1,IF(MIN(T$19,$I24+1)<=MAX(T$18,$H24),0,MAX(0,INT((MIN(T$19,$I24+1)-MAX(T$18,$H24)-1-MOD(WEEKDAY($H24,2)-WEEKDAY(MAX(T$18,$H24),2),7))/7)+1)),(AND(DATE(YEAR(T$18),MONTH(T$18),MIN($J24,DAY(EOMONTH(T$18,0))))>=T$18,DATE(YEAR(T$18),MONTH(T$18),MIN($J24,DAY(EOMONTH(T$18,0))))<T$19,DATE(YEAR(T$18),MONTH(T$18),MIN($J24,DAY(EOMONTH(T$18,0))))>=$H24,DATE(YEAR(T$18),MONTH(T$18),MIN($J24,DAY(EOMONTH(T$18,0))))<=$I24,MOD((YEAR(DATE(YEAR(T$18),MONTH(T$18),MIN($J24,DAY(EOMONTH(T$18,0)))))-YEAR($H24))*12+MONTH(DATE(YEAR(T$18),MONTH(T$18),MIN($J24,DAY(EOMONTH(T$18,0)))))-MONTH($H24),CHOOSE($F24,1,1,3,12))=0))*1+IF(MONTH(DATE(YEAR(T$19-1),MONTH(T$19-1),MIN($J24,DAY(EOMONTH(T$19-1,0)))))<>MONTH(DATE(YEAR(T$18),MONTH(T$18),MIN($J24,DAY(EOMONTH(T$18,0))))),(AND(DATE(YEAR(T$19-1),MONTH(T$19-1),MIN($J24,DAY(EOMONTH(T$19-1,0))))>=T$18,DATE(YEAR(T$19-1),MONTH(T$19-1),MIN($J24,DAY(EOMONTH(T$19-1,0))))<T$19,DATE(YEAR(T$19-1),MONTH(T$19-1),MIN($J24,DAY(EOMONTH(T$19-1,0))))>=$H24,DATE(YEAR(T$19-1),MONTH(T$19-1),MIN($J24,DAY(EOMONTH(T$19-1,0))))<=$I24,MOD((YEAR(DATE(YEAR(T$19-1),MONTH(T$19-1),MIN($J24,DAY(EOMONTH(T$19-1,0)))))-YEAR($H24))*12+MONTH(DATE(YEAR(T$19-1),MONTH(T$19-1),MIN($J24,DAY(EOMONTH(T$19-1,0)))))-MONTH($H24),CHOOSE($F24,1,1,3,12))=0))*1,0))) | ... AK24: =IF(OR(NOT($K24),AK$19<=AK$18),0,$D24*IF($F24=1,IF(MIN(AK$19,$I24+1)<=MAX(AK$18,$H24),0,MAX(0,INT((MIN(AK$19,$I24+1)-MAX(AK$18,$H24)-1-MOD(WEEKDAY($H24,2)-WEEKDAY(MAX(AK$18,$H24),2),7))/7)+1)),(AND(DATE(YEAR(AK$18),MONTH(AK$18),MIN($J24,DAY(EOMONTH(AK$18,0))))>=AK$18,DATE(YEAR(AK$18),MONTH(AK$18),MIN($J24,DAY(EOMONTH(AK$18,0))))<AK$19,DATE(YEAR(AK$18),MONTH(AK$18),MIN($J24,DAY(EOMONTH(AK$18,0))))>=$H24,DATE(YEAR(AK$18),MONTH(AK$18),MIN($J24,DAY(EOMONTH(AK$18,0))))<=$I24,MOD((YEAR(DATE(YEAR(AK$18),MONTH(AK$18),MIN($J24,DAY(EOMONTH(AK$18,0)))))-YEAR($H24))*12+MONTH(DATE(YEAR(AK$18),MONTH(AK$18),MIN($J24,DAY(EOMONTH(AK$18,0)))))-MONTH($H24),CHOOSE($F24,1,1,3,12))=0))*1+IF(MONTH(DATE(YEAR(AK$19-1),MONTH(AK$19-1),MIN($J24,DAY(EOMONTH(AK$19-1,0)))))<>MONTH(DATE(YEAR(AK$18),MONTH(AK$18),MIN($J24,DAY(EOMONTH(AK$18,0))))),(AND(DATE(YEAR(AK$19-1),MONTH(AK$19-1),MIN($J24,DAY(EOMONTH(AK$19-1,0))))>=AK$18,DATE(YEAR(AK$19-1),MONTH(AK$19-1),MIN($J24,DAY(EOMONTH(AK$19-1,0))))<AK$19,DATE(YEAR(AK$19-1),MONTH(AK$19-1),MIN($J24,DAY(EOMONTH(AK$19-1,0))))>=$H24,DATE(YEAR(AK$19-1),MONTH(AK$19-1),MIN($J24,DAY(EOMONTH(AK$19-1,0))))<=$I24,MOD((YEAR(DATE(YEAR(AK$19-1),MONTH(AK$19-1),MIN($J24,DAY(EOMONTH(AK$19-1,0)))))-YEAR($H24))*12+MONTH(DATE(YEAR(AK$19-1),MONTH(AK$19-1),MIN($J24,DAY(EOMONTH(AK$19-1,0)))))-MONTH($H24),CHOOSE($F24,1,1,3,12))=0))*1,0)))
A25: 5 | B25: =Recurring!B12&"" | C25: =IF(Recurring!C12="","§§",Recurring!C12) | D25: =N(Recurring!D12) | E25: =IF(COUNTIF($J$2:$J$5,C25)>0,1,IF(COUNTIF($J$7:$J$16,C25)>0,-1,0)) | F25: =ROUND(SUMPRODUCT((Lang!$C$49:$N$52=Recurring!E12)*(ROW(Lang!$C$49:$N$52)-48))/MAX(1,COUNTIF(Lang!$C$49:$N$52,Recurring!E12)),0) | H25: =N(Recurring!F12) | I25: =IF(N(Recurring!G12)=0,73051,Recurring!G12) | J25: =IF(H25>0,DAY(H25),1) | K25: =AND(D25>0,E25<>0,F25>0,H25>0) | M25: =IF(OR(NOT($K25),M$19<=M$18),0,$D25*IF($F25=1,IF(MIN(M$19,$I25+1)<=MAX(M$18,$H25),0,MAX(0,INT((MIN(M$19,$I25+1)-MAX(M$18,$H25)-1-MOD(WEEKDAY($H25,2)-WEEKDAY(MAX(M$18,$H25),2),7))/7)+1)),(AND(DATE(YEAR(M$18),MONTH(M$18),MIN($J25,DAY(EOMONTH(M$18,0))))>=M$18,DATE(YEAR(M$18),MONTH(M$18),MIN($J25,DAY(EOMONTH(M$18,0))))<M$19,DATE(YEAR(M$18),MONTH(M$18),MIN($J25,DAY(EOMONTH(M$18,0))))>=$H25,DATE(YEAR(M$18),MONTH(M$18),MIN($J25,DAY(EOMONTH(M$18,0))))<=$I25,MOD((YEAR(DATE(YEAR(M$18),MONTH(M$18),MIN($J25,DAY(EOMONTH(M$18,0)))))-YEAR($H25))*12+MONTH(DATE(YEAR(M$18),MONTH(M$18),MIN($J25,DAY(EOMONTH(M$18,0)))))-MONTH($H25),CHOOSE($F25,1,1,3,12))=0))*1+IF(MONTH(DATE(YEAR(M$19-1),MONTH(M$19-1),MIN($J25,DAY(EOMONTH(M$19-1,0)))))<>MONTH(DATE(YEAR(M$18),MONTH(M$18),MIN($J25,DAY(EOMONTH(M$18,0))))),(AND(DATE(YEAR(M$19-1),MONTH(M$19-1),MIN($J25,DAY(EOMONTH(M$19-1,0))))>=M$18,DATE(YEAR(M$19-1),MONTH(M$19-1),MIN($J25,DAY(EOMONTH(M$19-1,0))))<M$19,DATE(YEAR(M$19-1),MONTH(M$19-1),MIN($J25,DAY(EOMONTH(M$19-1,0))))>=$H25,DATE(YEAR(M$19-1),MONTH(M$19-1),MIN($J25,DAY(EOMONTH(M$19-1,0))))<=$I25,MOD((YEAR(DATE(YEAR(M$19-1),MONTH(M$19-1),MIN($J25,DAY(EOMONTH(M$19-1,0)))))-YEAR($H25))*12+MONTH(DATE(YEAR(M$19-1),MONTH(M$19-1),MIN($J25,DAY(EOMONTH(M$19-1,0)))))-MONTH($H25),CHOOSE($F25,1,1,3,12))=0))*1,0))) | N25: =IF(OR(NOT($K25),N$19<=N$18),0,$D25*IF($F25=1,IF(MIN(N$19,$I25+1)<=MAX(N$18,$H25),0,MAX(0,INT((MIN(N$19,$I25+1)-MAX(N$18,$H25)-1-MOD(WEEKDAY($H25,2)-WEEKDAY(MAX(N$18,$H25),2),7))/7)+1)),(AND(DATE(YEAR(N$18),MONTH(N$18),MIN($J25,DAY(EOMONTH(N$18,0))))>=N$18,DATE(YEAR(N$18),MONTH(N$18),MIN($J25,DAY(EOMONTH(N$18,0))))<N$19,DATE(YEAR(N$18),MONTH(N$18),MIN($J25,DAY(EOMONTH(N$18,0))))>=$H25,DATE(YEAR(N$18),MONTH(N$18),MIN($J25,DAY(EOMONTH(N$18,0))))<=$I25,MOD((YEAR(DATE(YEAR(N$18),MONTH(N$18),MIN($J25,DAY(EOMONTH(N$18,0)))))-YEAR($H25))*12+MONTH(DATE(YEAR(N$18),MONTH(N$18),MIN($J25,DAY(EOMONTH(N$18,0)))))-MONTH($H25),CHOOSE($F25,1,1,3,12))=0))*1+IF(MONTH(DATE(YEAR(N$19-1),MONTH(N$19-1),MIN($J25,DAY(EOMONTH(N$19-1,0)))))<>MONTH(DATE(YEAR(N$18),MONTH(N$18),MIN($J25,DAY(EOMONTH(N$18,0))))),(AND(DATE(YEAR(N$19-1),MONTH(N$19-1),MIN($J25,DAY(EOMONTH(N$19-1,0))))>=N$18,DATE(YEAR(N$19-1),MONTH(N$19-1),MIN($J25,DAY(EOMONTH(N$19-1,0))))<N$19,DATE(YEAR(N$19-1),MONTH(N$19-1),MIN($J25,DAY(EOMONTH(N$19-1,0))))>=$H25,DATE(YEAR(N$19-1),MONTH(N$19-1),MIN($J25,DAY(EOMONTH(N$19-1,0))))<=$I25,MOD((YEAR(DATE(YEAR(N$19-1),MONTH(N$19-1),MIN($J25,DAY(EOMONTH(N$19-1,0)))))-YEAR($H25))*12+MONTH(DATE(YEAR(N$19-1),MONTH(N$19-1),MIN($J25,DAY(EOMONTH(N$19-1,0)))))-MONTH($H25),CHOOSE($F25,1,1,3,12))=0))*1,0))) | O25: =IF(OR(NOT($K25),O$19<=O$18),0,$D25*IF($F25=1,IF(MIN(O$19,$I25+1)<=MAX(O$18,$H25),0,MAX(0,INT((MIN(O$19,$I25+1)-MAX(O$18,$H25)-1-MOD(WEEKDAY($H25,2)-WEEKDAY(MAX(O$18,$H25),2),7))/7)+1)),(AND(DATE(YEAR(O$18),MONTH(O$18),MIN($J25,DAY(EOMONTH(O$18,0))))>=O$18,DATE(YEAR(O$18),MONTH(O$18),MIN($J25,DAY(EOMONTH(O$18,0))))<O$19,DATE(YEAR(O$18),MONTH(O$18),MIN($J25,DAY(EOMONTH(O$18,0))))>=$H25,DATE(YEAR(O$18),MONTH(O$18),MIN($J25,DAY(EOMONTH(O$18,0))))<=$I25,MOD((YEAR(DATE(YEAR(O$18),MONTH(O$18),MIN($J25,DAY(EOMONTH(O$18,0)))))-YEAR($H25))*12+MONTH(DATE(YEAR(O$18),MONTH(O$18),MIN($J25,DAY(EOMONTH(O$18,0)))))-MONTH($H25),CHOOSE($F25,1,1,3,12))=0))*1+IF(MONTH(DATE(YEAR(O$19-1),MONTH(O$19-1),MIN($J25,DAY(EOMONTH(O$19-1,0)))))<>MONTH(DATE(YEAR(O$18),MONTH(O$18),MIN($J25,DAY(EOMONTH(O$18,0))))),(AND(DATE(YEAR(O$19-1),MONTH(O$19-1),MIN($J25,DAY(EOMONTH(O$19-1,0))))>=O$18,DATE(YEAR(O$19-1),MONTH(O$19-1),MIN($J25,DAY(EOMONTH(O$19-1,0))))<O$19,DATE(YEAR(O$19-1),MONTH(O$19-1),MIN($J25,DAY(EOMONTH(O$19-1,0))))>=$H25,DATE(YEAR(O$19-1),MONTH(O$19-1),MIN($J25,DAY(EOMONTH(O$19-1,0))))<=$I25,MOD((YEAR(DATE(YEAR(O$19-1),MONTH(O$19-1),MIN($J25,DAY(EOMONTH(O$19-1,0)))))-YEAR($H25))*12+MONTH(DATE(YEAR(O$19-1),MONTH(O$19-1),MIN($J25,DAY(EOMONTH(O$19-1,0)))))-MONTH($H25),CHOOSE($F25,1,1,3,12))=0))*1,0))) | P25: =IF(OR(NOT($K25),P$19<=P$18),0,$D25*IF($F25=1,IF(MIN(P$19,$I25+1)<=MAX(P$18,$H25),0,MAX(0,INT((MIN(P$19,$I25+1)-MAX(P$18,$H25)-1-MOD(WEEKDAY($H25,2)-WEEKDAY(MAX(P$18,$H25),2),7))/7)+1)),(AND(DATE(YEAR(P$18),MONTH(P$18),MIN($J25,DAY(EOMONTH(P$18,0))))>=P$18,DATE(YEAR(P$18),MONTH(P$18),MIN($J25,DAY(EOMONTH(P$18,0))))<P$19,DATE(YEAR(P$18),MONTH(P$18),MIN($J25,DAY(EOMONTH(P$18,0))))>=$H25,DATE(YEAR(P$18),MONTH(P$18),MIN($J25,DAY(EOMONTH(P$18,0))))<=$I25,MOD((YEAR(DATE(YEAR(P$18),MONTH(P$18),MIN($J25,DAY(EOMONTH(P$18,0)))))-YEAR($H25))*12+MONTH(DATE(YEAR(P$18),MONTH(P$18),MIN($J25,DAY(EOMONTH(P$18,0)))))-MONTH($H25),CHOOSE($F25,1,1,3,12))=0))*1+IF(MONTH(DATE(YEAR(P$19-1),MONTH(P$19-1),MIN($J25,DAY(EOMONTH(P$19-1,0)))))<>MONTH(DATE(YEAR(P$18),MONTH(P$18),MIN($J25,DAY(EOMONTH(P$18,0))))),(AND(DATE(YEAR(P$19-1),MONTH(P$19-1),MIN($J25,DAY(EOMONTH(P$19-1,0))))>=P$18,DATE(YEAR(P$19-1),MONTH(P$19-1),MIN($J25,DAY(EOMONTH(P$19-1,0))))<P$19,DATE(YEAR(P$19-1),MONTH(P$19-1),MIN($J25,DAY(EOMONTH(P$19-1,0))))>=$H25,DATE(YEAR(P$19-1),MONTH(P$19-1),MIN($J25,DAY(EOMONTH(P$19-1,0))))<=$I25,MOD((YEAR(DATE(YEAR(P$19-1),MONTH(P$19-1),MIN($J25,DAY(EOMONTH(P$19-1,0)))))-YEAR($H25))*12+MONTH(DATE(YEAR(P$19-1),MONTH(P$19-1),MIN($J25,DAY(EOMONTH(P$19-1,0)))))-MONTH($H25),CHOOSE($F25,1,1,3,12))=0))*1,0))) | Q25: =IF(OR(NOT($K25),Q$19<=Q$18),0,$D25*IF($F25=1,IF(MIN(Q$19,$I25+1)<=MAX(Q$18,$H25),0,MAX(0,INT((MIN(Q$19,$I25+1)-MAX(Q$18,$H25)-1-MOD(WEEKDAY($H25,2)-WEEKDAY(MAX(Q$18,$H25),2),7))/7)+1)),(AND(DATE(YEAR(Q$18),MONTH(Q$18),MIN($J25,DAY(EOMONTH(Q$18,0))))>=Q$18,DATE(YEAR(Q$18),MONTH(Q$18),MIN($J25,DAY(EOMONTH(Q$18,0))))<Q$19,DATE(YEAR(Q$18),MONTH(Q$18),MIN($J25,DAY(EOMONTH(Q$18,0))))>=$H25,DATE(YEAR(Q$18),MONTH(Q$18),MIN($J25,DAY(EOMONTH(Q$18,0))))<=$I25,MOD((YEAR(DATE(YEAR(Q$18),MONTH(Q$18),MIN($J25,DAY(EOMONTH(Q$18,0)))))-YEAR($H25))*12+MONTH(DATE(YEAR(Q$18),MONTH(Q$18),MIN($J25,DAY(EOMONTH(Q$18,0)))))-MONTH($H25),CHOOSE($F25,1,1,3,12))=0))*1+IF(MONTH(DATE(YEAR(Q$19-1),MONTH(Q$19-1),MIN($J25,DAY(EOMONTH(Q$19-1,0)))))<>MONTH(DATE(YEAR(Q$18),MONTH(Q$18),MIN($J25,DAY(EOMONTH(Q$18,0))))),(AND(DATE(YEAR(Q$19-1),MONTH(Q$19-1),MIN($J25,DAY(EOMONTH(Q$19-1,0))))>=Q$18,DATE(YEAR(Q$19-1),MONTH(Q$19-1),MIN($J25,DAY(EOMONTH(Q$19-1,0))))<Q$19,DATE(YEAR(Q$19-1),MONTH(Q$19-1),MIN($J25,DAY(EOMONTH(Q$19-1,0))))>=$H25,DATE(YEAR(Q$19-1),MONTH(Q$19-1),MIN($J25,DAY(EOMONTH(Q$19-1,0))))<=$I25,MOD((YEAR(DATE(YEAR(Q$19-1),MONTH(Q$19-1),MIN($J25,DAY(EOMONTH(Q$19-1,0)))))-YEAR($H25))*12+MONTH(DATE(YEAR(Q$19-1),MONTH(Q$19-1),MIN($J25,DAY(EOMONTH(Q$19-1,0)))))-MONTH($H25),CHOOSE($F25,1,1,3,12))=0))*1,0))) | R25: =IF(OR(NOT($K25),R$19<=R$18),0,$D25*IF($F25=1,IF(MIN(R$19,$I25+1)<=MAX(R$18,$H25),0,MAX(0,INT((MIN(R$19,$I25+1)-MAX(R$18,$H25)-1-MOD(WEEKDAY($H25,2)-WEEKDAY(MAX(R$18,$H25),2),7))/7)+1)),(AND(DATE(YEAR(R$18),MONTH(R$18),MIN($J25,DAY(EOMONTH(R$18,0))))>=R$18,DATE(YEAR(R$18),MONTH(R$18),MIN($J25,DAY(EOMONTH(R$18,0))))<R$19,DATE(YEAR(R$18),MONTH(R$18),MIN($J25,DAY(EOMONTH(R$18,0))))>=$H25,DATE(YEAR(R$18),MONTH(R$18),MIN($J25,DAY(EOMONTH(R$18,0))))<=$I25,MOD((YEAR(DATE(YEAR(R$18),MONTH(R$18),MIN($J25,DAY(EOMONTH(R$18,0)))))-YEAR($H25))*12+MONTH(DATE(YEAR(R$18),MONTH(R$18),MIN($J25,DAY(EOMONTH(R$18,0)))))-MONTH($H25),CHOOSE($F25,1,1,3,12))=0))*1+IF(MONTH(DATE(YEAR(R$19-1),MONTH(R$19-1),MIN($J25,DAY(EOMONTH(R$19-1,0)))))<>MONTH(DATE(YEAR(R$18),MONTH(R$18),MIN($J25,DAY(EOMONTH(R$18,0))))),(AND(DATE(YEAR(R$19-1),MONTH(R$19-1),MIN($J25,DAY(EOMONTH(R$19-1,0))))>=R$18,DATE(YEAR(R$19-1),MONTH(R$19-1),MIN($J25,DAY(EOMONTH(R$19-1,0))))<R$19,DATE(YEAR(R$19-1),MONTH(R$19-1),MIN($J25,DAY(EOMONTH(R$19-1,0))))>=$H25,DATE(YEAR(R$19-1),MONTH(R$19-1),MIN($J25,DAY(EOMONTH(R$19-1,0))))<=$I25,MOD((YEAR(DATE(YEAR(R$19-1),MONTH(R$19-1),MIN($J25,DAY(EOMONTH(R$19-1,0)))))-YEAR($H25))*12+MONTH(DATE(YEAR(R$19-1),MONTH(R$19-1),MIN($J25,DAY(EOMONTH(R$19-1,0)))))-MONTH($H25),CHOOSE($F25,1,1,3,12))=0))*1,0))) | S25: =IF(OR(NOT($K25),S$19<=S$18),0,$D25*IF($F25=1,IF(MIN(S$19,$I25+1)<=MAX(S$18,$H25),0,MAX(0,INT((MIN(S$19,$I25+1)-MAX(S$18,$H25)-1-MOD(WEEKDAY($H25,2)-WEEKDAY(MAX(S$18,$H25),2),7))/7)+1)),(AND(DATE(YEAR(S$18),MONTH(S$18),MIN($J25,DAY(EOMONTH(S$18,0))))>=S$18,DATE(YEAR(S$18),MONTH(S$18),MIN($J25,DAY(EOMONTH(S$18,0))))<S$19,DATE(YEAR(S$18),MONTH(S$18),MIN($J25,DAY(EOMONTH(S$18,0))))>=$H25,DATE(YEAR(S$18),MONTH(S$18),MIN($J25,DAY(EOMONTH(S$18,0))))<=$I25,MOD((YEAR(DATE(YEAR(S$18),MONTH(S$18),MIN($J25,DAY(EOMONTH(S$18,0)))))-YEAR($H25))*12+MONTH(DATE(YEAR(S$18),MONTH(S$18),MIN($J25,DAY(EOMONTH(S$18,0)))))-MONTH($H25),CHOOSE($F25,1,1,3,12))=0))*1+IF(MONTH(DATE(YEAR(S$19-1),MONTH(S$19-1),MIN($J25,DAY(EOMONTH(S$19-1,0)))))<>MONTH(DATE(YEAR(S$18),MONTH(S$18),MIN($J25,DAY(EOMONTH(S$18,0))))),(AND(DATE(YEAR(S$19-1),MONTH(S$19-1),MIN($J25,DAY(EOMONTH(S$19-1,0))))>=S$18,DATE(YEAR(S$19-1),MONTH(S$19-1),MIN($J25,DAY(EOMONTH(S$19-1,0))))<S$19,DATE(YEAR(S$19-1),MONTH(S$19-1),MIN($J25,DAY(EOMONTH(S$19-1,0))))>=$H25,DATE(YEAR(S$19-1),MONTH(S$19-1),MIN($J25,DAY(EOMONTH(S$19-1,0))))<=$I25,MOD((YEAR(DATE(YEAR(S$19-1),MONTH(S$19-1),MIN($J25,DAY(EOMONTH(S$19-1,0)))))-YEAR($H25))*12+MONTH(DATE(YEAR(S$19-1),MONTH(S$19-1),MIN($J25,DAY(EOMONTH(S$19-1,0)))))-MONTH($H25),CHOOSE($F25,1,1,3,12))=0))*1,0))) | T25: =IF(OR(NOT($K25),T$19<=T$18),0,$D25*IF($F25=1,IF(MIN(T$19,$I25+1)<=MAX(T$18,$H25),0,MAX(0,INT((MIN(T$19,$I25+1)-MAX(T$18,$H25)-1-MOD(WEEKDAY($H25,2)-WEEKDAY(MAX(T$18,$H25),2),7))/7)+1)),(AND(DATE(YEAR(T$18),MONTH(T$18),MIN($J25,DAY(EOMONTH(T$18,0))))>=T$18,DATE(YEAR(T$18),MONTH(T$18),MIN($J25,DAY(EOMONTH(T$18,0))))<T$19,DATE(YEAR(T$18),MONTH(T$18),MIN($J25,DAY(EOMONTH(T$18,0))))>=$H25,DATE(YEAR(T$18),MONTH(T$18),MIN($J25,DAY(EOMONTH(T$18,0))))<=$I25,MOD((YEAR(DATE(YEAR(T$18),MONTH(T$18),MIN($J25,DAY(EOMONTH(T$18,0)))))-YEAR($H25))*12+MONTH(DATE(YEAR(T$18),MONTH(T$18),MIN($J25,DAY(EOMONTH(T$18,0)))))-MONTH($H25),CHOOSE($F25,1,1,3,12))=0))*1+IF(MONTH(DATE(YEAR(T$19-1),MONTH(T$19-1),MIN($J25,DAY(EOMONTH(T$19-1,0)))))<>MONTH(DATE(YEAR(T$18),MONTH(T$18),MIN($J25,DAY(EOMONTH(T$18,0))))),(AND(DATE(YEAR(T$19-1),MONTH(T$19-1),MIN($J25,DAY(EOMONTH(T$19-1,0))))>=T$18,DATE(YEAR(T$19-1),MONTH(T$19-1),MIN($J25,DAY(EOMONTH(T$19-1,0))))<T$19,DATE(YEAR(T$19-1),MONTH(T$19-1),MIN($J25,DAY(EOMONTH(T$19-1,0))))>=$H25,DATE(YEAR(T$19-1),MONTH(T$19-1),MIN($J25,DAY(EOMONTH(T$19-1,0))))<=$I25,MOD((YEAR(DATE(YEAR(T$19-1),MONTH(T$19-1),MIN($J25,DAY(EOMONTH(T$19-1,0)))))-YEAR($H25))*12+MONTH(DATE(YEAR(T$19-1),MONTH(T$19-1),MIN($J25,DAY(EOMONTH(T$19-1,0)))))-MONTH($H25),CHOOSE($F25,1,1,3,12))=0))*1,0))) | ... AK25: =IF(OR(NOT($K25),AK$19<=AK$18),0,$D25*IF($F25=1,IF(MIN(AK$19,$I25+1)<=MAX(AK$18,$H25),0,MAX(0,INT((MIN(AK$19,$I25+1)-MAX(AK$18,$H25)-1-MOD(WEEKDAY($H25,2)-WEEKDAY(MAX(AK$18,$H25),2),7))/7)+1)),(AND(DATE(YEAR(AK$18),MONTH(AK$18),MIN($J25,DAY(EOMONTH(AK$18,0))))>=AK$18,DATE(YEAR(AK$18),MONTH(AK$18),MIN($J25,DAY(EOMONTH(AK$18,0))))<AK$19,DATE(YEAR(AK$18),MONTH(AK$18),MIN($J25,DAY(EOMONTH(AK$18,0))))>=$H25,DATE(YEAR(AK$18),MONTH(AK$18),MIN($J25,DAY(EOMONTH(AK$18,0))))<=$I25,MOD((YEAR(DATE(YEAR(AK$18),MONTH(AK$18),MIN($J25,DAY(EOMONTH(AK$18,0)))))-YEAR($H25))*12+MONTH(DATE(YEAR(AK$18),MONTH(AK$18),MIN($J25,DAY(EOMONTH(AK$18,0)))))-MONTH($H25),CHOOSE($F25,1,1,3,12))=0))*1+IF(MONTH(DATE(YEAR(AK$19-1),MONTH(AK$19-1),MIN($J25,DAY(EOMONTH(AK$19-1,0)))))<>MONTH(DATE(YEAR(AK$18),MONTH(AK$18),MIN($J25,DAY(EOMONTH(AK$18,0))))),(AND(DATE(YEAR(AK$19-1),MONTH(AK$19-1),MIN($J25,DAY(EOMONTH(AK$19-1,0))))>=AK$18,DATE(YEAR(AK$19-1),MONTH(AK$19-1),MIN($J25,DAY(EOMONTH(AK$19-1,0))))<AK$19,DATE(YEAR(AK$19-1),MONTH(AK$19-1),MIN($J25,DAY(EOMONTH(AK$19-1,0))))>=$H25,DATE(YEAR(AK$19-1),MONTH(AK$19-1),MIN($J25,DAY(EOMONTH(AK$19-1,0))))<=$I25,MOD((YEAR(DATE(YEAR(AK$19-1),MONTH(AK$19-1),MIN($J25,DAY(EOMONTH(AK$19-1,0)))))-YEAR($H25))*12+MONTH(DATE(YEAR(AK$19-1),MONTH(AK$19-1),MIN($J25,DAY(EOMONTH(AK$19-1,0)))))-MONTH($H25),CHOOSE($F25,1,1,3,12))=0))*1,0)))
A26: 6 | B26: =Recurring!B13&"" | C26: =IF(Recurring!C13="","§§",Recurring!C13) | D26: =N(Recurring!D13) | E26: =IF(COUNTIF($J$2:$J$5,C26)>0,1,IF(COUNTIF($J$7:$J$16,C26)>0,-1,0)) | F26: =ROUND(SUMPRODUCT((Lang!$C$49:$N$52=Recurring!E13)*(ROW(Lang!$C$49:$N$52)-48))/MAX(1,COUNTIF(Lang!$C$49:$N$52,Recurring!E13)),0) | H26: =N(Recurring!F13) | I26: =IF(N(Recurring!G13)=0,73051,Recurring!G13) | J26: =IF(H26>0,DAY(H26),1) | K26: =AND(D26>0,E26<>0,F26>0,H26>0) | M26: =IF(OR(NOT($K26),M$19<=M$18),0,$D26*IF($F26=1,IF(MIN(M$19,$I26+1)<=MAX(M$18,$H26),0,MAX(0,INT((MIN(M$19,$I26+1)-MAX(M$18,$H26)-1-MOD(WEEKDAY($H26,2)-WEEKDAY(MAX(M$18,$H26),2),7))/7)+1)),(AND(DATE(YEAR(M$18),MONTH(M$18),MIN($J26,DAY(EOMONTH(M$18,0))))>=M$18,DATE(YEAR(M$18),MONTH(M$18),MIN($J26,DAY(EOMONTH(M$18,0))))<M$19,DATE(YEAR(M$18),MONTH(M$18),MIN($J26,DAY(EOMONTH(M$18,0))))>=$H26,DATE(YEAR(M$18),MONTH(M$18),MIN($J26,DAY(EOMONTH(M$18,0))))<=$I26,MOD((YEAR(DATE(YEAR(M$18),MONTH(M$18),MIN($J26,DAY(EOMONTH(M$18,0)))))-YEAR($H26))*12+MONTH(DATE(YEAR(M$18),MONTH(M$18),MIN($J26,DAY(EOMONTH(M$18,0)))))-MONTH($H26),CHOOSE($F26,1,1,3,12))=0))*1+IF(MONTH(DATE(YEAR(M$19-1),MONTH(M$19-1),MIN($J26,DAY(EOMONTH(M$19-1,0)))))<>MONTH(DATE(YEAR(M$18),MONTH(M$18),MIN($J26,DAY(EOMONTH(M$18,0))))),(AND(DATE(YEAR(M$19-1),MONTH(M$19-1),MIN($J26,DAY(EOMONTH(M$19-1,0))))>=M$18,DATE(YEAR(M$19-1),MONTH(M$19-1),MIN($J26,DAY(EOMONTH(M$19-1,0))))<M$19,DATE(YEAR(M$19-1),MONTH(M$19-1),MIN($J26,DAY(EOMONTH(M$19-1,0))))>=$H26,DATE(YEAR(M$19-1),MONTH(M$19-1),MIN($J26,DAY(EOMONTH(M$19-1,0))))<=$I26,MOD((YEAR(DATE(YEAR(M$19-1),MONTH(M$19-1),MIN($J26,DAY(EOMONTH(M$19-1,0)))))-YEAR($H26))*12+MONTH(DATE(YEAR(M$19-1),MONTH(M$19-1),MIN($J26,DAY(EOMONTH(M$19-1,0)))))-MONTH($H26),CHOOSE($F26,1,1,3,12))=0))*1,0))) | N26: =IF(OR(NOT($K26),N$19<=N$18),0,$D26*IF($F26=1,IF(MIN(N$19,$I26+1)<=MAX(N$18,$H26),0,MAX(0,INT((MIN(N$19,$I26+1)-MAX(N$18,$H26)-1-MOD(WEEKDAY($H26,2)-WEEKDAY(MAX(N$18,$H26),2),7))/7)+1)),(AND(DATE(YEAR(N$18),MONTH(N$18),MIN($J26,DAY(EOMONTH(N$18,0))))>=N$18,DATE(YEAR(N$18),MONTH(N$18),MIN($J26,DAY(EOMONTH(N$18,0))))<N$19,DATE(YEAR(N$18),MONTH(N$18),MIN($J26,DAY(EOMONTH(N$18,0))))>=$H26,DATE(YEAR(N$18),MONTH(N$18),MIN($J26,DAY(EOMONTH(N$18,0))))<=$I26,MOD((YEAR(DATE(YEAR(N$18),MONTH(N$18),MIN($J26,DAY(EOMONTH(N$18,0)))))-YEAR($H26))*12+MONTH(DATE(YEAR(N$18),MONTH(N$18),MIN($J26,DAY(EOMONTH(N$18,0)))))-MONTH($H26),CHOOSE($F26,1,1,3,12))=0))*1+IF(MONTH(DATE(YEAR(N$19-1),MONTH(N$19-1),MIN($J26,DAY(EOMONTH(N$19-1,0)))))<>MONTH(DATE(YEAR(N$18),MONTH(N$18),MIN($J26,DAY(EOMONTH(N$18,0))))),(AND(DATE(YEAR(N$19-1),MONTH(N$19-1),MIN($J26,DAY(EOMONTH(N$19-1,0))))>=N$18,DATE(YEAR(N$19-1),MONTH(N$19-1),MIN($J26,DAY(EOMONTH(N$19-1,0))))<N$19,DATE(YEAR(N$19-1),MONTH(N$19-1),MIN($J26,DAY(EOMONTH(N$19-1,0))))>=$H26,DATE(YEAR(N$19-1),MONTH(N$19-1),MIN($J26,DAY(EOMONTH(N$19-1,0))))<=$I26,MOD((YEAR(DATE(YEAR(N$19-1),MONTH(N$19-1),MIN($J26,DAY(EOMONTH(N$19-1,0)))))-YEAR($H26))*12+MONTH(DATE(YEAR(N$19-1),MONTH(N$19-1),MIN($J26,DAY(EOMONTH(N$19-1,0)))))-MONTH($H26),CHOOSE($F26,1,1,3,12))=0))*1,0))) | O26: =IF(OR(NOT($K26),O$19<=O$18),0,$D26*IF($F26=1,IF(MIN(O$19,$I26+1)<=MAX(O$18,$H26),0,MAX(0,INT((MIN(O$19,$I26+1)-MAX(O$18,$H26)-1-MOD(WEEKDAY($H26,2)-WEEKDAY(MAX(O$18,$H26),2),7))/7)+1)),(AND(DATE(YEAR(O$18),MONTH(O$18),MIN($J26,DAY(EOMONTH(O$18,0))))>=O$18,DATE(YEAR(O$18),MONTH(O$18),MIN($J26,DAY(EOMONTH(O$18,0))))<O$19,DATE(YEAR(O$18),MONTH(O$18),MIN($J26,DAY(EOMONTH(O$18,0))))>=$H26,DATE(YEAR(O$18),MONTH(O$18),MIN($J26,DAY(EOMONTH(O$18,0))))<=$I26,MOD((YEAR(DATE(YEAR(O$18),MONTH(O$18),MIN($J26,DAY(EOMONTH(O$18,0)))))-YEAR($H26))*12+MONTH(DATE(YEAR(O$18),MONTH(O$18),MIN($J26,DAY(EOMONTH(O$18,0)))))-MONTH($H26),CHOOSE($F26,1,1,3,12))=0))*1+IF(MONTH(DATE(YEAR(O$19-1),MONTH(O$19-1),MIN($J26,DAY(EOMONTH(O$19-1,0)))))<>MONTH(DATE(YEAR(O$18),MONTH(O$18),MIN($J26,DAY(EOMONTH(O$18,0))))),(AND(DATE(YEAR(O$19-1),MONTH(O$19-1),MIN($J26,DAY(EOMONTH(O$19-1,0))))>=O$18,DATE(YEAR(O$19-1),MONTH(O$19-1),MIN($J26,DAY(EOMONTH(O$19-1,0))))<O$19,DATE(YEAR(O$19-1),MONTH(O$19-1),MIN($J26,DAY(EOMONTH(O$19-1,0))))>=$H26,DATE(YEAR(O$19-1),MONTH(O$19-1),MIN($J26,DAY(EOMONTH(O$19-1,0))))<=$I26,MOD((YEAR(DATE(YEAR(O$19-1),MONTH(O$19-1),MIN($J26,DAY(EOMONTH(O$19-1,0)))))-YEAR($H26))*12+MONTH(DATE(YEAR(O$19-1),MONTH(O$19-1),MIN($J26,DAY(EOMONTH(O$19-1,0)))))-MONTH($H26),CHOOSE($F26,1,1,3,12))=0))*1,0))) | P26: =IF(OR(NOT($K26),P$19<=P$18),0,$D26*IF($F26=1,IF(MIN(P$19,$I26+1)<=MAX(P$18,$H26),0,MAX(0,INT((MIN(P$19,$I26+1)-MAX(P$18,$H26)-1-MOD(WEEKDAY($H26,2)-WEEKDAY(MAX(P$18,$H26),2),7))/7)+1)),(AND(DATE(YEAR(P$18),MONTH(P$18),MIN($J26,DAY(EOMONTH(P$18,0))))>=P$18,DATE(YEAR(P$18),MONTH(P$18),MIN($J26,DAY(EOMONTH(P$18,0))))<P$19,DATE(YEAR(P$18),MONTH(P$18),MIN($J26,DAY(EOMONTH(P$18,0))))>=$H26,DATE(YEAR(P$18),MONTH(P$18),MIN($J26,DAY(EOMONTH(P$18,0))))<=$I26,MOD((YEAR(DATE(YEAR(P$18),MONTH(P$18),MIN($J26,DAY(EOMONTH(P$18,0)))))-YEAR($H26))*12+MONTH(DATE(YEAR(P$18),MONTH(P$18),MIN($J26,DAY(EOMONTH(P$18,0)))))-MONTH($H26),CHOOSE($F26,1,1,3,12))=0))*1+IF(MONTH(DATE(YEAR(P$19-1),MONTH(P$19-1),MIN($J26,DAY(EOMONTH(P$19-1,0)))))<>MONTH(DATE(YEAR(P$18),MONTH(P$18),MIN($J26,DAY(EOMONTH(P$18,0))))),(AND(DATE(YEAR(P$19-1),MONTH(P$19-1),MIN($J26,DAY(EOMONTH(P$19-1,0))))>=P$18,DATE(YEAR(P$19-1),MONTH(P$19-1),MIN($J26,DAY(EOMONTH(P$19-1,0))))<P$19,DATE(YEAR(P$19-1),MONTH(P$19-1),MIN($J26,DAY(EOMONTH(P$19-1,0))))>=$H26,DATE(YEAR(P$19-1),MONTH(P$19-1),MIN($J26,DAY(EOMONTH(P$19-1,0))))<=$I26,MOD((YEAR(DATE(YEAR(P$19-1),MONTH(P$19-1),MIN($J26,DAY(EOMONTH(P$19-1,0)))))-YEAR($H26))*12+MONTH(DATE(YEAR(P$19-1),MONTH(P$19-1),MIN($J26,DAY(EOMONTH(P$19-1,0)))))-MONTH($H26),CHOOSE($F26,1,1,3,12))=0))*1,0))) | Q26: =IF(OR(NOT($K26),Q$19<=Q$18),0,$D26*IF($F26=1,IF(MIN(Q$19,$I26+1)<=MAX(Q$18,$H26),0,MAX(0,INT((MIN(Q$19,$I26+1)-MAX(Q$18,$H26)-1-MOD(WEEKDAY($H26,2)-WEEKDAY(MAX(Q$18,$H26),2),7))/7)+1)),(AND(DATE(YEAR(Q$18),MONTH(Q$18),MIN($J26,DAY(EOMONTH(Q$18,0))))>=Q$18,DATE(YEAR(Q$18),MONTH(Q$18),MIN($J26,DAY(EOMONTH(Q$18,0))))<Q$19,DATE(YEAR(Q$18),MONTH(Q$18),MIN($J26,DAY(EOMONTH(Q$18,0))))>=$H26,DATE(YEAR(Q$18),MONTH(Q$18),MIN($J26,DAY(EOMONTH(Q$18,0))))<=$I26,MOD((YEAR(DATE(YEAR(Q$18),MONTH(Q$18),MIN($J26,DAY(EOMONTH(Q$18,0)))))-YEAR($H26))*12+MONTH(DATE(YEAR(Q$18),MONTH(Q$18),MIN($J26,DAY(EOMONTH(Q$18,0)))))-MONTH($H26),CHOOSE($F26,1,1,3,12))=0))*1+IF(MONTH(DATE(YEAR(Q$19-1),MONTH(Q$19-1),MIN($J26,DAY(EOMONTH(Q$19-1,0)))))<>MONTH(DATE(YEAR(Q$18),MONTH(Q$18),MIN($J26,DAY(EOMONTH(Q$18,0))))),(AND(DATE(YEAR(Q$19-1),MONTH(Q$19-1),MIN($J26,DAY(EOMONTH(Q$19-1,0))))>=Q$18,DATE(YEAR(Q$19-1),MONTH(Q$19-1),MIN($J26,DAY(EOMONTH(Q$19-1,0))))<Q$19,DATE(YEAR(Q$19-1),MONTH(Q$19-1),MIN($J26,DAY(EOMONTH(Q$19-1,0))))>=$H26,DATE(YEAR(Q$19-1),MONTH(Q$19-1),MIN($J26,DAY(EOMONTH(Q$19-1,0))))<=$I26,MOD((YEAR(DATE(YEAR(Q$19-1),MONTH(Q$19-1),MIN($J26,DAY(EOMONTH(Q$19-1,0)))))-YEAR($H26))*12+MONTH(DATE(YEAR(Q$19-1),MONTH(Q$19-1),MIN($J26,DAY(EOMONTH(Q$19-1,0)))))-MONTH($H26),CHOOSE($F26,1,1,3,12))=0))*1,0))) | R26: =IF(OR(NOT($K26),R$19<=R$18),0,$D26*IF($F26=1,IF(MIN(R$19,$I26+1)<=MAX(R$18,$H26),0,MAX(0,INT((MIN(R$19,$I26+1)-MAX(R$18,$H26)-1-MOD(WEEKDAY($H26,2)-WEEKDAY(MAX(R$18,$H26),2),7))/7)+1)),(AND(DATE(YEAR(R$18),MONTH(R$18),MIN($J26,DAY(EOMONTH(R$18,0))))>=R$18,DATE(YEAR(R$18),MONTH(R$18),MIN($J26,DAY(EOMONTH(R$18,0))))<R$19,DATE(YEAR(R$18),MONTH(R$18),MIN($J26,DAY(EOMONTH(R$18,0))))>=$H26,DATE(YEAR(R$18),MONTH(R$18),MIN($J26,DAY(EOMONTH(R$18,0))))<=$I26,MOD((YEAR(DATE(YEAR(R$18),MONTH(R$18),MIN($J26,DAY(EOMONTH(R$18,0)))))-YEAR($H26))*12+MONTH(DATE(YEAR(R$18),MONTH(R$18),MIN($J26,DAY(EOMONTH(R$18,0)))))-MONTH($H26),CHOOSE($F26,1,1,3,12))=0))*1+IF(MONTH(DATE(YEAR(R$19-1),MONTH(R$19-1),MIN($J26,DAY(EOMONTH(R$19-1,0)))))<>MONTH(DATE(YEAR(R$18),MONTH(R$18),MIN($J26,DAY(EOMONTH(R$18,0))))),(AND(DATE(YEAR(R$19-1),MONTH(R$19-1),MIN($J26,DAY(EOMONTH(R$19-1,0))))>=R$18,DATE(YEAR(R$19-1),MONTH(R$19-1),MIN($J26,DAY(EOMONTH(R$19-1,0))))<R$19,DATE(YEAR(R$19-1),MONTH(R$19-1),MIN($J26,DAY(EOMONTH(R$19-1,0))))>=$H26,DATE(YEAR(R$19-1),MONTH(R$19-1),MIN($J26,DAY(EOMONTH(R$19-1,0))))<=$I26,MOD((YEAR(DATE(YEAR(R$19-1),MONTH(R$19-1),MIN($J26,DAY(EOMONTH(R$19-1,0)))))-YEAR($H26))*12+MONTH(DATE(YEAR(R$19-1),MONTH(R$19-1),MIN($J26,DAY(EOMONTH(R$19-1,0)))))-MONTH($H26),CHOOSE($F26,1,1,3,12))=0))*1,0))) | S26: =IF(OR(NOT($K26),S$19<=S$18),0,$D26*IF($F26=1,IF(MIN(S$19,$I26+1)<=MAX(S$18,$H26),0,MAX(0,INT((MIN(S$19,$I26+1)-MAX(S$18,$H26)-1-MOD(WEEKDAY($H26,2)-WEEKDAY(MAX(S$18,$H26),2),7))/7)+1)),(AND(DATE(YEAR(S$18),MONTH(S$18),MIN($J26,DAY(EOMONTH(S$18,0))))>=S$18,DATE(YEAR(S$18),MONTH(S$18),MIN($J26,DAY(EOMONTH(S$18,0))))<S$19,DATE(YEAR(S$18),MONTH(S$18),MIN($J26,DAY(EOMONTH(S$18,0))))>=$H26,DATE(YEAR(S$18),MONTH(S$18),MIN($J26,DAY(EOMONTH(S$18,0))))<=$I26,MOD((YEAR(DATE(YEAR(S$18),MONTH(S$18),MIN($J26,DAY(EOMONTH(S$18,0)))))-YEAR($H26))*12+MONTH(DATE(YEAR(S$18),MONTH(S$18),MIN($J26,DAY(EOMONTH(S$18,0)))))-MONTH($H26),CHOOSE($F26,1,1,3,12))=0))*1+IF(MONTH(DATE(YEAR(S$19-1),MONTH(S$19-1),MIN($J26,DAY(EOMONTH(S$19-1,0)))))<>MONTH(DATE(YEAR(S$18),MONTH(S$18),MIN($J26,DAY(EOMONTH(S$18,0))))),(AND(DATE(YEAR(S$19-1),MONTH(S$19-1),MIN($J26,DAY(EOMONTH(S$19-1,0))))>=S$18,DATE(YEAR(S$19-1),MONTH(S$19-1),MIN($J26,DAY(EOMONTH(S$19-1,0))))<S$19,DATE(YEAR(S$19-1),MONTH(S$19-1),MIN($J26,DAY(EOMONTH(S$19-1,0))))>=$H26,DATE(YEAR(S$19-1),MONTH(S$19-1),MIN($J26,DAY(EOMONTH(S$19-1,0))))<=$I26,MOD((YEAR(DATE(YEAR(S$19-1),MONTH(S$19-1),MIN($J26,DAY(EOMONTH(S$19-1,0)))))-YEAR($H26))*12+MONTH(DATE(YEAR(S$19-1),MONTH(S$19-1),MIN($J26,DAY(EOMONTH(S$19-1,0)))))-MONTH($H26),CHOOSE($F26,1,1,3,12))=0))*1,0))) | T26: =IF(OR(NOT($K26),T$19<=T$18),0,$D26*IF($F26=1,IF(MIN(T$19,$I26+1)<=MAX(T$18,$H26),0,MAX(0,INT((MIN(T$19,$I26+1)-MAX(T$18,$H26)-1-MOD(WEEKDAY($H26,2)-WEEKDAY(MAX(T$18,$H26),2),7))/7)+1)),(AND(DATE(YEAR(T$18),MONTH(T$18),MIN($J26,DAY(EOMONTH(T$18,0))))>=T$18,DATE(YEAR(T$18),MONTH(T$18),MIN($J26,DAY(EOMONTH(T$18,0))))<T$19,DATE(YEAR(T$18),MONTH(T$18),MIN($J26,DAY(EOMONTH(T$18,0))))>=$H26,DATE(YEAR(T$18),MONTH(T$18),MIN($J26,DAY(EOMONTH(T$18,0))))<=$I26,MOD((YEAR(DATE(YEAR(T$18),MONTH(T$18),MIN($J26,DAY(EOMONTH(T$18,0)))))-YEAR($H26))*12+MONTH(DATE(YEAR(T$18),MONTH(T$18),MIN($J26,DAY(EOMONTH(T$18,0)))))-MONTH($H26),CHOOSE($F26,1,1,3,12))=0))*1+IF(MONTH(DATE(YEAR(T$19-1),MONTH(T$19-1),MIN($J26,DAY(EOMONTH(T$19-1,0)))))<>MONTH(DATE(YEAR(T$18),MONTH(T$18),MIN($J26,DAY(EOMONTH(T$18,0))))),(AND(DATE(YEAR(T$19-1),MONTH(T$19-1),MIN($J26,DAY(EOMONTH(T$19-1,0))))>=T$18,DATE(YEAR(T$19-1),MONTH(T$19-1),MIN($J26,DAY(EOMONTH(T$19-1,0))))<T$19,DATE(YEAR(T$19-1),MONTH(T$19-1),MIN($J26,DAY(EOMONTH(T$19-1,0))))>=$H26,DATE(YEAR(T$19-1),MONTH(T$19-1),MIN($J26,DAY(EOMONTH(T$19-1,0))))<=$I26,MOD((YEAR(DATE(YEAR(T$19-1),MONTH(T$19-1),MIN($J26,DAY(EOMONTH(T$19-1,0)))))-YEAR($H26))*12+MONTH(DATE(YEAR(T$19-1),MONTH(T$19-1),MIN($J26,DAY(EOMONTH(T$19-1,0)))))-MONTH($H26),CHOOSE($F26,1,1,3,12))=0))*1,0))) | ... AK26: =IF(OR(NOT($K26),AK$19<=AK$18),0,$D26*IF($F26=1,IF(MIN(AK$19,$I26+1)<=MAX(AK$18,$H26),0,MAX(0,INT((MIN(AK$19,$I26+1)-MAX(AK$18,$H26)-1-MOD(WEEKDAY($H26,2)-WEEKDAY(MAX(AK$18,$H26),2),7))/7)+1)),(AND(DATE(YEAR(AK$18),MONTH(AK$18),MIN($J26,DAY(EOMONTH(AK$18,0))))>=AK$18,DATE(YEAR(AK$18),MONTH(AK$18),MIN($J26,DAY(EOMONTH(AK$18,0))))<AK$19,DATE(YEAR(AK$18),MONTH(AK$18),MIN($J26,DAY(EOMONTH(AK$18,0))))>=$H26,DATE(YEAR(AK$18),MONTH(AK$18),MIN($J26,DAY(EOMONTH(AK$18,0))))<=$I26,MOD((YEAR(DATE(YEAR(AK$18),MONTH(AK$18),MIN($J26,DAY(EOMONTH(AK$18,0)))))-YEAR($H26))*12+MONTH(DATE(YEAR(AK$18),MONTH(AK$18),MIN($J26,DAY(EOMONTH(AK$18,0)))))-MONTH($H26),CHOOSE($F26,1,1,3,12))=0))*1+IF(MONTH(DATE(YEAR(AK$19-1),MONTH(AK$19-1),MIN($J26,DAY(EOMONTH(AK$19-1,0)))))<>MONTH(DATE(YEAR(AK$18),MONTH(AK$18),MIN($J26,DAY(EOMONTH(AK$18,0))))),(AND(DATE(YEAR(AK$19-1),MONTH(AK$19-1),MIN($J26,DAY(EOMONTH(AK$19-1,0))))>=AK$18,DATE(YEAR(AK$19-1),MONTH(AK$19-1),MIN($J26,DAY(EOMONTH(AK$19-1,0))))<AK$19,DATE(YEAR(AK$19-1),MONTH(AK$19-1),MIN($J26,DAY(EOMONTH(AK$19-1,0))))>=$H26,DATE(YEAR(AK$19-1),MONTH(AK$19-1),MIN($J26,DAY(EOMONTH(AK$19-1,0))))<=$I26,MOD((YEAR(DATE(YEAR(AK$19-1),MONTH(AK$19-1),MIN($J26,DAY(EOMONTH(AK$19-1,0)))))-YEAR($H26))*12+MONTH(DATE(YEAR(AK$19-1),MONTH(AK$19-1),MIN($J26,DAY(EOMONTH(AK$19-1,0)))))-MONTH($H26),CHOOSE($F26,1,1,3,12))=0))*1,0)))
A27: 7 | B27: =Recurring!B14&"" | C27: =IF(Recurring!C14="","§§",Recurring!C14) | D27: =N(Recurring!D14) | E27: =IF(COUNTIF($J$2:$J$5,C27)>0,1,IF(COUNTIF($J$7:$J$16,C27)>0,-1,0)) | F27: =ROUND(SUMPRODUCT((Lang!$C$49:$N$52=Recurring!E14)*(ROW(Lang!$C$49:$N$52)-48))/MAX(1,COUNTIF(Lang!$C$49:$N$52,Recurring!E14)),0) | H27: =N(Recurring!F14) | I27: =IF(N(Recurring!G14)=0,73051,Recurring!G14) | J27: =IF(H27>0,DAY(H27),1) | K27: =AND(D27>0,E27<>0,F27>0,H27>0) | M27: =IF(OR(NOT($K27),M$19<=M$18),0,$D27*IF($F27=1,IF(MIN(M$19,$I27+1)<=MAX(M$18,$H27),0,MAX(0,INT((MIN(M$19,$I27+1)-MAX(M$18,$H27)-1-MOD(WEEKDAY($H27,2)-WEEKDAY(MAX(M$18,$H27),2),7))/7)+1)),(AND(DATE(YEAR(M$18),MONTH(M$18),MIN($J27,DAY(EOMONTH(M$18,0))))>=M$18,DATE(YEAR(M$18),MONTH(M$18),MIN($J27,DAY(EOMONTH(M$18,0))))<M$19,DATE(YEAR(M$18),MONTH(M$18),MIN($J27,DAY(EOMONTH(M$18,0))))>=$H27,DATE(YEAR(M$18),MONTH(M$18),MIN($J27,DAY(EOMONTH(M$18,0))))<=$I27,MOD((YEAR(DATE(YEAR(M$18),MONTH(M$18),MIN($J27,DAY(EOMONTH(M$18,0)))))-YEAR($H27))*12+MONTH(DATE(YEAR(M$18),MONTH(M$18),MIN($J27,DAY(EOMONTH(M$18,0)))))-MONTH($H27),CHOOSE($F27,1,1,3,12))=0))*1+IF(MONTH(DATE(YEAR(M$19-1),MONTH(M$19-1),MIN($J27,DAY(EOMONTH(M$19-1,0)))))<>MONTH(DATE(YEAR(M$18),MONTH(M$18),MIN($J27,DAY(EOMONTH(M$18,0))))),(AND(DATE(YEAR(M$19-1),MONTH(M$19-1),MIN($J27,DAY(EOMONTH(M$19-1,0))))>=M$18,DATE(YEAR(M$19-1),MONTH(M$19-1),MIN($J27,DAY(EOMONTH(M$19-1,0))))<M$19,DATE(YEAR(M$19-1),MONTH(M$19-1),MIN($J27,DAY(EOMONTH(M$19-1,0))))>=$H27,DATE(YEAR(M$19-1),MONTH(M$19-1),MIN($J27,DAY(EOMONTH(M$19-1,0))))<=$I27,MOD((YEAR(DATE(YEAR(M$19-1),MONTH(M$19-1),MIN($J27,DAY(EOMONTH(M$19-1,0)))))-YEAR($H27))*12+MONTH(DATE(YEAR(M$19-1),MONTH(M$19-1),MIN($J27,DAY(EOMONTH(M$19-1,0)))))-MONTH($H27),CHOOSE($F27,1,1,3,12))=0))*1,0))) | N27: =IF(OR(NOT($K27),N$19<=N$18),0,$D27*IF($F27=1,IF(MIN(N$19,$I27+1)<=MAX(N$18,$H27),0,MAX(0,INT((MIN(N$19,$I27+1)-MAX(N$18,$H27)-1-MOD(WEEKDAY($H27,2)-WEEKDAY(MAX(N$18,$H27),2),7))/7)+1)),(AND(DATE(YEAR(N$18),MONTH(N$18),MIN($J27,DAY(EOMONTH(N$18,0))))>=N$18,DATE(YEAR(N$18),MONTH(N$18),MIN($J27,DAY(EOMONTH(N$18,0))))<N$19,DATE(YEAR(N$18),MONTH(N$18),MIN($J27,DAY(EOMONTH(N$18,0))))>=$H27,DATE(YEAR(N$18),MONTH(N$18),MIN($J27,DAY(EOMONTH(N$18,0))))<=$I27,MOD((YEAR(DATE(YEAR(N$18),MONTH(N$18),MIN($J27,DAY(EOMONTH(N$18,0)))))-YEAR($H27))*12+MONTH(DATE(YEAR(N$18),MONTH(N$18),MIN($J27,DAY(EOMONTH(N$18,0)))))-MONTH($H27),CHOOSE($F27,1,1,3,12))=0))*1+IF(MONTH(DATE(YEAR(N$19-1),MONTH(N$19-1),MIN($J27,DAY(EOMONTH(N$19-1,0)))))<>MONTH(DATE(YEAR(N$18),MONTH(N$18),MIN($J27,DAY(EOMONTH(N$18,0))))),(AND(DATE(YEAR(N$19-1),MONTH(N$19-1),MIN($J27,DAY(EOMONTH(N$19-1,0))))>=N$18,DATE(YEAR(N$19-1),MONTH(N$19-1),MIN($J27,DAY(EOMONTH(N$19-1,0))))<N$19,DATE(YEAR(N$19-1),MONTH(N$19-1),MIN($J27,DAY(EOMONTH(N$19-1,0))))>=$H27,DATE(YEAR(N$19-1),MONTH(N$19-1),MIN($J27,DAY(EOMONTH(N$19-1,0))))<=$I27,MOD((YEAR(DATE(YEAR(N$19-1),MONTH(N$19-1),MIN($J27,DAY(EOMONTH(N$19-1,0)))))-YEAR($H27))*12+MONTH(DATE(YEAR(N$19-1),MONTH(N$19-1),MIN($J27,DAY(EOMONTH(N$19-1,0)))))-MONTH($H27),CHOOSE($F27,1,1,3,12))=0))*1,0))) | O27: =IF(OR(NOT($K27),O$19<=O$18),0,$D27*IF($F27=1,IF(MIN(O$19,$I27+1)<=MAX(O$18,$H27),0,MAX(0,INT((MIN(O$19,$I27+1)-MAX(O$18,$H27)-1-MOD(WEEKDAY($H27,2)-WEEKDAY(MAX(O$18,$H27),2),7))/7)+1)),(AND(DATE(YEAR(O$18),MONTH(O$18),MIN($J27,DAY(EOMONTH(O$18,0))))>=O$18,DATE(YEAR(O$18),MONTH(O$18),MIN($J27,DAY(EOMONTH(O$18,0))))<O$19,DATE(YEAR(O$18),MONTH(O$18),MIN($J27,DAY(EOMONTH(O$18,0))))>=$H27,DATE(YEAR(O$18),MONTH(O$18),MIN($J27,DAY(EOMONTH(O$18,0))))<=$I27,MOD((YEAR(DATE(YEAR(O$18),MONTH(O$18),MIN($J27,DAY(EOMONTH(O$18,0)))))-YEAR($H27))*12+MONTH(DATE(YEAR(O$18),MONTH(O$18),MIN($J27,DAY(EOMONTH(O$18,0)))))-MONTH($H27),CHOOSE($F27,1,1,3,12))=0))*1+IF(MONTH(DATE(YEAR(O$19-1),MONTH(O$19-1),MIN($J27,DAY(EOMONTH(O$19-1,0)))))<>MONTH(DATE(YEAR(O$18),MONTH(O$18),MIN($J27,DAY(EOMONTH(O$18,0))))),(AND(DATE(YEAR(O$19-1),MONTH(O$19-1),MIN($J27,DAY(EOMONTH(O$19-1,0))))>=O$18,DATE(YEAR(O$19-1),MONTH(O$19-1),MIN($J27,DAY(EOMONTH(O$19-1,0))))<O$19,DATE(YEAR(O$19-1),MONTH(O$19-1),MIN($J27,DAY(EOMONTH(O$19-1,0))))>=$H27,DATE(YEAR(O$19-1),MONTH(O$19-1),MIN($J27,DAY(EOMONTH(O$19-1,0))))<=$I27,MOD((YEAR(DATE(YEAR(O$19-1),MONTH(O$19-1),MIN($J27,DAY(EOMONTH(O$19-1,0)))))-YEAR($H27))*12+MONTH(DATE(YEAR(O$19-1),MONTH(O$19-1),MIN($J27,DAY(EOMONTH(O$19-1,0)))))-MONTH($H27),CHOOSE($F27,1,1,3,12))=0))*1,0))) | P27: =IF(OR(NOT($K27),P$19<=P$18),0,$D27*IF($F27=1,IF(MIN(P$19,$I27+1)<=MAX(P$18,$H27),0,MAX(0,INT((MIN(P$19,$I27+1)-MAX(P$18,$H27)-1-MOD(WEEKDAY($H27,2)-WEEKDAY(MAX(P$18,$H27),2),7))/7)+1)),(AND(DATE(YEAR(P$18),MONTH(P$18),MIN($J27,DAY(EOMONTH(P$18,0))))>=P$18,DATE(YEAR(P$18),MONTH(P$18),MIN($J27,DAY(EOMONTH(P$18,0))))<P$19,DATE(YEAR(P$18),MONTH(P$18),MIN($J27,DAY(EOMONTH(P$18,0))))>=$H27,DATE(YEAR(P$18),MONTH(P$18),MIN($J27,DAY(EOMONTH(P$18,0))))<=$I27,MOD((YEAR(DATE(YEAR(P$18),MONTH(P$18),MIN($J27,DAY(EOMONTH(P$18,0)))))-YEAR($H27))*12+MONTH(DATE(YEAR(P$18),MONTH(P$18),MIN($J27,DAY(EOMONTH(P$18,0)))))-MONTH($H27),CHOOSE($F27,1,1,3,12))=0))*1+IF(MONTH(DATE(YEAR(P$19-1),MONTH(P$19-1),MIN($J27,DAY(EOMONTH(P$19-1,0)))))<>MONTH(DATE(YEAR(P$18),MONTH(P$18),MIN($J27,DAY(EOMONTH(P$18,0))))),(AND(DATE(YEAR(P$19-1),MONTH(P$19-1),MIN($J27,DAY(EOMONTH(P$19-1,0))))>=P$18,DATE(YEAR(P$19-1),MONTH(P$19-1),MIN($J27,DAY(EOMONTH(P$19-1,0))))<P$19,DATE(YEAR(P$19-1),MONTH(P$19-1),MIN($J27,DAY(EOMONTH(P$19-1,0))))>=$H27,DATE(YEAR(P$19-1),MONTH(P$19-1),MIN($J27,DAY(EOMONTH(P$19-1,0))))<=$I27,MOD((YEAR(DATE(YEAR(P$19-1),MONTH(P$19-1),MIN($J27,DAY(EOMONTH(P$19-1,0)))))-YEAR($H27))*12+MONTH(DATE(YEAR(P$19-1),MONTH(P$19-1),MIN($J27,DAY(EOMONTH(P$19-1,0)))))-MONTH($H27),CHOOSE($F27,1,1,3,12))=0))*1,0))) | Q27: =IF(OR(NOT($K27),Q$19<=Q$18),0,$D27*IF($F27=1,IF(MIN(Q$19,$I27+1)<=MAX(Q$18,$H27),0,MAX(0,INT((MIN(Q$19,$I27+1)-MAX(Q$18,$H27)-1-MOD(WEEKDAY($H27,2)-WEEKDAY(MAX(Q$18,$H27),2),7))/7)+1)),(AND(DATE(YEAR(Q$18),MONTH(Q$18),MIN($J27,DAY(EOMONTH(Q$18,0))))>=Q$18,DATE(YEAR(Q$18),MONTH(Q$18),MIN($J27,DAY(EOMONTH(Q$18,0))))<Q$19,DATE(YEAR(Q$18),MONTH(Q$18),MIN($J27,DAY(EOMONTH(Q$18,0))))>=$H27,DATE(YEAR(Q$18),MONTH(Q$18),MIN($J27,DAY(EOMONTH(Q$18,0))))<=$I27,MOD((YEAR(DATE(YEAR(Q$18),MONTH(Q$18),MIN($J27,DAY(EOMONTH(Q$18,0)))))-YEAR($H27))*12+MONTH(DATE(YEAR(Q$18),MONTH(Q$18),MIN($J27,DAY(EOMONTH(Q$18,0)))))-MONTH($H27),CHOOSE($F27,1,1,3,12))=0))*1+IF(MONTH(DATE(YEAR(Q$19-1),MONTH(Q$19-1),MIN($J27,DAY(EOMONTH(Q$19-1,0)))))<>MONTH(DATE(YEAR(Q$18),MONTH(Q$18),MIN($J27,DAY(EOMONTH(Q$18,0))))),(AND(DATE(YEAR(Q$19-1),MONTH(Q$19-1),MIN($J27,DAY(EOMONTH(Q$19-1,0))))>=Q$18,DATE(YEAR(Q$19-1),MONTH(Q$19-1),MIN($J27,DAY(EOMONTH(Q$19-1,0))))<Q$19,DATE(YEAR(Q$19-1),MONTH(Q$19-1),MIN($J27,DAY(EOMONTH(Q$19-1,0))))>=$H27,DATE(YEAR(Q$19-1),MONTH(Q$19-1),MIN($J27,DAY(EOMONTH(Q$19-1,0))))<=$I27,MOD((YEAR(DATE(YEAR(Q$19-1),MONTH(Q$19-1),MIN($J27,DAY(EOMONTH(Q$19-1,0)))))-YEAR($H27))*12+MONTH(DATE(YEAR(Q$19-1),MONTH(Q$19-1),MIN($J27,DAY(EOMONTH(Q$19-1,0)))))-MONTH($H27),CHOOSE($F27,1,1,3,12))=0))*1,0))) | R27: =IF(OR(NOT($K27),R$19<=R$18),0,$D27*IF($F27=1,IF(MIN(R$19,$I27+1)<=MAX(R$18,$H27),0,MAX(0,INT((MIN(R$19,$I27+1)-MAX(R$18,$H27)-1-MOD(WEEKDAY($H27,2)-WEEKDAY(MAX(R$18,$H27),2),7))/7)+1)),(AND(DATE(YEAR(R$18),MONTH(R$18),MIN($J27,DAY(EOMONTH(R$18,0))))>=R$18,DATE(YEAR(R$18),MONTH(R$18),MIN($J27,DAY(EOMONTH(R$18,0))))<R$19,DATE(YEAR(R$18),MONTH(R$18),MIN($J27,DAY(EOMONTH(R$18,0))))>=$H27,DATE(YEAR(R$18),MONTH(R$18),MIN($J27,DAY(EOMONTH(R$18,0))))<=$I27,MOD((YEAR(DATE(YEAR(R$18),MONTH(R$18),MIN($J27,DAY(EOMONTH(R$18,0)))))-YEAR($H27))*12+MONTH(DATE(YEAR(R$18),MONTH(R$18),MIN($J27,DAY(EOMONTH(R$18,0)))))-MONTH($H27),CHOOSE($F27,1,1,3,12))=0))*1+IF(MONTH(DATE(YEAR(R$19-1),MONTH(R$19-1),MIN($J27,DAY(EOMONTH(R$19-1,0)))))<>MONTH(DATE(YEAR(R$18),MONTH(R$18),MIN($J27,DAY(EOMONTH(R$18,0))))),(AND(DATE(YEAR(R$19-1),MONTH(R$19-1),MIN($J27,DAY(EOMONTH(R$19-1,0))))>=R$18,DATE(YEAR(R$19-1),MONTH(R$19-1),MIN($J27,DAY(EOMONTH(R$19-1,0))))<R$19,DATE(YEAR(R$19-1),MONTH(R$19-1),MIN($J27,DAY(EOMONTH(R$19-1,0))))>=$H27,DATE(YEAR(R$19-1),MONTH(R$19-1),MIN($J27,DAY(EOMONTH(R$19-1,0))))<=$I27,MOD((YEAR(DATE(YEAR(R$19-1),MONTH(R$19-1),MIN($J27,DAY(EOMONTH(R$19-1,0)))))-YEAR($H27))*12+MONTH(DATE(YEAR(R$19-1),MONTH(R$19-1),MIN($J27,DAY(EOMONTH(R$19-1,0)))))-MONTH($H27),CHOOSE($F27,1,1,3,12))=0))*1,0))) | S27: =IF(OR(NOT($K27),S$19<=S$18),0,$D27*IF($F27=1,IF(MIN(S$19,$I27+1)<=MAX(S$18,$H27),0,MAX(0,INT((MIN(S$19,$I27+1)-MAX(S$18,$H27)-1-MOD(WEEKDAY($H27,2)-WEEKDAY(MAX(S$18,$H27),2),7))/7)+1)),(AND(DATE(YEAR(S$18),MONTH(S$18),MIN($J27,DAY(EOMONTH(S$18,0))))>=S$18,DATE(YEAR(S$18),MONTH(S$18),MIN($J27,DAY(EOMONTH(S$18,0))))<S$19,DATE(YEAR(S$18),MONTH(S$18),MIN($J27,DAY(EOMONTH(S$18,0))))>=$H27,DATE(YEAR(S$18),MONTH(S$18),MIN($J27,DAY(EOMONTH(S$18,0))))<=$I27,MOD((YEAR(DATE(YEAR(S$18),MONTH(S$18),MIN($J27,DAY(EOMONTH(S$18,0)))))-YEAR($H27))*12+MONTH(DATE(YEAR(S$18),MONTH(S$18),MIN($J27,DAY(EOMONTH(S$18,0)))))-MONTH($H27),CHOOSE($F27,1,1,3,12))=0))*1+IF(MONTH(DATE(YEAR(S$19-1),MONTH(S$19-1),MIN($J27,DAY(EOMONTH(S$19-1,0)))))<>MONTH(DATE(YEAR(S$18),MONTH(S$18),MIN($J27,DAY(EOMONTH(S$18,0))))),(AND(DATE(YEAR(S$19-1),MONTH(S$19-1),MIN($J27,DAY(EOMONTH(S$19-1,0))))>=S$18,DATE(YEAR(S$19-1),MONTH(S$19-1),MIN($J27,DAY(EOMONTH(S$19-1,0))))<S$19,DATE(YEAR(S$19-1),MONTH(S$19-1),MIN($J27,DAY(EOMONTH(S$19-1,0))))>=$H27,DATE(YEAR(S$19-1),MONTH(S$19-1),MIN($J27,DAY(EOMONTH(S$19-1,0))))<=$I27,MOD((YEAR(DATE(YEAR(S$19-1),MONTH(S$19-1),MIN($J27,DAY(EOMONTH(S$19-1,0)))))-YEAR($H27))*12+MONTH(DATE(YEAR(S$19-1),MONTH(S$19-1),MIN($J27,DAY(EOMONTH(S$19-1,0)))))-MONTH($H27),CHOOSE($F27,1,1,3,12))=0))*1,0))) | T27: =IF(OR(NOT($K27),T$19<=T$18),0,$D27*IF($F27=1,IF(MIN(T$19,$I27+1)<=MAX(T$18,$H27),0,MAX(0,INT((MIN(T$19,$I27+1)-MAX(T$18,$H27)-1-MOD(WEEKDAY($H27,2)-WEEKDAY(MAX(T$18,$H27),2),7))/7)+1)),(AND(DATE(YEAR(T$18),MONTH(T$18),MIN($J27,DAY(EOMONTH(T$18,0))))>=T$18,DATE(YEAR(T$18),MONTH(T$18),MIN($J27,DAY(EOMONTH(T$18,0))))<T$19,DATE(YEAR(T$18),MONTH(T$18),MIN($J27,DAY(EOMONTH(T$18,0))))>=$H27,DATE(YEAR(T$18),MONTH(T$18),MIN($J27,DAY(EOMONTH(T$18,0))))<=$I27,MOD((YEAR(DATE(YEAR(T$18),MONTH(T$18),MIN($J27,DAY(EOMONTH(T$18,0)))))-YEAR($H27))*12+MONTH(DATE(YEAR(T$18),MONTH(T$18),MIN($J27,DAY(EOMONTH(T$18,0)))))-MONTH($H27),CHOOSE($F27,1,1,3,12))=0))*1+IF(MONTH(DATE(YEAR(T$19-1),MONTH(T$19-1),MIN($J27,DAY(EOMONTH(T$19-1,0)))))<>MONTH(DATE(YEAR(T$18),MONTH(T$18),MIN($J27,DAY(EOMONTH(T$18,0))))),(AND(DATE(YEAR(T$19-1),MONTH(T$19-1),MIN($J27,DAY(EOMONTH(T$19-1,0))))>=T$18,DATE(YEAR(T$19-1),MONTH(T$19-1),MIN($J27,DAY(EOMONTH(T$19-1,0))))<T$19,DATE(YEAR(T$19-1),MONTH(T$19-1),MIN($J27,DAY(EOMONTH(T$19-1,0))))>=$H27,DATE(YEAR(T$19-1),MONTH(T$19-1),MIN($J27,DAY(EOMONTH(T$19-1,0))))<=$I27,MOD((YEAR(DATE(YEAR(T$19-1),MONTH(T$19-1),MIN($J27,DAY(EOMONTH(T$19-1,0)))))-YEAR($H27))*12+MONTH(DATE(YEAR(T$19-1),MONTH(T$19-1),MIN($J27,DAY(EOMONTH(T$19-1,0)))))-MONTH($H27),CHOOSE($F27,1,1,3,12))=0))*1,0))) | ... AK27: =IF(OR(NOT($K27),AK$19<=AK$18),0,$D27*IF($F27=1,IF(MIN(AK$19,$I27+1)<=MAX(AK$18,$H27),0,MAX(0,INT((MIN(AK$19,$I27+1)-MAX(AK$18,$H27)-1-MOD(WEEKDAY($H27,2)-WEEKDAY(MAX(AK$18,$H27),2),7))/7)+1)),(AND(DATE(YEAR(AK$18),MONTH(AK$18),MIN($J27,DAY(EOMONTH(AK$18,0))))>=AK$18,DATE(YEAR(AK$18),MONTH(AK$18),MIN($J27,DAY(EOMONTH(AK$18,0))))<AK$19,DATE(YEAR(AK$18),MONTH(AK$18),MIN($J27,DAY(EOMONTH(AK$18,0))))>=$H27,DATE(YEAR(AK$18),MONTH(AK$18),MIN($J27,DAY(EOMONTH(AK$18,0))))<=$I27,MOD((YEAR(DATE(YEAR(AK$18),MONTH(AK$18),MIN($J27,DAY(EOMONTH(AK$18,0)))))-YEAR($H27))*12+MONTH(DATE(YEAR(AK$18),MONTH(AK$18),MIN($J27,DAY(EOMONTH(AK$18,0)))))-MONTH($H27),CHOOSE($F27,1,1,3,12))=0))*1+IF(MONTH(DATE(YEAR(AK$19-1),MONTH(AK$19-1),MIN($J27,DAY(EOMONTH(AK$19-1,0)))))<>MONTH(DATE(YEAR(AK$18),MONTH(AK$18),MIN($J27,DAY(EOMONTH(AK$18,0))))),(AND(DATE(YEAR(AK$19-1),MONTH(AK$19-1),MIN($J27,DAY(EOMONTH(AK$19-1,0))))>=AK$18,DATE(YEAR(AK$19-1),MONTH(AK$19-1),MIN($J27,DAY(EOMONTH(AK$19-1,0))))<AK$19,DATE(YEAR(AK$19-1),MONTH(AK$19-1),MIN($J27,DAY(EOMONTH(AK$19-1,0))))>=$H27,DATE(YEAR(AK$19-1),MONTH(AK$19-1),MIN($J27,DAY(EOMONTH(AK$19-1,0))))<=$I27,MOD((YEAR(DATE(YEAR(AK$19-1),MONTH(AK$19-1),MIN($J27,DAY(EOMONTH(AK$19-1,0)))))-YEAR($H27))*12+MONTH(DATE(YEAR(AK$19-1),MONTH(AK$19-1),MIN($J27,DAY(EOMONTH(AK$19-1,0)))))-MONTH($H27),CHOOSE($F27,1,1,3,12))=0))*1,0)))
A28: 8 | B28: =Recurring!B15&"" | C28: =IF(Recurring!C15="","§§",Recurring!C15) | D28: =N(Recurring!D15) | E28: =IF(COUNTIF($J$2:$J$5,C28)>0,1,IF(COUNTIF($J$7:$J$16,C28)>0,-1,0)) | F28: =ROUND(SUMPRODUCT((Lang!$C$49:$N$52=Recurring!E15)*(ROW(Lang!$C$49:$N$52)-48))/MAX(1,COUNTIF(Lang!$C$49:$N$52,Recurring!E15)),0) | H28: =N(Recurring!F15) | I28: =IF(N(Recurring!G15)=0,73051,Recurring!G15) | J28: =IF(H28>0,DAY(H28),1) | K28: =AND(D28>0,E28<>0,F28>0,H28>0) | M28: =IF(OR(NOT($K28),M$19<=M$18),0,$D28*IF($F28=1,IF(MIN(M$19,$I28+1)<=MAX(M$18,$H28),0,MAX(0,INT((MIN(M$19,$I28+1)-MAX(M$18,$H28)-1-MOD(WEEKDAY($H28,2)-WEEKDAY(MAX(M$18,$H28),2),7))/7)+1)),(AND(DATE(YEAR(M$18),MONTH(M$18),MIN($J28,DAY(EOMONTH(M$18,0))))>=M$18,DATE(YEAR(M$18),MONTH(M$18),MIN($J28,DAY(EOMONTH(M$18,0))))<M$19,DATE(YEAR(M$18),MONTH(M$18),MIN($J28,DAY(EOMONTH(M$18,0))))>=$H28,DATE(YEAR(M$18),MONTH(M$18),MIN($J28,DAY(EOMONTH(M$18,0))))<=$I28,MOD((YEAR(DATE(YEAR(M$18),MONTH(M$18),MIN($J28,DAY(EOMONTH(M$18,0)))))-YEAR($H28))*12+MONTH(DATE(YEAR(M$18),MONTH(M$18),MIN($J28,DAY(EOMONTH(M$18,0)))))-MONTH($H28),CHOOSE($F28,1,1,3,12))=0))*1+IF(MONTH(DATE(YEAR(M$19-1),MONTH(M$19-1),MIN($J28,DAY(EOMONTH(M$19-1,0)))))<>MONTH(DATE(YEAR(M$18),MONTH(M$18),MIN($J28,DAY(EOMONTH(M$18,0))))),(AND(DATE(YEAR(M$19-1),MONTH(M$19-1),MIN($J28,DAY(EOMONTH(M$19-1,0))))>=M$18,DATE(YEAR(M$19-1),MONTH(M$19-1),MIN($J28,DAY(EOMONTH(M$19-1,0))))<M$19,DATE(YEAR(M$19-1),MONTH(M$19-1),MIN($J28,DAY(EOMONTH(M$19-1,0))))>=$H28,DATE(YEAR(M$19-1),MONTH(M$19-1),MIN($J28,DAY(EOMONTH(M$19-1,0))))<=$I28,MOD((YEAR(DATE(YEAR(M$19-1),MONTH(M$19-1),MIN($J28,DAY(EOMONTH(M$19-1,0)))))-YEAR($H28))*12+MONTH(DATE(YEAR(M$19-1),MONTH(M$19-1),MIN($J28,DAY(EOMONTH(M$19-1,0)))))-MONTH($H28),CHOOSE($F28,1,1,3,12))=0))*1,0))) | N28: =IF(OR(NOT($K28),N$19<=N$18),0,$D28*IF($F28=1,IF(MIN(N$19,$I28+1)<=MAX(N$18,$H28),0,MAX(0,INT((MIN(N$19,$I28+1)-MAX(N$18,$H28)-1-MOD(WEEKDAY($H28,2)-WEEKDAY(MAX(N$18,$H28),2),7))/7)+1)),(AND(DATE(YEAR(N$18),MONTH(N$18),MIN($J28,DAY(EOMONTH(N$18,0))))>=N$18,DATE(YEAR(N$18),MONTH(N$18),MIN($J28,DAY(EOMONTH(N$18,0))))<N$19,DATE(YEAR(N$18),MONTH(N$18),MIN($J28,DAY(EOMONTH(N$18,0))))>=$H28,DATE(YEAR(N$18),MONTH(N$18),MIN($J28,DAY(EOMONTH(N$18,0))))<=$I28,MOD((YEAR(DATE(YEAR(N$18),MONTH(N$18),MIN($J28,DAY(EOMONTH(N$18,0)))))-YEAR($H28))*12+MONTH(DATE(YEAR(N$18),MONTH(N$18),MIN($J28,DAY(EOMONTH(N$18,0)))))-MONTH($H28),CHOOSE($F28,1,1,3,12))=0))*1+IF(MONTH(DATE(YEAR(N$19-1),MONTH(N$19-1),MIN($J28,DAY(EOMONTH(N$19-1,0)))))<>MONTH(DATE(YEAR(N$18),MONTH(N$18),MIN($J28,DAY(EOMONTH(N$18,0))))),(AND(DATE(YEAR(N$19-1),MONTH(N$19-1),MIN($J28,DAY(EOMONTH(N$19-1,0))))>=N$18,DATE(YEAR(N$19-1),MONTH(N$19-1),MIN($J28,DAY(EOMONTH(N$19-1,0))))<N$19,DATE(YEAR(N$19-1),MONTH(N$19-1),MIN($J28,DAY(EOMONTH(N$19-1,0))))>=$H28,DATE(YEAR(N$19-1),MONTH(N$19-1),MIN($J28,DAY(EOMONTH(N$19-1,0))))<=$I28,MOD((YEAR(DATE(YEAR(N$19-1),MONTH(N$19-1),MIN($J28,DAY(EOMONTH(N$19-1,0)))))-YEAR($H28))*12+MONTH(DATE(YEAR(N$19-1),MONTH(N$19-1),MIN($J28,DAY(EOMONTH(N$19-1,0)))))-MONTH($H28),CHOOSE($F28,1,1,3,12))=0))*1,0))) | O28: =IF(OR(NOT($K28),O$19<=O$18),0,$D28*IF($F28=1,IF(MIN(O$19,$I28+1)<=MAX(O$18,$H28),0,MAX(0,INT((MIN(O$19,$I28+1)-MAX(O$18,$H28)-1-MOD(WEEKDAY($H28,2)-WEEKDAY(MAX(O$18,$H28),2),7))/7)+1)),(AND(DATE(YEAR(O$18),MONTH(O$18),MIN($J28,DAY(EOMONTH(O$18,0))))>=O$18,DATE(YEAR(O$18),MONTH(O$18),MIN($J28,DAY(EOMONTH(O$18,0))))<O$19,DATE(YEAR(O$18),MONTH(O$18),MIN($J28,DAY(EOMONTH(O$18,0))))>=$H28,DATE(YEAR(O$18),MONTH(O$18),MIN($J28,DAY(EOMONTH(O$18,0))))<=$I28,MOD((YEAR(DATE(YEAR(O$18),MONTH(O$18),MIN($J28,DAY(EOMONTH(O$18,0)))))-YEAR($H28))*12+MONTH(DATE(YEAR(O$18),MONTH(O$18),MIN($J28,DAY(EOMONTH(O$18,0)))))-MONTH($H28),CHOOSE($F28,1,1,3,12))=0))*1+IF(MONTH(DATE(YEAR(O$19-1),MONTH(O$19-1),MIN($J28,DAY(EOMONTH(O$19-1,0)))))<>MONTH(DATE(YEAR(O$18),MONTH(O$18),MIN($J28,DAY(EOMONTH(O$18,0))))),(AND(DATE(YEAR(O$19-1),MONTH(O$19-1),MIN($J28,DAY(EOMONTH(O$19-1,0))))>=O$18,DATE(YEAR(O$19-1),MONTH(O$19-1),MIN($J28,DAY(EOMONTH(O$19-1,0))))<O$19,DATE(YEAR(O$19-1),MONTH(O$19-1),MIN($J28,DAY(EOMONTH(O$19-1,0))))>=$H28,DATE(YEAR(O$19-1),MONTH(O$19-1),MIN($J28,DAY(EOMONTH(O$19-1,0))))<=$I28,MOD((YEAR(DATE(YEAR(O$19-1),MONTH(O$19-1),MIN($J28,DAY(EOMONTH(O$19-1,0)))))-YEAR($H28))*12+MONTH(DATE(YEAR(O$19-1),MONTH(O$19-1),MIN($J28,DAY(EOMONTH(O$19-1,0)))))-MONTH($H28),CHOOSE($F28,1,1,3,12))=0))*1,0))) | P28: =IF(OR(NOT($K28),P$19<=P$18),0,$D28*IF($F28=1,IF(MIN(P$19,$I28+1)<=MAX(P$18,$H28),0,MAX(0,INT((MIN(P$19,$I28+1)-MAX(P$18,$H28)-1-MOD(WEEKDAY($H28,2)-WEEKDAY(MAX(P$18,$H28),2),7))/7)+1)),(AND(DATE(YEAR(P$18),MONTH(P$18),MIN($J28,DAY(EOMONTH(P$18,0))))>=P$18,DATE(YEAR(P$18),MONTH(P$18),MIN($J28,DAY(EOMONTH(P$18,0))))<P$19,DATE(YEAR(P$18),MONTH(P$18),MIN($J28,DAY(EOMONTH(P$18,0))))>=$H28,DATE(YEAR(P$18),MONTH(P$18),MIN($J28,DAY(EOMONTH(P$18,0))))<=$I28,MOD((YEAR(DATE(YEAR(P$18),MONTH(P$18),MIN($J28,DAY(EOMONTH(P$18,0)))))-YEAR($H28))*12+MONTH(DATE(YEAR(P$18),MONTH(P$18),MIN($J28,DAY(EOMONTH(P$18,0)))))-MONTH($H28),CHOOSE($F28,1,1,3,12))=0))*1+IF(MONTH(DATE(YEAR(P$19-1),MONTH(P$19-1),MIN($J28,DAY(EOMONTH(P$19-1,0)))))<>MONTH(DATE(YEAR(P$18),MONTH(P$18),MIN($J28,DAY(EOMONTH(P$18,0))))),(AND(DATE(YEAR(P$19-1),MONTH(P$19-1),MIN($J28,DAY(EOMONTH(P$19-1,0))))>=P$18,DATE(YEAR(P$19-1),MONTH(P$19-1),MIN($J28,DAY(EOMONTH(P$19-1,0))))<P$19,DATE(YEAR(P$19-1),MONTH(P$19-1),MIN($J28,DAY(EOMONTH(P$19-1,0))))>=$H28,DATE(YEAR(P$19-1),MONTH(P$19-1),MIN($J28,DAY(EOMONTH(P$19-1,0))))<=$I28,MOD((YEAR(DATE(YEAR(P$19-1),MONTH(P$19-1),MIN($J28,DAY(EOMONTH(P$19-1,0)))))-YEAR($H28))*12+MONTH(DATE(YEAR(P$19-1),MONTH(P$19-1),MIN($J28,DAY(EOMONTH(P$19-1,0)))))-MONTH($H28),CHOOSE($F28,1,1,3,12))=0))*1,0))) | Q28: =IF(OR(NOT($K28),Q$19<=Q$18),0,$D28*IF($F28=1,IF(MIN(Q$19,$I28+1)<=MAX(Q$18,$H28),0,MAX(0,INT((MIN(Q$19,$I28+1)-MAX(Q$18,$H28)-1-MOD(WEEKDAY($H28,2)-WEEKDAY(MAX(Q$18,$H28),2),7))/7)+1)),(AND(DATE(YEAR(Q$18),MONTH(Q$18),MIN($J28,DAY(EOMONTH(Q$18,0))))>=Q$18,DATE(YEAR(Q$18),MONTH(Q$18),MIN($J28,DAY(EOMONTH(Q$18,0))))<Q$19,DATE(YEAR(Q$18),MONTH(Q$18),MIN($J28,DAY(EOMONTH(Q$18,0))))>=$H28,DATE(YEAR(Q$18),MONTH(Q$18),MIN($J28,DAY(EOMONTH(Q$18,0))))<=$I28,MOD((YEAR(DATE(YEAR(Q$18),MONTH(Q$18),MIN($J28,DAY(EOMONTH(Q$18,0)))))-YEAR($H28))*12+MONTH(DATE(YEAR(Q$18),MONTH(Q$18),MIN($J28,DAY(EOMONTH(Q$18,0)))))-MONTH($H28),CHOOSE($F28,1,1,3,12))=0))*1+IF(MONTH(DATE(YEAR(Q$19-1),MONTH(Q$19-1),MIN($J28,DAY(EOMONTH(Q$19-1,0)))))<>MONTH(DATE(YEAR(Q$18),MONTH(Q$18),MIN($J28,DAY(EOMONTH(Q$18,0))))),(AND(DATE(YEAR(Q$19-1),MONTH(Q$19-1),MIN($J28,DAY(EOMONTH(Q$19-1,0))))>=Q$18,DATE(YEAR(Q$19-1),MONTH(Q$19-1),MIN($J28,DAY(EOMONTH(Q$19-1,0))))<Q$19,DATE(YEAR(Q$19-1),MONTH(Q$19-1),MIN($J28,DAY(EOMONTH(Q$19-1,0))))>=$H28,DATE(YEAR(Q$19-1),MONTH(Q$19-1),MIN($J28,DAY(EOMONTH(Q$19-1,0))))<=$I28,MOD((YEAR(DATE(YEAR(Q$19-1),MONTH(Q$19-1),MIN($J28,DAY(EOMONTH(Q$19-1,0)))))-YEAR($H28))*12+MONTH(DATE(YEAR(Q$19-1),MONTH(Q$19-1),MIN($J28,DAY(EOMONTH(Q$19-1,0)))))-MONTH($H28),CHOOSE($F28,1,1,3,12))=0))*1,0))) | R28: =IF(OR(NOT($K28),R$19<=R$18),0,$D28*IF($F28=1,IF(MIN(R$19,$I28+1)<=MAX(R$18,$H28),0,MAX(0,INT((MIN(R$19,$I28+1)-MAX(R$18,$H28)-1-MOD(WEEKDAY($H28,2)-WEEKDAY(MAX(R$18,$H28),2),7))/7)+1)),(AND(DATE(YEAR(R$18),MONTH(R$18),MIN($J28,DAY(EOMONTH(R$18,0))))>=R$18,DATE(YEAR(R$18),MONTH(R$18),MIN($J28,DAY(EOMONTH(R$18,0))))<R$19,DATE(YEAR(R$18),MONTH(R$18),MIN($J28,DAY(EOMONTH(R$18,0))))>=$H28,DATE(YEAR(R$18),MONTH(R$18),MIN($J28,DAY(EOMONTH(R$18,0))))<=$I28,MOD((YEAR(DATE(YEAR(R$18),MONTH(R$18),MIN($J28,DAY(EOMONTH(R$18,0)))))-YEAR($H28))*12+MONTH(DATE(YEAR(R$18),MONTH(R$18),MIN($J28,DAY(EOMONTH(R$18,0)))))-MONTH($H28),CHOOSE($F28,1,1,3,12))=0))*1+IF(MONTH(DATE(YEAR(R$19-1),MONTH(R$19-1),MIN($J28,DAY(EOMONTH(R$19-1,0)))))<>MONTH(DATE(YEAR(R$18),MONTH(R$18),MIN($J28,DAY(EOMONTH(R$18,0))))),(AND(DATE(YEAR(R$19-1),MONTH(R$19-1),MIN($J28,DAY(EOMONTH(R$19-1,0))))>=R$18,DATE(YEAR(R$19-1),MONTH(R$19-1),MIN($J28,DAY(EOMONTH(R$19-1,0))))<R$19,DATE(YEAR(R$19-1),MONTH(R$19-1),MIN($J28,DAY(EOMONTH(R$19-1,0))))>=$H28,DATE(YEAR(R$19-1),MONTH(R$19-1),MIN($J28,DAY(EOMONTH(R$19-1,0))))<=$I28,MOD((YEAR(DATE(YEAR(R$19-1),MONTH(R$19-1),MIN($J28,DAY(EOMONTH(R$19-1,0)))))-YEAR($H28))*12+MONTH(DATE(YEAR(R$19-1),MONTH(R$19-1),MIN($J28,DAY(EOMONTH(R$19-1,0)))))-MONTH($H28),CHOOSE($F28,1,1,3,12))=0))*1,0))) | S28: =IF(OR(NOT($K28),S$19<=S$18),0,$D28*IF($F28=1,IF(MIN(S$19,$I28+1)<=MAX(S$18,$H28),0,MAX(0,INT((MIN(S$19,$I28+1)-MAX(S$18,$H28)-1-MOD(WEEKDAY($H28,2)-WEEKDAY(MAX(S$18,$H28),2),7))/7)+1)),(AND(DATE(YEAR(S$18),MONTH(S$18),MIN($J28,DAY(EOMONTH(S$18,0))))>=S$18,DATE(YEAR(S$18),MONTH(S$18),MIN($J28,DAY(EOMONTH(S$18,0))))<S$19,DATE(YEAR(S$18),MONTH(S$18),MIN($J28,DAY(EOMONTH(S$18,0))))>=$H28,DATE(YEAR(S$18),MONTH(S$18),MIN($J28,DAY(EOMONTH(S$18,0))))<=$I28,MOD((YEAR(DATE(YEAR(S$18),MONTH(S$18),MIN($J28,DAY(EOMONTH(S$18,0)))))-YEAR($H28))*12+MONTH(DATE(YEAR(S$18),MONTH(S$18),MIN($J28,DAY(EOMONTH(S$18,0)))))-MONTH($H28),CHOOSE($F28,1,1,3,12))=0))*1+IF(MONTH(DATE(YEAR(S$19-1),MONTH(S$19-1),MIN($J28,DAY(EOMONTH(S$19-1,0)))))<>MONTH(DATE(YEAR(S$18),MONTH(S$18),MIN($J28,DAY(EOMONTH(S$18,0))))),(AND(DATE(YEAR(S$19-1),MONTH(S$19-1),MIN($J28,DAY(EOMONTH(S$19-1,0))))>=S$18,DATE(YEAR(S$19-1),MONTH(S$19-1),MIN($J28,DAY(EOMONTH(S$19-1,0))))<S$19,DATE(YEAR(S$19-1),MONTH(S$19-1),MIN($J28,DAY(EOMONTH(S$19-1,0))))>=$H28,DATE(YEAR(S$19-1),MONTH(S$19-1),MIN($J28,DAY(EOMONTH(S$19-1,0))))<=$I28,MOD((YEAR(DATE(YEAR(S$19-1),MONTH(S$19-1),MIN($J28,DAY(EOMONTH(S$19-1,0)))))-YEAR($H28))*12+MONTH(DATE(YEAR(S$19-1),MONTH(S$19-1),MIN($J28,DAY(EOMONTH(S$19-1,0)))))-MONTH($H28),CHOOSE($F28,1,1,3,12))=0))*1,0))) | T28: =IF(OR(NOT($K28),T$19<=T$18),0,$D28*IF($F28=1,IF(MIN(T$19,$I28+1)<=MAX(T$18,$H28),0,MAX(0,INT((MIN(T$19,$I28+1)-MAX(T$18,$H28)-1-MOD(WEEKDAY($H28,2)-WEEKDAY(MAX(T$18,$H28),2),7))/7)+1)),(AND(DATE(YEAR(T$18),MONTH(T$18),MIN($J28,DAY(EOMONTH(T$18,0))))>=T$18,DATE(YEAR(T$18),MONTH(T$18),MIN($J28,DAY(EOMONTH(T$18,0))))<T$19,DATE(YEAR(T$18),MONTH(T$18),MIN($J28,DAY(EOMONTH(T$18,0))))>=$H28,DATE(YEAR(T$18),MONTH(T$18),MIN($J28,DAY(EOMONTH(T$18,0))))<=$I28,MOD((YEAR(DATE(YEAR(T$18),MONTH(T$18),MIN($J28,DAY(EOMONTH(T$18,0)))))-YEAR($H28))*12+MONTH(DATE(YEAR(T$18),MONTH(T$18),MIN($J28,DAY(EOMONTH(T$18,0)))))-MONTH($H28),CHOOSE($F28,1,1,3,12))=0))*1+IF(MONTH(DATE(YEAR(T$19-1),MONTH(T$19-1),MIN($J28,DAY(EOMONTH(T$19-1,0)))))<>MONTH(DATE(YEAR(T$18),MONTH(T$18),MIN($J28,DAY(EOMONTH(T$18,0))))),(AND(DATE(YEAR(T$19-1),MONTH(T$19-1),MIN($J28,DAY(EOMONTH(T$19-1,0))))>=T$18,DATE(YEAR(T$19-1),MONTH(T$19-1),MIN($J28,DAY(EOMONTH(T$19-1,0))))<T$19,DATE(YEAR(T$19-1),MONTH(T$19-1),MIN($J28,DAY(EOMONTH(T$19-1,0))))>=$H28,DATE(YEAR(T$19-1),MONTH(T$19-1),MIN($J28,DAY(EOMONTH(T$19-1,0))))<=$I28,MOD((YEAR(DATE(YEAR(T$19-1),MONTH(T$19-1),MIN($J28,DAY(EOMONTH(T$19-1,0)))))-YEAR($H28))*12+MONTH(DATE(YEAR(T$19-1),MONTH(T$19-1),MIN($J28,DAY(EOMONTH(T$19-1,0)))))-MONTH($H28),CHOOSE($F28,1,1,3,12))=0))*1,0))) | ... AK28: =IF(OR(NOT($K28),AK$19<=AK$18),0,$D28*IF($F28=1,IF(MIN(AK$19,$I28+1)<=MAX(AK$18,$H28),0,MAX(0,INT((MIN(AK$19,$I28+1)-MAX(AK$18,$H28)-1-MOD(WEEKDAY($H28,2)-WEEKDAY(MAX(AK$18,$H28),2),7))/7)+1)),(AND(DATE(YEAR(AK$18),MONTH(AK$18),MIN($J28,DAY(EOMONTH(AK$18,0))))>=AK$18,DATE(YEAR(AK$18),MONTH(AK$18),MIN($J28,DAY(EOMONTH(AK$18,0))))<AK$19,DATE(YEAR(AK$18),MONTH(AK$18),MIN($J28,DAY(EOMONTH(AK$18,0))))>=$H28,DATE(YEAR(AK$18),MONTH(AK$18),MIN($J28,DAY(EOMONTH(AK$18,0))))<=$I28,MOD((YEAR(DATE(YEAR(AK$18),MONTH(AK$18),MIN($J28,DAY(EOMONTH(AK$18,0)))))-YEAR($H28))*12+MONTH(DATE(YEAR(AK$18),MONTH(AK$18),MIN($J28,DAY(EOMONTH(AK$18,0)))))-MONTH($H28),CHOOSE($F28,1,1,3,12))=0))*1+IF(MONTH(DATE(YEAR(AK$19-1),MONTH(AK$19-1),MIN($J28,DAY(EOMONTH(AK$19-1,0)))))<>MONTH(DATE(YEAR(AK$18),MONTH(AK$18),MIN($J28,DAY(EOMONTH(AK$18,0))))),(AND(DATE(YEAR(AK$19-1),MONTH(AK$19-1),MIN($J28,DAY(EOMONTH(AK$19-1,0))))>=AK$18,DATE(YEAR(AK$19-1),MONTH(AK$19-1),MIN($J28,DAY(EOMONTH(AK$19-1,0))))<AK$19,DATE(YEAR(AK$19-1),MONTH(AK$19-1),MIN($J28,DAY(EOMONTH(AK$19-1,0))))>=$H28,DATE(YEAR(AK$19-1),MONTH(AK$19-1),MIN($J28,DAY(EOMONTH(AK$19-1,0))))<=$I28,MOD((YEAR(DATE(YEAR(AK$19-1),MONTH(AK$19-1),MIN($J28,DAY(EOMONTH(AK$19-1,0)))))-YEAR($H28))*12+MONTH(DATE(YEAR(AK$19-1),MONTH(AK$19-1),MIN($J28,DAY(EOMONTH(AK$19-1,0)))))-MONTH($H28),CHOOSE($F28,1,1,3,12))=0))*1,0)))
A29: 9 | B29: =Recurring!B16&"" | C29: =IF(Recurring!C16="","§§",Recurring!C16) | D29: =N(Recurring!D16) | E29: =IF(COUNTIF($J$2:$J$5,C29)>0,1,IF(COUNTIF($J$7:$J$16,C29)>0,-1,0)) | F29: =ROUND(SUMPRODUCT((Lang!$C$49:$N$52=Recurring!E16)*(ROW(Lang!$C$49:$N$52)-48))/MAX(1,COUNTIF(Lang!$C$49:$N$52,Recurring!E16)),0) | H29: =N(Recurring!F16) | I29: =IF(N(Recurring!G16)=0,73051,Recurring!G16) | J29: =IF(H29>0,DAY(H29),1) | K29: =AND(D29>0,E29<>0,F29>0,H29>0) | M29: =IF(OR(NOT($K29),M$19<=M$18),0,$D29*IF($F29=1,IF(MIN(M$19,$I29+1)<=MAX(M$18,$H29),0,MAX(0,INT((MIN(M$19,$I29+1)-MAX(M$18,$H29)-1-MOD(WEEKDAY($H29,2)-WEEKDAY(MAX(M$18,$H29),2),7))/7)+1)),(AND(DATE(YEAR(M$18),MONTH(M$18),MIN($J29,DAY(EOMONTH(M$18,0))))>=M$18,DATE(YEAR(M$18),MONTH(M$18),MIN($J29,DAY(EOMONTH(M$18,0))))<M$19,DATE(YEAR(M$18),MONTH(M$18),MIN($J29,DAY(EOMONTH(M$18,0))))>=$H29,DATE(YEAR(M$18),MONTH(M$18),MIN($J29,DAY(EOMONTH(M$18,0))))<=$I29,MOD((YEAR(DATE(YEAR(M$18),MONTH(M$18),MIN($J29,DAY(EOMONTH(M$18,0)))))-YEAR($H29))*12+MONTH(DATE(YEAR(M$18),MONTH(M$18),MIN($J29,DAY(EOMONTH(M$18,0)))))-MONTH($H29),CHOOSE($F29,1,1,3,12))=0))*1+IF(MONTH(DATE(YEAR(M$19-1),MONTH(M$19-1),MIN($J29,DAY(EOMONTH(M$19-1,0)))))<>MONTH(DATE(YEAR(M$18),MONTH(M$18),MIN($J29,DAY(EOMONTH(M$18,0))))),(AND(DATE(YEAR(M$19-1),MONTH(M$19-1),MIN($J29,DAY(EOMONTH(M$19-1,0))))>=M$18,DATE(YEAR(M$19-1),MONTH(M$19-1),MIN($J29,DAY(EOMONTH(M$19-1,0))))<M$19,DATE(YEAR(M$19-1),MONTH(M$19-1),MIN($J29,DAY(EOMONTH(M$19-1,0))))>=$H29,DATE(YEAR(M$19-1),MONTH(M$19-1),MIN($J29,DAY(EOMONTH(M$19-1,0))))<=$I29,MOD((YEAR(DATE(YEAR(M$19-1),MONTH(M$19-1),MIN($J29,DAY(EOMONTH(M$19-1,0)))))-YEAR($H29))*12+MONTH(DATE(YEAR(M$19-1),MONTH(M$19-1),MIN($J29,DAY(EOMONTH(M$19-1,0)))))-MONTH($H29),CHOOSE($F29,1,1,3,12))=0))*1,0))) | N29: =IF(OR(NOT($K29),N$19<=N$18),0,$D29*IF($F29=1,IF(MIN(N$19,$I29+1)<=MAX(N$18,$H29),0,MAX(0,INT((MIN(N$19,$I29+1)-MAX(N$18,$H29)-1-MOD(WEEKDAY($H29,2)-WEEKDAY(MAX(N$18,$H29),2),7))/7)+1)),(AND(DATE(YEAR(N$18),MONTH(N$18),MIN($J29,DAY(EOMONTH(N$18,0))))>=N$18,DATE(YEAR(N$18),MONTH(N$18),MIN($J29,DAY(EOMONTH(N$18,0))))<N$19,DATE(YEAR(N$18),MONTH(N$18),MIN($J29,DAY(EOMONTH(N$18,0))))>=$H29,DATE(YEAR(N$18),MONTH(N$18),MIN($J29,DAY(EOMONTH(N$18,0))))<=$I29,MOD((YEAR(DATE(YEAR(N$18),MONTH(N$18),MIN($J29,DAY(EOMONTH(N$18,0)))))-YEAR($H29))*12+MONTH(DATE(YEAR(N$18),MONTH(N$18),MIN($J29,DAY(EOMONTH(N$18,0)))))-MONTH($H29),CHOOSE($F29,1,1,3,12))=0))*1+IF(MONTH(DATE(YEAR(N$19-1),MONTH(N$19-1),MIN($J29,DAY(EOMONTH(N$19-1,0)))))<>MONTH(DATE(YEAR(N$18),MONTH(N$18),MIN($J29,DAY(EOMONTH(N$18,0))))),(AND(DATE(YEAR(N$19-1),MONTH(N$19-1),MIN($J29,DAY(EOMONTH(N$19-1,0))))>=N$18,DATE(YEAR(N$19-1),MONTH(N$19-1),MIN($J29,DAY(EOMONTH(N$19-1,0))))<N$19,DATE(YEAR(N$19-1),MONTH(N$19-1),MIN($J29,DAY(EOMONTH(N$19-1,0))))>=$H29,DATE(YEAR(N$19-1),MONTH(N$19-1),MIN($J29,DAY(EOMONTH(N$19-1,0))))<=$I29,MOD((YEAR(DATE(YEAR(N$19-1),MONTH(N$19-1),MIN($J29,DAY(EOMONTH(N$19-1,0)))))-YEAR($H29))*12+MONTH(DATE(YEAR(N$19-1),MONTH(N$19-1),MIN($J29,DAY(EOMONTH(N$19-1,0)))))-MONTH($H29),CHOOSE($F29,1,1,3,12))=0))*1,0))) | O29: =IF(OR(NOT($K29),O$19<=O$18),0,$D29*IF($F29=1,IF(MIN(O$19,$I29+1)<=MAX(O$18,$H29),0,MAX(0,INT((MIN(O$19,$I29+1)-MAX(O$18,$H29)-1-MOD(WEEKDAY($H29,2)-WEEKDAY(MAX(O$18,$H29),2),7))/7)+1)),(AND(DATE(YEAR(O$18),MONTH(O$18),MIN($J29,DAY(EOMONTH(O$18,0))))>=O$18,DATE(YEAR(O$18),MONTH(O$18),MIN($J29,DAY(EOMONTH(O$18,0))))<O$19,DATE(YEAR(O$18),MONTH(O$18),MIN($J29,DAY(EOMONTH(O$18,0))))>=$H29,DATE(YEAR(O$18),MONTH(O$18),MIN($J29,DAY(EOMONTH(O$18,0))))<=$I29,MOD((YEAR(DATE(YEAR(O$18),MONTH(O$18),MIN($J29,DAY(EOMONTH(O$18,0)))))-YEAR($H29))*12+MONTH(DATE(YEAR(O$18),MONTH(O$18),MIN($J29,DAY(EOMONTH(O$18,0)))))-MONTH($H29),CHOOSE($F29,1,1,3,12))=0))*1+IF(MONTH(DATE(YEAR(O$19-1),MONTH(O$19-1),MIN($J29,DAY(EOMONTH(O$19-1,0)))))<>MONTH(DATE(YEAR(O$18),MONTH(O$18),MIN($J29,DAY(EOMONTH(O$18,0))))),(AND(DATE(YEAR(O$19-1),MONTH(O$19-1),MIN($J29,DAY(EOMONTH(O$19-1,0))))>=O$18,DATE(YEAR(O$19-1),MONTH(O$19-1),MIN($J29,DAY(EOMONTH(O$19-1,0))))<O$19,DATE(YEAR(O$19-1),MONTH(O$19-1),MIN($J29,DAY(EOMONTH(O$19-1,0))))>=$H29,DATE(YEAR(O$19-1),MONTH(O$19-1),MIN($J29,DAY(EOMONTH(O$19-1,0))))<=$I29,MOD((YEAR(DATE(YEAR(O$19-1),MONTH(O$19-1),MIN($J29,DAY(EOMONTH(O$19-1,0)))))-YEAR($H29))*12+MONTH(DATE(YEAR(O$19-1),MONTH(O$19-1),MIN($J29,DAY(EOMONTH(O$19-1,0)))))-MONTH($H29),CHOOSE($F29,1,1,3,12))=0))*1,0))) | P29: =IF(OR(NOT($K29),P$19<=P$18),0,$D29*IF($F29=1,IF(MIN(P$19,$I29+1)<=MAX(P$18,$H29),0,MAX(0,INT((MIN(P$19,$I29+1)-MAX(P$18,$H29)-1-MOD(WEEKDAY($H29,2)-WEEKDAY(MAX(P$18,$H29),2),7))/7)+1)),(AND(DATE(YEAR(P$18),MONTH(P$18),MIN($J29,DAY(EOMONTH(P$18,0))))>=P$18,DATE(YEAR(P$18),MONTH(P$18),MIN($J29,DAY(EOMONTH(P$18,0))))<P$19,DATE(YEAR(P$18),MONTH(P$18),MIN($J29,DAY(EOMONTH(P$18,0))))>=$H29,DATE(YEAR(P$18),MONTH(P$18),MIN($J29,DAY(EOMONTH(P$18,0))))<=$I29,MOD((YEAR(DATE(YEAR(P$18),MONTH(P$18),MIN($J29,DAY(EOMONTH(P$18,0)))))-YEAR($H29))*12+MONTH(DATE(YEAR(P$18),MONTH(P$18),MIN($J29,DAY(EOMONTH(P$18,0)))))-MONTH($H29),CHOOSE($F29,1,1,3,12))=0))*1+IF(MONTH(DATE(YEAR(P$19-1),MONTH(P$19-1),MIN($J29,DAY(EOMONTH(P$19-1,0)))))<>MONTH(DATE(YEAR(P$18),MONTH(P$18),MIN($J29,DAY(EOMONTH(P$18,0))))),(AND(DATE(YEAR(P$19-1),MONTH(P$19-1),MIN($J29,DAY(EOMONTH(P$19-1,0))))>=P$18,DATE(YEAR(P$19-1),MONTH(P$19-1),MIN($J29,DAY(EOMONTH(P$19-1,0))))<P$19,DATE(YEAR(P$19-1),MONTH(P$19-1),MIN($J29,DAY(EOMONTH(P$19-1,0))))>=$H29,DATE(YEAR(P$19-1),MONTH(P$19-1),MIN($J29,DAY(EOMONTH(P$19-1,0))))<=$I29,MOD((YEAR(DATE(YEAR(P$19-1),MONTH(P$19-1),MIN($J29,DAY(EOMONTH(P$19-1,0)))))-YEAR($H29))*12+MONTH(DATE(YEAR(P$19-1),MONTH(P$19-1),MIN($J29,DAY(EOMONTH(P$19-1,0)))))-MONTH($H29),CHOOSE($F29,1,1,3,12))=0))*1,0))) | Q29: =IF(OR(NOT($K29),Q$19<=Q$18),0,$D29*IF($F29=1,IF(MIN(Q$19,$I29+1)<=MAX(Q$18,$H29),0,MAX(0,INT((MIN(Q$19,$I29+1)-MAX(Q$18,$H29)-1-MOD(WEEKDAY($H29,2)-WEEKDAY(MAX(Q$18,$H29),2),7))/7)+1)),(AND(DATE(YEAR(Q$18),MONTH(Q$18),MIN($J29,DAY(EOMONTH(Q$18,0))))>=Q$18,DATE(YEAR(Q$18),MONTH(Q$18),MIN($J29,DAY(EOMONTH(Q$18,0))))<Q$19,DATE(YEAR(Q$18),MONTH(Q$18),MIN($J29,DAY(EOMONTH(Q$18,0))))>=$H29,DATE(YEAR(Q$18),MONTH(Q$18),MIN($J29,DAY(EOMONTH(Q$18,0))))<=$I29,MOD((YEAR(DATE(YEAR(Q$18),MONTH(Q$18),MIN($J29,DAY(EOMONTH(Q$18,0)))))-YEAR($H29))*12+MONTH(DATE(YEAR(Q$18),MONTH(Q$18),MIN($J29,DAY(EOMONTH(Q$18,0)))))-MONTH($H29),CHOOSE($F29,1,1,3,12))=0))*1+IF(MONTH(DATE(YEAR(Q$19-1),MONTH(Q$19-1),MIN($J29,DAY(EOMONTH(Q$19-1,0)))))<>MONTH(DATE(YEAR(Q$18),MONTH(Q$18),MIN($J29,DAY(EOMONTH(Q$18,0))))),(AND(DATE(YEAR(Q$19-1),MONTH(Q$19-1),MIN($J29,DAY(EOMONTH(Q$19-1,0))))>=Q$18,DATE(YEAR(Q$19-1),MONTH(Q$19-1),MIN($J29,DAY(EOMONTH(Q$19-1,0))))<Q$19,DATE(YEAR(Q$19-1),MONTH(Q$19-1),MIN($J29,DAY(EOMONTH(Q$19-1,0))))>=$H29,DATE(YEAR(Q$19-1),MONTH(Q$19-1),MIN($J29,DAY(EOMONTH(Q$19-1,0))))<=$I29,MOD((YEAR(DATE(YEAR(Q$19-1),MONTH(Q$19-1),MIN($J29,DAY(EOMONTH(Q$19-1,0)))))-YEAR($H29))*12+MONTH(DATE(YEAR(Q$19-1),MONTH(Q$19-1),MIN($J29,DAY(EOMONTH(Q$19-1,0)))))-MONTH($H29),CHOOSE($F29,1,1,3,12))=0))*1,0))) | R29: =IF(OR(NOT($K29),R$19<=R$18),0,$D29*IF($F29=1,IF(MIN(R$19,$I29+1)<=MAX(R$18,$H29),0,MAX(0,INT((MIN(R$19,$I29+1)-MAX(R$18,$H29)-1-MOD(WEEKDAY($H29,2)-WEEKDAY(MAX(R$18,$H29),2),7))/7)+1)),(AND(DATE(YEAR(R$18),MONTH(R$18),MIN($J29,DAY(EOMONTH(R$18,0))))>=R$18,DATE(YEAR(R$18),MONTH(R$18),MIN($J29,DAY(EOMONTH(R$18,0))))<R$19,DATE(YEAR(R$18),MONTH(R$18),MIN($J29,DAY(EOMONTH(R$18,0))))>=$H29,DATE(YEAR(R$18),MONTH(R$18),MIN($J29,DAY(EOMONTH(R$18,0))))<=$I29,MOD((YEAR(DATE(YEAR(R$18),MONTH(R$18),MIN($J29,DAY(EOMONTH(R$18,0)))))-YEAR($H29))*12+MONTH(DATE(YEAR(R$18),MONTH(R$18),MIN($J29,DAY(EOMONTH(R$18,0)))))-MONTH($H29),CHOOSE($F29,1,1,3,12))=0))*1+IF(MONTH(DATE(YEAR(R$19-1),MONTH(R$19-1),MIN($J29,DAY(EOMONTH(R$19-1,0)))))<>MONTH(DATE(YEAR(R$18),MONTH(R$18),MIN($J29,DAY(EOMONTH(R$18,0))))),(AND(DATE(YEAR(R$19-1),MONTH(R$19-1),MIN($J29,DAY(EOMONTH(R$19-1,0))))>=R$18,DATE(YEAR(R$19-1),MONTH(R$19-1),MIN($J29,DAY(EOMONTH(R$19-1,0))))<R$19,DATE(YEAR(R$19-1),MONTH(R$19-1),MIN($J29,DAY(EOMONTH(R$19-1,0))))>=$H29,DATE(YEAR(R$19-1),MONTH(R$19-1),MIN($J29,DAY(EOMONTH(R$19-1,0))))<=$I29,MOD((YEAR(DATE(YEAR(R$19-1),MONTH(R$19-1),MIN($J29,DAY(EOMONTH(R$19-1,0)))))-YEAR($H29))*12+MONTH(DATE(YEAR(R$19-1),MONTH(R$19-1),MIN($J29,DAY(EOMONTH(R$19-1,0)))))-MONTH($H29),CHOOSE($F29,1,1,3,12))=0))*1,0))) | S29: =IF(OR(NOT($K29),S$19<=S$18),0,$D29*IF($F29=1,IF(MIN(S$19,$I29+1)<=MAX(S$18,$H29),0,MAX(0,INT((MIN(S$19,$I29+1)-MAX(S$18,$H29)-1-MOD(WEEKDAY($H29,2)-WEEKDAY(MAX(S$18,$H29),2),7))/7)+1)),(AND(DATE(YEAR(S$18),MONTH(S$18),MIN($J29,DAY(EOMONTH(S$18,0))))>=S$18,DATE(YEAR(S$18),MONTH(S$18),MIN($J29,DAY(EOMONTH(S$18,0))))<S$19,DATE(YEAR(S$18),MONTH(S$18),MIN($J29,DAY(EOMONTH(S$18,0))))>=$H29,DATE(YEAR(S$18),MONTH(S$18),MIN($J29,DAY(EOMONTH(S$18,0))))<=$I29,MOD((YEAR(DATE(YEAR(S$18),MONTH(S$18),MIN($J29,DAY(EOMONTH(S$18,0)))))-YEAR($H29))*12+MONTH(DATE(YEAR(S$18),MONTH(S$18),MIN($J29,DAY(EOMONTH(S$18,0)))))-MONTH($H29),CHOOSE($F29,1,1,3,12))=0))*1+IF(MONTH(DATE(YEAR(S$19-1),MONTH(S$19-1),MIN($J29,DAY(EOMONTH(S$19-1,0)))))<>MONTH(DATE(YEAR(S$18),MONTH(S$18),MIN($J29,DAY(EOMONTH(S$18,0))))),(AND(DATE(YEAR(S$19-1),MONTH(S$19-1),MIN($J29,DAY(EOMONTH(S$19-1,0))))>=S$18,DATE(YEAR(S$19-1),MONTH(S$19-1),MIN($J29,DAY(EOMONTH(S$19-1,0))))<S$19,DATE(YEAR(S$19-1),MONTH(S$19-1),MIN($J29,DAY(EOMONTH(S$19-1,0))))>=$H29,DATE(YEAR(S$19-1),MONTH(S$19-1),MIN($J29,DAY(EOMONTH(S$19-1,0))))<=$I29,MOD((YEAR(DATE(YEAR(S$19-1),MONTH(S$19-1),MIN($J29,DAY(EOMONTH(S$19-1,0)))))-YEAR($H29))*12+MONTH(DATE(YEAR(S$19-1),MONTH(S$19-1),MIN($J29,DAY(EOMONTH(S$19-1,0)))))-MONTH($H29),CHOOSE($F29,1,1,3,12))=0))*1,0))) | T29: =IF(OR(NOT($K29),T$19<=T$18),0,$D29*IF($F29=1,IF(MIN(T$19,$I29+1)<=MAX(T$18,$H29),0,MAX(0,INT((MIN(T$19,$I29+1)-MAX(T$18,$H29)-1-MOD(WEEKDAY($H29,2)-WEEKDAY(MAX(T$18,$H29),2),7))/7)+1)),(AND(DATE(YEAR(T$18),MONTH(T$18),MIN($J29,DAY(EOMONTH(T$18,0))))>=T$18,DATE(YEAR(T$18),MONTH(T$18),MIN($J29,DAY(EOMONTH(T$18,0))))<T$19,DATE(YEAR(T$18),MONTH(T$18),MIN($J29,DAY(EOMONTH(T$18,0))))>=$H29,DATE(YEAR(T$18),MONTH(T$18),MIN($J29,DAY(EOMONTH(T$18,0))))<=$I29,MOD((YEAR(DATE(YEAR(T$18),MONTH(T$18),MIN($J29,DAY(EOMONTH(T$18,0)))))-YEAR($H29))*12+MONTH(DATE(YEAR(T$18),MONTH(T$18),MIN($J29,DAY(EOMONTH(T$18,0)))))-MONTH($H29),CHOOSE($F29,1,1,3,12))=0))*1+IF(MONTH(DATE(YEAR(T$19-1),MONTH(T$19-1),MIN($J29,DAY(EOMONTH(T$19-1,0)))))<>MONTH(DATE(YEAR(T$18),MONTH(T$18),MIN($J29,DAY(EOMONTH(T$18,0))))),(AND(DATE(YEAR(T$19-1),MONTH(T$19-1),MIN($J29,DAY(EOMONTH(T$19-1,0))))>=T$18,DATE(YEAR(T$19-1),MONTH(T$19-1),MIN($J29,DAY(EOMONTH(T$19-1,0))))<T$19,DATE(YEAR(T$19-1),MONTH(T$19-1),MIN($J29,DAY(EOMONTH(T$19-1,0))))>=$H29,DATE(YEAR(T$19-1),MONTH(T$19-1),MIN($J29,DAY(EOMONTH(T$19-1,0))))<=$I29,MOD((YEAR(DATE(YEAR(T$19-1),MONTH(T$19-1),MIN($J29,DAY(EOMONTH(T$19-1,0)))))-YEAR($H29))*12+MONTH(DATE(YEAR(T$19-1),MONTH(T$19-1),MIN($J29,DAY(EOMONTH(T$19-1,0)))))-MONTH($H29),CHOOSE($F29,1,1,3,12))=0))*1,0))) | ... AK29: =IF(OR(NOT($K29),AK$19<=AK$18),0,$D29*IF($F29=1,IF(MIN(AK$19,$I29+1)<=MAX(AK$18,$H29),0,MAX(0,INT((MIN(AK$19,$I29+1)-MAX(AK$18,$H29)-1-MOD(WEEKDAY($H29,2)-WEEKDAY(MAX(AK$18,$H29),2),7))/7)+1)),(AND(DATE(YEAR(AK$18),MONTH(AK$18),MIN($J29,DAY(EOMONTH(AK$18,0))))>=AK$18,DATE(YEAR(AK$18),MONTH(AK$18),MIN($J29,DAY(EOMONTH(AK$18,0))))<AK$19,DATE(YEAR(AK$18),MONTH(AK$18),MIN($J29,DAY(EOMONTH(AK$18,0))))>=$H29,DATE(YEAR(AK$18),MONTH(AK$18),MIN($J29,DAY(EOMONTH(AK$18,0))))<=$I29,MOD((YEAR(DATE(YEAR(AK$18),MONTH(AK$18),MIN($J29,DAY(EOMONTH(AK$18,0)))))-YEAR($H29))*12+MONTH(DATE(YEAR(AK$18),MONTH(AK$18),MIN($J29,DAY(EOMONTH(AK$18,0)))))-MONTH($H29),CHOOSE($F29,1,1,3,12))=0))*1+IF(MONTH(DATE(YEAR(AK$19-1),MONTH(AK$19-1),MIN($J29,DAY(EOMONTH(AK$19-1,0)))))<>MONTH(DATE(YEAR(AK$18),MONTH(AK$18),MIN($J29,DAY(EOMONTH(AK$18,0))))),(AND(DATE(YEAR(AK$19-1),MONTH(AK$19-1),MIN($J29,DAY(EOMONTH(AK$19-1,0))))>=AK$18,DATE(YEAR(AK$19-1),MONTH(AK$19-1),MIN($J29,DAY(EOMONTH(AK$19-1,0))))<AK$19,DATE(YEAR(AK$19-1),MONTH(AK$19-1),MIN($J29,DAY(EOMONTH(AK$19-1,0))))>=$H29,DATE(YEAR(AK$19-1),MONTH(AK$19-1),MIN($J29,DAY(EOMONTH(AK$19-1,0))))<=$I29,MOD((YEAR(DATE(YEAR(AK$19-1),MONTH(AK$19-1),MIN($J29,DAY(EOMONTH(AK$19-1,0)))))-YEAR($H29))*12+MONTH(DATE(YEAR(AK$19-1),MONTH(AK$19-1),MIN($J29,DAY(EOMONTH(AK$19-1,0)))))-MONTH($H29),CHOOSE($F29,1,1,3,12))=0))*1,0)))
A30: 10 | B30: =Recurring!B17&"" | C30: =IF(Recurring!C17="","§§",Recurring!C17) | D30: =N(Recurring!D17) | E30: =IF(COUNTIF($J$2:$J$5,C30)>0,1,IF(COUNTIF($J$7:$J$16,C30)>0,-1,0)) | F30: =ROUND(SUMPRODUCT((Lang!$C$49:$N$52=Recurring!E17)*(ROW(Lang!$C$49:$N$52)-48))/MAX(1,COUNTIF(Lang!$C$49:$N$52,Recurring!E17)),0) | H30: =N(Recurring!F17) | I30: =IF(N(Recurring!G17)=0,73051,Recurring!G17) | J30: =IF(H30>0,DAY(H30),1) | K30: =AND(D30>0,E30<>0,F30>0,H30>0) | M30: =IF(OR(NOT($K30),M$19<=M$18),0,$D30*IF($F30=1,IF(MIN(M$19,$I30+1)<=MAX(M$18,$H30),0,MAX(0,INT((MIN(M$19,$I30+1)-MAX(M$18,$H30)-1-MOD(WEEKDAY($H30,2)-WEEKDAY(MAX(M$18,$H30),2),7))/7)+1)),(AND(DATE(YEAR(M$18),MONTH(M$18),MIN($J30,DAY(EOMONTH(M$18,0))))>=M$18,DATE(YEAR(M$18),MONTH(M$18),MIN($J30,DAY(EOMONTH(M$18,0))))<M$19,DATE(YEAR(M$18),MONTH(M$18),MIN($J30,DAY(EOMONTH(M$18,0))))>=$H30,DATE(YEAR(M$18),MONTH(M$18),MIN($J30,DAY(EOMONTH(M$18,0))))<=$I30,MOD((YEAR(DATE(YEAR(M$18),MONTH(M$18),MIN($J30,DAY(EOMONTH(M$18,0)))))-YEAR($H30))*12+MONTH(DATE(YEAR(M$18),MONTH(M$18),MIN($J30,DAY(EOMONTH(M$18,0)))))-MONTH($H30),CHOOSE($F30,1,1,3,12))=0))*1+IF(MONTH(DATE(YEAR(M$19-1),MONTH(M$19-1),MIN($J30,DAY(EOMONTH(M$19-1,0)))))<>MONTH(DATE(YEAR(M$18),MONTH(M$18),MIN($J30,DAY(EOMONTH(M$18,0))))),(AND(DATE(YEAR(M$19-1),MONTH(M$19-1),MIN($J30,DAY(EOMONTH(M$19-1,0))))>=M$18,DATE(YEAR(M$19-1),MONTH(M$19-1),MIN($J30,DAY(EOMONTH(M$19-1,0))))<M$19,DATE(YEAR(M$19-1),MONTH(M$19-1),MIN($J30,DAY(EOMONTH(M$19-1,0))))>=$H30,DATE(YEAR(M$19-1),MONTH(M$19-1),MIN($J30,DAY(EOMONTH(M$19-1,0))))<=$I30,MOD((YEAR(DATE(YEAR(M$19-1),MONTH(M$19-1),MIN($J30,DAY(EOMONTH(M$19-1,0)))))-YEAR($H30))*12+MONTH(DATE(YEAR(M$19-1),MONTH(M$19-1),MIN($J30,DAY(EOMONTH(M$19-1,0)))))-MONTH($H30),CHOOSE($F30,1,1,3,12))=0))*1,0))) | N30: =IF(OR(NOT($K30),N$19<=N$18),0,$D30*IF($F30=1,IF(MIN(N$19,$I30+1)<=MAX(N$18,$H30),0,MAX(0,INT((MIN(N$19,$I30+1)-MAX(N$18,$H30)-1-MOD(WEEKDAY($H30,2)-WEEKDAY(MAX(N$18,$H30),2),7))/7)+1)),(AND(DATE(YEAR(N$18),MONTH(N$18),MIN($J30,DAY(EOMONTH(N$18,0))))>=N$18,DATE(YEAR(N$18),MONTH(N$18),MIN($J30,DAY(EOMONTH(N$18,0))))<N$19,DATE(YEAR(N$18),MONTH(N$18),MIN($J30,DAY(EOMONTH(N$18,0))))>=$H30,DATE(YEAR(N$18),MONTH(N$18),MIN($J30,DAY(EOMONTH(N$18,0))))<=$I30,MOD((YEAR(DATE(YEAR(N$18),MONTH(N$18),MIN($J30,DAY(EOMONTH(N$18,0)))))-YEAR($H30))*12+MONTH(DATE(YEAR(N$18),MONTH(N$18),MIN($J30,DAY(EOMONTH(N$18,0)))))-MONTH($H30),CHOOSE($F30,1,1,3,12))=0))*1+IF(MONTH(DATE(YEAR(N$19-1),MONTH(N$19-1),MIN($J30,DAY(EOMONTH(N$19-1,0)))))<>MONTH(DATE(YEAR(N$18),MONTH(N$18),MIN($J30,DAY(EOMONTH(N$18,0))))),(AND(DATE(YEAR(N$19-1),MONTH(N$19-1),MIN($J30,DAY(EOMONTH(N$19-1,0))))>=N$18,DATE(YEAR(N$19-1),MONTH(N$19-1),MIN($J30,DAY(EOMONTH(N$19-1,0))))<N$19,DATE(YEAR(N$19-1),MONTH(N$19-1),MIN($J30,DAY(EOMONTH(N$19-1,0))))>=$H30,DATE(YEAR(N$19-1),MONTH(N$19-1),MIN($J30,DAY(EOMONTH(N$19-1,0))))<=$I30,MOD((YEAR(DATE(YEAR(N$19-1),MONTH(N$19-1),MIN($J30,DAY(EOMONTH(N$19-1,0)))))-YEAR($H30))*12+MONTH(DATE(YEAR(N$19-1),MONTH(N$19-1),MIN($J30,DAY(EOMONTH(N$19-1,0)))))-MONTH($H30),CHOOSE($F30,1,1,3,12))=0))*1,0))) | O30: =IF(OR(NOT($K30),O$19<=O$18),0,$D30*IF($F30=1,IF(MIN(O$19,$I30+1)<=MAX(O$18,$H30),0,MAX(0,INT((MIN(O$19,$I30+1)-MAX(O$18,$H30)-1-MOD(WEEKDAY($H30,2)-WEEKDAY(MAX(O$18,$H30),2),7))/7)+1)),(AND(DATE(YEAR(O$18),MONTH(O$18),MIN($J30,DAY(EOMONTH(O$18,0))))>=O$18,DATE(YEAR(O$18),MONTH(O$18),MIN($J30,DAY(EOMONTH(O$18,0))))<O$19,DATE(YEAR(O$18),MONTH(O$18),MIN($J30,DAY(EOMONTH(O$18,0))))>=$H30,DATE(YEAR(O$18),MONTH(O$18),MIN($J30,DAY(EOMONTH(O$18,0))))<=$I30,MOD((YEAR(DATE(YEAR(O$18),MONTH(O$18),MIN($J30,DAY(EOMONTH(O$18,0)))))-YEAR($H30))*12+MONTH(DATE(YEAR(O$18),MONTH(O$18),MIN($J30,DAY(EOMONTH(O$18,0)))))-MONTH($H30),CHOOSE($F30,1,1,3,12))=0))*1+IF(MONTH(DATE(YEAR(O$19-1),MONTH(O$19-1),MIN($J30,DAY(EOMONTH(O$19-1,0)))))<>MONTH(DATE(YEAR(O$18),MONTH(O$18),MIN($J30,DAY(EOMONTH(O$18,0))))),(AND(DATE(YEAR(O$19-1),MONTH(O$19-1),MIN($J30,DAY(EOMONTH(O$19-1,0))))>=O$18,DATE(YEAR(O$19-1),MONTH(O$19-1),MIN($J30,DAY(EOMONTH(O$19-1,0))))<O$19,DATE(YEAR(O$19-1),MONTH(O$19-1),MIN($J30,DAY(EOMONTH(O$19-1,0))))>=$H30,DATE(YEAR(O$19-1),MONTH(O$19-1),MIN($J30,DAY(EOMONTH(O$19-1,0))))<=$I30,MOD((YEAR(DATE(YEAR(O$19-1),MONTH(O$19-1),MIN($J30,DAY(EOMONTH(O$19-1,0)))))-YEAR($H30))*12+MONTH(DATE(YEAR(O$19-1),MONTH(O$19-1),MIN($J30,DAY(EOMONTH(O$19-1,0)))))-MONTH($H30),CHOOSE($F30,1,1,3,12))=0))*1,0))) | P30: =IF(OR(NOT($K30),P$19<=P$18),0,$D30*IF($F30=1,IF(MIN(P$19,$I30+1)<=MAX(P$18,$H30),0,MAX(0,INT((MIN(P$19,$I30+1)-MAX(P$18,$H30)-1-MOD(WEEKDAY($H30,2)-WEEKDAY(MAX(P$18,$H30),2),7))/7)+1)),(AND(DATE(YEAR(P$18),MONTH(P$18),MIN($J30,DAY(EOMONTH(P$18,0))))>=P$18,DATE(YEAR(P$18),MONTH(P$18),MIN($J30,DAY(EOMONTH(P$18,0))))<P$19,DATE(YEAR(P$18),MONTH(P$18),MIN($J30,DAY(EOMONTH(P$18,0))))>=$H30,DATE(YEAR(P$18),MONTH(P$18),MIN($J30,DAY(EOMONTH(P$18,0))))<=$I30,MOD((YEAR(DATE(YEAR(P$18),MONTH(P$18),MIN($J30,DAY(EOMONTH(P$18,0)))))-YEAR($H30))*12+MONTH(DATE(YEAR(P$18),MONTH(P$18),MIN($J30,DAY(EOMONTH(P$18,0)))))-MONTH($H30),CHOOSE($F30,1,1,3,12))=0))*1+IF(MONTH(DATE(YEAR(P$19-1),MONTH(P$19-1),MIN($J30,DAY(EOMONTH(P$19-1,0)))))<>MONTH(DATE(YEAR(P$18),MONTH(P$18),MIN($J30,DAY(EOMONTH(P$18,0))))),(AND(DATE(YEAR(P$19-1),MONTH(P$19-1),MIN($J30,DAY(EOMONTH(P$19-1,0))))>=P$18,DATE(YEAR(P$19-1),MONTH(P$19-1),MIN($J30,DAY(EOMONTH(P$19-1,0))))<P$19,DATE(YEAR(P$19-1),MONTH(P$19-1),MIN($J30,DAY(EOMONTH(P$19-1,0))))>=$H30,DATE(YEAR(P$19-1),MONTH(P$19-1),MIN($J30,DAY(EOMONTH(P$19-1,0))))<=$I30,MOD((YEAR(DATE(YEAR(P$19-1),MONTH(P$19-1),MIN($J30,DAY(EOMONTH(P$19-1,0)))))-YEAR($H30))*12+MONTH(DATE(YEAR(P$19-1),MONTH(P$19-1),MIN($J30,DAY(EOMONTH(P$19-1,0)))))-MONTH($H30),CHOOSE($F30,1,1,3,12))=0))*1,0))) | Q30: =IF(OR(NOT($K30),Q$19<=Q$18),0,$D30*IF($F30=1,IF(MIN(Q$19,$I30+1)<=MAX(Q$18,$H30),0,MAX(0,INT((MIN(Q$19,$I30+1)-MAX(Q$18,$H30)-1-MOD(WEEKDAY($H30,2)-WEEKDAY(MAX(Q$18,$H30),2),7))/7)+1)),(AND(DATE(YEAR(Q$18),MONTH(Q$18),MIN($J30,DAY(EOMONTH(Q$18,0))))>=Q$18,DATE(YEAR(Q$18),MONTH(Q$18),MIN($J30,DAY(EOMONTH(Q$18,0))))<Q$19,DATE(YEAR(Q$18),MONTH(Q$18),MIN($J30,DAY(EOMONTH(Q$18,0))))>=$H30,DATE(YEAR(Q$18),MONTH(Q$18),MIN($J30,DAY(EOMONTH(Q$18,0))))<=$I30,MOD((YEAR(DATE(YEAR(Q$18),MONTH(Q$18),MIN($J30,DAY(EOMONTH(Q$18,0)))))-YEAR($H30))*12+MONTH(DATE(YEAR(Q$18),MONTH(Q$18),MIN($J30,DAY(EOMONTH(Q$18,0)))))-MONTH($H30),CHOOSE($F30,1,1,3,12))=0))*1+IF(MONTH(DATE(YEAR(Q$19-1),MONTH(Q$19-1),MIN($J30,DAY(EOMONTH(Q$19-1,0)))))<>MONTH(DATE(YEAR(Q$18),MONTH(Q$18),MIN($J30,DAY(EOMONTH(Q$18,0))))),(AND(DATE(YEAR(Q$19-1),MONTH(Q$19-1),MIN($J30,DAY(EOMONTH(Q$19-1,0))))>=Q$18,DATE(YEAR(Q$19-1),MONTH(Q$19-1),MIN($J30,DAY(EOMONTH(Q$19-1,0))))<Q$19,DATE(YEAR(Q$19-1),MONTH(Q$19-1),MIN($J30,DAY(EOMONTH(Q$19-1,0))))>=$H30,DATE(YEAR(Q$19-1),MONTH(Q$19-1),MIN($J30,DAY(EOMONTH(Q$19-1,0))))<=$I30,MOD((YEAR(DATE(YEAR(Q$19-1),MONTH(Q$19-1),MIN($J30,DAY(EOMONTH(Q$19-1,0)))))-YEAR($H30))*12+MONTH(DATE(YEAR(Q$19-1),MONTH(Q$19-1),MIN($J30,DAY(EOMONTH(Q$19-1,0)))))-MONTH($H30),CHOOSE($F30,1,1,3,12))=0))*1,0))) | R30: =IF(OR(NOT($K30),R$19<=R$18),0,$D30*IF($F30=1,IF(MIN(R$19,$I30+1)<=MAX(R$18,$H30),0,MAX(0,INT((MIN(R$19,$I30+1)-MAX(R$18,$H30)-1-MOD(WEEKDAY($H30,2)-WEEKDAY(MAX(R$18,$H30),2),7))/7)+1)),(AND(DATE(YEAR(R$18),MONTH(R$18),MIN($J30,DAY(EOMONTH(R$18,0))))>=R$18,DATE(YEAR(R$18),MONTH(R$18),MIN($J30,DAY(EOMONTH(R$18,0))))<R$19,DATE(YEAR(R$18),MONTH(R$18),MIN($J30,DAY(EOMONTH(R$18,0))))>=$H30,DATE(YEAR(R$18),MONTH(R$18),MIN($J30,DAY(EOMONTH(R$18,0))))<=$I30,MOD((YEAR(DATE(YEAR(R$18),MONTH(R$18),MIN($J30,DAY(EOMONTH(R$18,0)))))-YEAR($H30))*12+MONTH(DATE(YEAR(R$18),MONTH(R$18),MIN($J30,DAY(EOMONTH(R$18,0)))))-MONTH($H30),CHOOSE($F30,1,1,3,12))=0))*1+IF(MONTH(DATE(YEAR(R$19-1),MONTH(R$19-1),MIN($J30,DAY(EOMONTH(R$19-1,0)))))<>MONTH(DATE(YEAR(R$18),MONTH(R$18),MIN($J30,DAY(EOMONTH(R$18,0))))),(AND(DATE(YEAR(R$19-1),MONTH(R$19-1),MIN($J30,DAY(EOMONTH(R$19-1,0))))>=R$18,DATE(YEAR(R$19-1),MONTH(R$19-1),MIN($J30,DAY(EOMONTH(R$19-1,0))))<R$19,DATE(YEAR(R$19-1),MONTH(R$19-1),MIN($J30,DAY(EOMONTH(R$19-1,0))))>=$H30,DATE(YEAR(R$19-1),MONTH(R$19-1),MIN($J30,DAY(EOMONTH(R$19-1,0))))<=$I30,MOD((YEAR(DATE(YEAR(R$19-1),MONTH(R$19-1),MIN($J30,DAY(EOMONTH(R$19-1,0)))))-YEAR($H30))*12+MONTH(DATE(YEAR(R$19-1),MONTH(R$19-1),MIN($J30,DAY(EOMONTH(R$19-1,0)))))-MONTH($H30),CHOOSE($F30,1,1,3,12))=0))*1,0))) | S30: =IF(OR(NOT($K30),S$19<=S$18),0,$D30*IF($F30=1,IF(MIN(S$19,$I30+1)<=MAX(S$18,$H30),0,MAX(0,INT((MIN(S$19,$I30+1)-MAX(S$18,$H30)-1-MOD(WEEKDAY($H30,2)-WEEKDAY(MAX(S$18,$H30),2),7))/7)+1)),(AND(DATE(YEAR(S$18),MONTH(S$18),MIN($J30,DAY(EOMONTH(S$18,0))))>=S$18,DATE(YEAR(S$18),MONTH(S$18),MIN($J30,DAY(EOMONTH(S$18,0))))<S$19,DATE(YEAR(S$18),MONTH(S$18),MIN($J30,DAY(EOMONTH(S$18,0))))>=$H30,DATE(YEAR(S$18),MONTH(S$18),MIN($J30,DAY(EOMONTH(S$18,0))))<=$I30,MOD((YEAR(DATE(YEAR(S$18),MONTH(S$18),MIN($J30,DAY(EOMONTH(S$18,0)))))-YEAR($H30))*12+MONTH(DATE(YEAR(S$18),MONTH(S$18),MIN($J30,DAY(EOMONTH(S$18,0)))))-MONTH($H30),CHOOSE($F30,1,1,3,12))=0))*1+IF(MONTH(DATE(YEAR(S$19-1),MONTH(S$19-1),MIN($J30,DAY(EOMONTH(S$19-1,0)))))<>MONTH(DATE(YEAR(S$18),MONTH(S$18),MIN($J30,DAY(EOMONTH(S$18,0))))),(AND(DATE(YEAR(S$19-1),MONTH(S$19-1),MIN($J30,DAY(EOMONTH(S$19-1,0))))>=S$18,DATE(YEAR(S$19-1),MONTH(S$19-1),MIN($J30,DAY(EOMONTH(S$19-1,0))))<S$19,DATE(YEAR(S$19-1),MONTH(S$19-1),MIN($J30,DAY(EOMONTH(S$19-1,0))))>=$H30,DATE(YEAR(S$19-1),MONTH(S$19-1),MIN($J30,DAY(EOMONTH(S$19-1,0))))<=$I30,MOD((YEAR(DATE(YEAR(S$19-1),MONTH(S$19-1),MIN($J30,DAY(EOMONTH(S$19-1,0)))))-YEAR($H30))*12+MONTH(DATE(YEAR(S$19-1),MONTH(S$19-1),MIN($J30,DAY(EOMONTH(S$19-1,0)))))-MONTH($H30),CHOOSE($F30,1,1,3,12))=0))*1,0))) | T30: =IF(OR(NOT($K30),T$19<=T$18),0,$D30*IF($F30=1,IF(MIN(T$19,$I30+1)<=MAX(T$18,$H30),0,MAX(0,INT((MIN(T$19,$I30+1)-MAX(T$18,$H30)-1-MOD(WEEKDAY($H30,2)-WEEKDAY(MAX(T$18,$H30),2),7))/7)+1)),(AND(DATE(YEAR(T$18),MONTH(T$18),MIN($J30,DAY(EOMONTH(T$18,0))))>=T$18,DATE(YEAR(T$18),MONTH(T$18),MIN($J30,DAY(EOMONTH(T$18,0))))<T$19,DATE(YEAR(T$18),MONTH(T$18),MIN($J30,DAY(EOMONTH(T$18,0))))>=$H30,DATE(YEAR(T$18),MONTH(T$18),MIN($J30,DAY(EOMONTH(T$18,0))))<=$I30,MOD((YEAR(DATE(YEAR(T$18),MONTH(T$18),MIN($J30,DAY(EOMONTH(T$18,0)))))-YEAR($H30))*12+MONTH(DATE(YEAR(T$18),MONTH(T$18),MIN($J30,DAY(EOMONTH(T$18,0)))))-MONTH($H30),CHOOSE($F30,1,1,3,12))=0))*1+IF(MONTH(DATE(YEAR(T$19-1),MONTH(T$19-1),MIN($J30,DAY(EOMONTH(T$19-1,0)))))<>MONTH(DATE(YEAR(T$18),MONTH(T$18),MIN($J30,DAY(EOMONTH(T$18,0))))),(AND(DATE(YEAR(T$19-1),MONTH(T$19-1),MIN($J30,DAY(EOMONTH(T$19-1,0))))>=T$18,DATE(YEAR(T$19-1),MONTH(T$19-1),MIN($J30,DAY(EOMONTH(T$19-1,0))))<T$19,DATE(YEAR(T$19-1),MONTH(T$19-1),MIN($J30,DAY(EOMONTH(T$19-1,0))))>=$H30,DATE(YEAR(T$19-1),MONTH(T$19-1),MIN($J30,DAY(EOMONTH(T$19-1,0))))<=$I30,MOD((YEAR(DATE(YEAR(T$19-1),MONTH(T$19-1),MIN($J30,DAY(EOMONTH(T$19-1,0)))))-YEAR($H30))*12+MONTH(DATE(YEAR(T$19-1),MONTH(T$19-1),MIN($J30,DAY(EOMONTH(T$19-1,0)))))-MONTH($H30),CHOOSE($F30,1,1,3,12))=0))*1,0))) | ... AK30: =IF(OR(NOT($K30),AK$19<=AK$18),0,$D30*IF($F30=1,IF(MIN(AK$19,$I30+1)<=MAX(AK$18,$H30),0,MAX(0,INT((MIN(AK$19,$I30+1)-MAX(AK$18,$H30)-1-MOD(WEEKDAY($H30,2)-WEEKDAY(MAX(AK$18,$H30),2),7))/7)+1)),(AND(DATE(YEAR(AK$18),MONTH(AK$18),MIN($J30,DAY(EOMONTH(AK$18,0))))>=AK$18,DATE(YEAR(AK$18),MONTH(AK$18),MIN($J30,DAY(EOMONTH(AK$18,0))))<AK$19,DATE(YEAR(AK$18),MONTH(AK$18),MIN($J30,DAY(EOMONTH(AK$18,0))))>=$H30,DATE(YEAR(AK$18),MONTH(AK$18),MIN($J30,DAY(EOMONTH(AK$18,0))))<=$I30,MOD((YEAR(DATE(YEAR(AK$18),MONTH(AK$18),MIN($J30,DAY(EOMONTH(AK$18,0)))))-YEAR($H30))*12+MONTH(DATE(YEAR(AK$18),MONTH(AK$18),MIN($J30,DAY(EOMONTH(AK$18,0)))))-MONTH($H30),CHOOSE($F30,1,1,3,12))=0))*1+IF(MONTH(DATE(YEAR(AK$19-1),MONTH(AK$19-1),MIN($J30,DAY(EOMONTH(AK$19-1,0)))))<>MONTH(DATE(YEAR(AK$18),MONTH(AK$18),MIN($J30,DAY(EOMONTH(AK$18,0))))),(AND(DATE(YEAR(AK$19-1),MONTH(AK$19-1),MIN($J30,DAY(EOMONTH(AK$19-1,0))))>=AK$18,DATE(YEAR(AK$19-1),MONTH(AK$19-1),MIN($J30,DAY(EOMONTH(AK$19-1,0))))<AK$19,DATE(YEAR(AK$19-1),MONTH(AK$19-1),MIN($J30,DAY(EOMONTH(AK$19-1,0))))>=$H30,DATE(YEAR(AK$19-1),MONTH(AK$19-1),MIN($J30,DAY(EOMONTH(AK$19-1,0))))<=$I30,MOD((YEAR(DATE(YEAR(AK$19-1),MONTH(AK$19-1),MIN($J30,DAY(EOMONTH(AK$19-1,0)))))-YEAR($H30))*12+MONTH(DATE(YEAR(AK$19-1),MONTH(AK$19-1),MIN($J30,DAY(EOMONTH(AK$19-1,0)))))-MONTH($H30),CHOOSE($F30,1,1,3,12))=0))*1,0)))
A31: 11 | B31: =Recurring!B18&"" | C31: =IF(Recurring!C18="","§§",Recurring!C18) | D31: =N(Recurring!D18) | E31: =IF(COUNTIF($J$2:$J$5,C31)>0,1,IF(COUNTIF($J$7:$J$16,C31)>0,-1,0)) | F31: =ROUND(SUMPRODUCT((Lang!$C$49:$N$52=Recurring!E18)*(ROW(Lang!$C$49:$N$52)-48))/MAX(1,COUNTIF(Lang!$C$49:$N$52,Recurring!E18)),0) | H31: =N(Recurring!F18) | I31: =IF(N(Recurring!G18)=0,73051,Recurring!G18) | J31: =IF(H31>0,DAY(H31),1) | K31: =AND(D31>0,E31<>0,F31>0,H31>0) | M31: =IF(OR(NOT($K31),M$19<=M$18),0,$D31*IF($F31=1,IF(MIN(M$19,$I31+1)<=MAX(M$18,$H31),0,MAX(0,INT((MIN(M$19,$I31+1)-MAX(M$18,$H31)-1-MOD(WEEKDAY($H31,2)-WEEKDAY(MAX(M$18,$H31),2),7))/7)+1)),(AND(DATE(YEAR(M$18),MONTH(M$18),MIN($J31,DAY(EOMONTH(M$18,0))))>=M$18,DATE(YEAR(M$18),MONTH(M$18),MIN($J31,DAY(EOMONTH(M$18,0))))<M$19,DATE(YEAR(M$18),MONTH(M$18),MIN($J31,DAY(EOMONTH(M$18,0))))>=$H31,DATE(YEAR(M$18),MONTH(M$18),MIN($J31,DAY(EOMONTH(M$18,0))))<=$I31,MOD((YEAR(DATE(YEAR(M$18),MONTH(M$18),MIN($J31,DAY(EOMONTH(M$18,0)))))-YEAR($H31))*12+MONTH(DATE(YEAR(M$18),MONTH(M$18),MIN($J31,DAY(EOMONTH(M$18,0)))))-MONTH($H31),CHOOSE($F31,1,1,3,12))=0))*1+IF(MONTH(DATE(YEAR(M$19-1),MONTH(M$19-1),MIN($J31,DAY(EOMONTH(M$19-1,0)))))<>MONTH(DATE(YEAR(M$18),MONTH(M$18),MIN($J31,DAY(EOMONTH(M$18,0))))),(AND(DATE(YEAR(M$19-1),MONTH(M$19-1),MIN($J31,DAY(EOMONTH(M$19-1,0))))>=M$18,DATE(YEAR(M$19-1),MONTH(M$19-1),MIN($J31,DAY(EOMONTH(M$19-1,0))))<M$19,DATE(YEAR(M$19-1),MONTH(M$19-1),MIN($J31,DAY(EOMONTH(M$19-1,0))))>=$H31,DATE(YEAR(M$19-1),MONTH(M$19-1),MIN($J31,DAY(EOMONTH(M$19-1,0))))<=$I31,MOD((YEAR(DATE(YEAR(M$19-1),MONTH(M$19-1),MIN($J31,DAY(EOMONTH(M$19-1,0)))))-YEAR($H31))*12+MONTH(DATE(YEAR(M$19-1),MONTH(M$19-1),MIN($J31,DAY(EOMONTH(M$19-1,0)))))-MONTH($H31),CHOOSE($F31,1,1,3,12))=0))*1,0))) | N31: =IF(OR(NOT($K31),N$19<=N$18),0,$D31*IF($F31=1,IF(MIN(N$19,$I31+1)<=MAX(N$18,$H31),0,MAX(0,INT((MIN(N$19,$I31+1)-MAX(N$18,$H31)-1-MOD(WEEKDAY($H31,2)-WEEKDAY(MAX(N$18,$H31),2),7))/7)+1)),(AND(DATE(YEAR(N$18),MONTH(N$18),MIN($J31,DAY(EOMONTH(N$18,0))))>=N$18,DATE(YEAR(N$18),MONTH(N$18),MIN($J31,DAY(EOMONTH(N$18,0))))<N$19,DATE(YEAR(N$18),MONTH(N$18),MIN($J31,DAY(EOMONTH(N$18,0))))>=$H31,DATE(YEAR(N$18),MONTH(N$18),MIN($J31,DAY(EOMONTH(N$18,0))))<=$I31,MOD((YEAR(DATE(YEAR(N$18),MONTH(N$18),MIN($J31,DAY(EOMONTH(N$18,0)))))-YEAR($H31))*12+MONTH(DATE(YEAR(N$18),MONTH(N$18),MIN($J31,DAY(EOMONTH(N$18,0)))))-MONTH($H31),CHOOSE($F31,1,1,3,12))=0))*1+IF(MONTH(DATE(YEAR(N$19-1),MONTH(N$19-1),MIN($J31,DAY(EOMONTH(N$19-1,0)))))<>MONTH(DATE(YEAR(N$18),MONTH(N$18),MIN($J31,DAY(EOMONTH(N$18,0))))),(AND(DATE(YEAR(N$19-1),MONTH(N$19-1),MIN($J31,DAY(EOMONTH(N$19-1,0))))>=N$18,DATE(YEAR(N$19-1),MONTH(N$19-1),MIN($J31,DAY(EOMONTH(N$19-1,0))))<N$19,DATE(YEAR(N$19-1),MONTH(N$19-1),MIN($J31,DAY(EOMONTH(N$19-1,0))))>=$H31,DATE(YEAR(N$19-1),MONTH(N$19-1),MIN($J31,DAY(EOMONTH(N$19-1,0))))<=$I31,MOD((YEAR(DATE(YEAR(N$19-1),MONTH(N$19-1),MIN($J31,DAY(EOMONTH(N$19-1,0)))))-YEAR($H31))*12+MONTH(DATE(YEAR(N$19-1),MONTH(N$19-1),MIN($J31,DAY(EOMONTH(N$19-1,0)))))-MONTH($H31),CHOOSE($F31,1,1,3,12))=0))*1,0))) | O31: =IF(OR(NOT($K31),O$19<=O$18),0,$D31*IF($F31=1,IF(MIN(O$19,$I31+1)<=MAX(O$18,$H31),0,MAX(0,INT((MIN(O$19,$I31+1)-MAX(O$18,$H31)-1-MOD(WEEKDAY($H31,2)-WEEKDAY(MAX(O$18,$H31),2),7))/7)+1)),(AND(DATE(YEAR(O$18),MONTH(O$18),MIN($J31,DAY(EOMONTH(O$18,0))))>=O$18,DATE(YEAR(O$18),MONTH(O$18),MIN($J31,DAY(EOMONTH(O$18,0))))<O$19,DATE(YEAR(O$18),MONTH(O$18),MIN($J31,DAY(EOMONTH(O$18,0))))>=$H31,DATE(YEAR(O$18),MONTH(O$18),MIN($J31,DAY(EOMONTH(O$18,0))))<=$I31,MOD((YEAR(DATE(YEAR(O$18),MONTH(O$18),MIN($J31,DAY(EOMONTH(O$18,0)))))-YEAR($H31))*12+MONTH(DATE(YEAR(O$18),MONTH(O$18),MIN($J31,DAY(EOMONTH(O$18,0)))))-MONTH($H31),CHOOSE($F31,1,1,3,12))=0))*1+IF(MONTH(DATE(YEAR(O$19-1),MONTH(O$19-1),MIN($J31,DAY(EOMONTH(O$19-1,0)))))<>MONTH(DATE(YEAR(O$18),MONTH(O$18),MIN($J31,DAY(EOMONTH(O$18,0))))),(AND(DATE(YEAR(O$19-1),MONTH(O$19-1),MIN($J31,DAY(EOMONTH(O$19-1,0))))>=O$18,DATE(YEAR(O$19-1),MONTH(O$19-1),MIN($J31,DAY(EOMONTH(O$19-1,0))))<O$19,DATE(YEAR(O$19-1),MONTH(O$19-1),MIN($J31,DAY(EOMONTH(O$19-1,0))))>=$H31,DATE(YEAR(O$19-1),MONTH(O$19-1),MIN($J31,DAY(EOMONTH(O$19-1,0))))<=$I31,MOD((YEAR(DATE(YEAR(O$19-1),MONTH(O$19-1),MIN($J31,DAY(EOMONTH(O$19-1,0)))))-YEAR($H31))*12+MONTH(DATE(YEAR(O$19-1),MONTH(O$19-1),MIN($J31,DAY(EOMONTH(O$19-1,0)))))-MONTH($H31),CHOOSE($F31,1,1,3,12))=0))*1,0))) | P31: =IF(OR(NOT($K31),P$19<=P$18),0,$D31*IF($F31=1,IF(MIN(P$19,$I31+1)<=MAX(P$18,$H31),0,MAX(0,INT((MIN(P$19,$I31+1)-MAX(P$18,$H31)-1-MOD(WEEKDAY($H31,2)-WEEKDAY(MAX(P$18,$H31),2),7))/7)+1)),(AND(DATE(YEAR(P$18),MONTH(P$18),MIN($J31,DAY(EOMONTH(P$18,0))))>=P$18,DATE(YEAR(P$18),MONTH(P$18),MIN($J31,DAY(EOMONTH(P$18,0))))<P$19,DATE(YEAR(P$18),MONTH(P$18),MIN($J31,DAY(EOMONTH(P$18,0))))>=$H31,DATE(YEAR(P$18),MONTH(P$18),MIN($J31,DAY(EOMONTH(P$18,0))))<=$I31,MOD((YEAR(DATE(YEAR(P$18),MONTH(P$18),MIN($J31,DAY(EOMONTH(P$18,0)))))-YEAR($H31))*12+MONTH(DATE(YEAR(P$18),MONTH(P$18),MIN($J31,DAY(EOMONTH(P$18,0)))))-MONTH($H31),CHOOSE($F31,1,1,3,12))=0))*1+IF(MONTH(DATE(YEAR(P$19-1),MONTH(P$19-1),MIN($J31,DAY(EOMONTH(P$19-1,0)))))<>MONTH(DATE(YEAR(P$18),MONTH(P$18),MIN($J31,DAY(EOMONTH(P$18,0))))),(AND(DATE(YEAR(P$19-1),MONTH(P$19-1),MIN($J31,DAY(EOMONTH(P$19-1,0))))>=P$18,DATE(YEAR(P$19-1),MONTH(P$19-1),MIN($J31,DAY(EOMONTH(P$19-1,0))))<P$19,DATE(YEAR(P$19-1),MONTH(P$19-1),MIN($J31,DAY(EOMONTH(P$19-1,0))))>=$H31,DATE(YEAR(P$19-1),MONTH(P$19-1),MIN($J31,DAY(EOMONTH(P$19-1,0))))<=$I31,MOD((YEAR(DATE(YEAR(P$19-1),MONTH(P$19-1),MIN($J31,DAY(EOMONTH(P$19-1,0)))))-YEAR($H31))*12+MONTH(DATE(YEAR(P$19-1),MONTH(P$19-1),MIN($J31,DAY(EOMONTH(P$19-1,0)))))-MONTH($H31),CHOOSE($F31,1,1,3,12))=0))*1,0))) | Q31: =IF(OR(NOT($K31),Q$19<=Q$18),0,$D31*IF($F31=1,IF(MIN(Q$19,$I31+1)<=MAX(Q$18,$H31),0,MAX(0,INT((MIN(Q$19,$I31+1)-MAX(Q$18,$H31)-1-MOD(WEEKDAY($H31,2)-WEEKDAY(MAX(Q$18,$H31),2),7))/7)+1)),(AND(DATE(YEAR(Q$18),MONTH(Q$18),MIN($J31,DAY(EOMONTH(Q$18,0))))>=Q$18,DATE(YEAR(Q$18),MONTH(Q$18),MIN($J31,DAY(EOMONTH(Q$18,0))))<Q$19,DATE(YEAR(Q$18),MONTH(Q$18),MIN($J31,DAY(EOMONTH(Q$18,0))))>=$H31,DATE(YEAR(Q$18),MONTH(Q$18),MIN($J31,DAY(EOMONTH(Q$18,0))))<=$I31,MOD((YEAR(DATE(YEAR(Q$18),MONTH(Q$18),MIN($J31,DAY(EOMONTH(Q$18,0)))))-YEAR($H31))*12+MONTH(DATE(YEAR(Q$18),MONTH(Q$18),MIN($J31,DAY(EOMONTH(Q$18,0)))))-MONTH($H31),CHOOSE($F31,1,1,3,12))=0))*1+IF(MONTH(DATE(YEAR(Q$19-1),MONTH(Q$19-1),MIN($J31,DAY(EOMONTH(Q$19-1,0)))))<>MONTH(DATE(YEAR(Q$18),MONTH(Q$18),MIN($J31,DAY(EOMONTH(Q$18,0))))),(AND(DATE(YEAR(Q$19-1),MONTH(Q$19-1),MIN($J31,DAY(EOMONTH(Q$19-1,0))))>=Q$18,DATE(YEAR(Q$19-1),MONTH(Q$19-1),MIN($J31,DAY(EOMONTH(Q$19-1,0))))<Q$19,DATE(YEAR(Q$19-1),MONTH(Q$19-1),MIN($J31,DAY(EOMONTH(Q$19-1,0))))>=$H31,DATE(YEAR(Q$19-1),MONTH(Q$19-1),MIN($J31,DAY(EOMONTH(Q$19-1,0))))<=$I31,MOD((YEAR(DATE(YEAR(Q$19-1),MONTH(Q$19-1),MIN($J31,DAY(EOMONTH(Q$19-1,0)))))-YEAR($H31))*12+MONTH(DATE(YEAR(Q$19-1),MONTH(Q$19-1),MIN($J31,DAY(EOMONTH(Q$19-1,0)))))-MONTH($H31),CHOOSE($F31,1,1,3,12))=0))*1,0))) | R31: =IF(OR(NOT($K31),R$19<=R$18),0,$D31*IF($F31=1,IF(MIN(R$19,$I31+1)<=MAX(R$18,$H31),0,MAX(0,INT((MIN(R$19,$I31+1)-MAX(R$18,$H31)-1-MOD(WEEKDAY($H31,2)-WEEKDAY(MAX(R$18,$H31),2),7))/7)+1)),(AND(DATE(YEAR(R$18),MONTH(R$18),MIN($J31,DAY(EOMONTH(R$18,0))))>=R$18,DATE(YEAR(R$18),MONTH(R$18),MIN($J31,DAY(EOMONTH(R$18,0))))<R$19,DATE(YEAR(R$18),MONTH(R$18),MIN($J31,DAY(EOMONTH(R$18,0))))>=$H31,DATE(YEAR(R$18),MONTH(R$18),MIN($J31,DAY(EOMONTH(R$18,0))))<=$I31,MOD((YEAR(DATE(YEAR(R$18),MONTH(R$18),MIN($J31,DAY(EOMONTH(R$18,0)))))-YEAR($H31))*12+MONTH(DATE(YEAR(R$18),MONTH(R$18),MIN($J31,DAY(EOMONTH(R$18,0)))))-MONTH($H31),CHOOSE($F31,1,1,3,12))=0))*1+IF(MONTH(DATE(YEAR(R$19-1),MONTH(R$19-1),MIN($J31,DAY(EOMONTH(R$19-1,0)))))<>MONTH(DATE(YEAR(R$18),MONTH(R$18),MIN($J31,DAY(EOMONTH(R$18,0))))),(AND(DATE(YEAR(R$19-1),MONTH(R$19-1),MIN($J31,DAY(EOMONTH(R$19-1,0))))>=R$18,DATE(YEAR(R$19-1),MONTH(R$19-1),MIN($J31,DAY(EOMONTH(R$19-1,0))))<R$19,DATE(YEAR(R$19-1),MONTH(R$19-1),MIN($J31,DAY(EOMONTH(R$19-1,0))))>=$H31,DATE(YEAR(R$19-1),MONTH(R$19-1),MIN($J31,DAY(EOMONTH(R$19-1,0))))<=$I31,MOD((YEAR(DATE(YEAR(R$19-1),MONTH(R$19-1),MIN($J31,DAY(EOMONTH(R$19-1,0)))))-YEAR($H31))*12+MONTH(DATE(YEAR(R$19-1),MONTH(R$19-1),MIN($J31,DAY(EOMONTH(R$19-1,0)))))-MONTH($H31),CHOOSE($F31,1,1,3,12))=0))*1,0))) | S31: =IF(OR(NOT($K31),S$19<=S$18),0,$D31*IF($F31=1,IF(MIN(S$19,$I31+1)<=MAX(S$18,$H31),0,MAX(0,INT((MIN(S$19,$I31+1)-MAX(S$18,$H31)-1-MOD(WEEKDAY($H31,2)-WEEKDAY(MAX(S$18,$H31),2),7))/7)+1)),(AND(DATE(YEAR(S$18),MONTH(S$18),MIN($J31,DAY(EOMONTH(S$18,0))))>=S$18,DATE(YEAR(S$18),MONTH(S$18),MIN($J31,DAY(EOMONTH(S$18,0))))<S$19,DATE(YEAR(S$18),MONTH(S$18),MIN($J31,DAY(EOMONTH(S$18,0))))>=$H31,DATE(YEAR(S$18),MONTH(S$18),MIN($J31,DAY(EOMONTH(S$18,0))))<=$I31,MOD((YEAR(DATE(YEAR(S$18),MONTH(S$18),MIN($J31,DAY(EOMONTH(S$18,0)))))-YEAR($H31))*12+MONTH(DATE(YEAR(S$18),MONTH(S$18),MIN($J31,DAY(EOMONTH(S$18,0)))))-MONTH($H31),CHOOSE($F31,1,1,3,12))=0))*1+IF(MONTH(DATE(YEAR(S$19-1),MONTH(S$19-1),MIN($J31,DAY(EOMONTH(S$19-1,0)))))<>MONTH(DATE(YEAR(S$18),MONTH(S$18),MIN($J31,DAY(EOMONTH(S$18,0))))),(AND(DATE(YEAR(S$19-1),MONTH(S$19-1),MIN($J31,DAY(EOMONTH(S$19-1,0))))>=S$18,DATE(YEAR(S$19-1),MONTH(S$19-1),MIN($J31,DAY(EOMONTH(S$19-1,0))))<S$19,DATE(YEAR(S$19-1),MONTH(S$19-1),MIN($J31,DAY(EOMONTH(S$19-1,0))))>=$H31,DATE(YEAR(S$19-1),MONTH(S$19-1),MIN($J31,DAY(EOMONTH(S$19-1,0))))<=$I31,MOD((YEAR(DATE(YEAR(S$19-1),MONTH(S$19-1),MIN($J31,DAY(EOMONTH(S$19-1,0)))))-YEAR($H31))*12+MONTH(DATE(YEAR(S$19-1),MONTH(S$19-1),MIN($J31,DAY(EOMONTH(S$19-1,0)))))-MONTH($H31),CHOOSE($F31,1,1,3,12))=0))*1,0))) | T31: =IF(OR(NOT($K31),T$19<=T$18),0,$D31*IF($F31=1,IF(MIN(T$19,$I31+1)<=MAX(T$18,$H31),0,MAX(0,INT((MIN(T$19,$I31+1)-MAX(T$18,$H31)-1-MOD(WEEKDAY($H31,2)-WEEKDAY(MAX(T$18,$H31),2),7))/7)+1)),(AND(DATE(YEAR(T$18),MONTH(T$18),MIN($J31,DAY(EOMONTH(T$18,0))))>=T$18,DATE(YEAR(T$18),MONTH(T$18),MIN($J31,DAY(EOMONTH(T$18,0))))<T$19,DATE(YEAR(T$18),MONTH(T$18),MIN($J31,DAY(EOMONTH(T$18,0))))>=$H31,DATE(YEAR(T$18),MONTH(T$18),MIN($J31,DAY(EOMONTH(T$18,0))))<=$I31,MOD((YEAR(DATE(YEAR(T$18),MONTH(T$18),MIN($J31,DAY(EOMONTH(T$18,0)))))-YEAR($H31))*12+MONTH(DATE(YEAR(T$18),MONTH(T$18),MIN($J31,DAY(EOMONTH(T$18,0)))))-MONTH($H31),CHOOSE($F31,1,1,3,12))=0))*1+IF(MONTH(DATE(YEAR(T$19-1),MONTH(T$19-1),MIN($J31,DAY(EOMONTH(T$19-1,0)))))<>MONTH(DATE(YEAR(T$18),MONTH(T$18),MIN($J31,DAY(EOMONTH(T$18,0))))),(AND(DATE(YEAR(T$19-1),MONTH(T$19-1),MIN($J31,DAY(EOMONTH(T$19-1,0))))>=T$18,DATE(YEAR(T$19-1),MONTH(T$19-1),MIN($J31,DAY(EOMONTH(T$19-1,0))))<T$19,DATE(YEAR(T$19-1),MONTH(T$19-1),MIN($J31,DAY(EOMONTH(T$19-1,0))))>=$H31,DATE(YEAR(T$19-1),MONTH(T$19-1),MIN($J31,DAY(EOMONTH(T$19-1,0))))<=$I31,MOD((YEAR(DATE(YEAR(T$19-1),MONTH(T$19-1),MIN($J31,DAY(EOMONTH(T$19-1,0)))))-YEAR($H31))*12+MONTH(DATE(YEAR(T$19-1),MONTH(T$19-1),MIN($J31,DAY(EOMONTH(T$19-1,0)))))-MONTH($H31),CHOOSE($F31,1,1,3,12))=0))*1,0))) | ... AK31: =IF(OR(NOT($K31),AK$19<=AK$18),0,$D31*IF($F31=1,IF(MIN(AK$19,$I31+1)<=MAX(AK$18,$H31),0,MAX(0,INT((MIN(AK$19,$I31+1)-MAX(AK$18,$H31)-1-MOD(WEEKDAY($H31,2)-WEEKDAY(MAX(AK$18,$H31),2),7))/7)+1)),(AND(DATE(YEAR(AK$18),MONTH(AK$18),MIN($J31,DAY(EOMONTH(AK$18,0))))>=AK$18,DATE(YEAR(AK$18),MONTH(AK$18),MIN($J31,DAY(EOMONTH(AK$18,0))))<AK$19,DATE(YEAR(AK$18),MONTH(AK$18),MIN($J31,DAY(EOMONTH(AK$18,0))))>=$H31,DATE(YEAR(AK$18),MONTH(AK$18),MIN($J31,DAY(EOMONTH(AK$18,0))))<=$I31,MOD((YEAR(DATE(YEAR(AK$18),MONTH(AK$18),MIN($J31,DAY(EOMONTH(AK$18,0)))))-YEAR($H31))*12+MONTH(DATE(YEAR(AK$18),MONTH(AK$18),MIN($J31,DAY(EOMONTH(AK$18,0)))))-MONTH($H31),CHOOSE($F31,1,1,3,12))=0))*1+IF(MONTH(DATE(YEAR(AK$19-1),MONTH(AK$19-1),MIN($J31,DAY(EOMONTH(AK$19-1,0)))))<>MONTH(DATE(YEAR(AK$18),MONTH(AK$18),MIN($J31,DAY(EOMONTH(AK$18,0))))),(AND(DATE(YEAR(AK$19-1),MONTH(AK$19-1),MIN($J31,DAY(EOMONTH(AK$19-1,0))))>=AK$18,DATE(YEAR(AK$19-1),MONTH(AK$19-1),MIN($J31,DAY(EOMONTH(AK$19-1,0))))<AK$19,DATE(YEAR(AK$19-1),MONTH(AK$19-1),MIN($J31,DAY(EOMONTH(AK$19-1,0))))>=$H31,DATE(YEAR(AK$19-1),MONTH(AK$19-1),MIN($J31,DAY(EOMONTH(AK$19-1,0))))<=$I31,MOD((YEAR(DATE(YEAR(AK$19-1),MONTH(AK$19-1),MIN($J31,DAY(EOMONTH(AK$19-1,0)))))-YEAR($H31))*12+MONTH(DATE(YEAR(AK$19-1),MONTH(AK$19-1),MIN($J31,DAY(EOMONTH(AK$19-1,0)))))-MONTH($H31),CHOOSE($F31,1,1,3,12))=0))*1,0)))
A32: 12 | B32: =Recurring!B19&"" | C32: =IF(Recurring!C19="","§§",Recurring!C19) | D32: =N(Recurring!D19) | E32: =IF(COUNTIF($J$2:$J$5,C32)>0,1,IF(COUNTIF($J$7:$J$16,C32)>0,-1,0)) | F32: =ROUND(SUMPRODUCT((Lang!$C$49:$N$52=Recurring!E19)*(ROW(Lang!$C$49:$N$52)-48))/MAX(1,COUNTIF(Lang!$C$49:$N$52,Recurring!E19)),0) | H32: =N(Recurring!F19) | I32: =IF(N(Recurring!G19)=0,73051,Recurring!G19) | J32: =IF(H32>0,DAY(H32),1) | K32: =AND(D32>0,E32<>0,F32>0,H32>0) | M32: =IF(OR(NOT($K32),M$19<=M$18),0,$D32*IF($F32=1,IF(MIN(M$19,$I32+1)<=MAX(M$18,$H32),0,MAX(0,INT((MIN(M$19,$I32+1)-MAX(M$18,$H32)-1-MOD(WEEKDAY($H32,2)-WEEKDAY(MAX(M$18,$H32),2),7))/7)+1)),(AND(DATE(YEAR(M$18),MONTH(M$18),MIN($J32,DAY(EOMONTH(M$18,0))))>=M$18,DATE(YEAR(M$18),MONTH(M$18),MIN($J32,DAY(EOMONTH(M$18,0))))<M$19,DATE(YEAR(M$18),MONTH(M$18),MIN($J32,DAY(EOMONTH(M$18,0))))>=$H32,DATE(YEAR(M$18),MONTH(M$18),MIN($J32,DAY(EOMONTH(M$18,0))))<=$I32,MOD((YEAR(DATE(YEAR(M$18),MONTH(M$18),MIN($J32,DAY(EOMONTH(M$18,0)))))-YEAR($H32))*12+MONTH(DATE(YEAR(M$18),MONTH(M$18),MIN($J32,DAY(EOMONTH(M$18,0)))))-MONTH($H32),CHOOSE($F32,1,1,3,12))=0))*1+IF(MONTH(DATE(YEAR(M$19-1),MONTH(M$19-1),MIN($J32,DAY(EOMONTH(M$19-1,0)))))<>MONTH(DATE(YEAR(M$18),MONTH(M$18),MIN($J32,DAY(EOMONTH(M$18,0))))),(AND(DATE(YEAR(M$19-1),MONTH(M$19-1),MIN($J32,DAY(EOMONTH(M$19-1,0))))>=M$18,DATE(YEAR(M$19-1),MONTH(M$19-1),MIN($J32,DAY(EOMONTH(M$19-1,0))))<M$19,DATE(YEAR(M$19-1),MONTH(M$19-1),MIN($J32,DAY(EOMONTH(M$19-1,0))))>=$H32,DATE(YEAR(M$19-1),MONTH(M$19-1),MIN($J32,DAY(EOMONTH(M$19-1,0))))<=$I32,MOD((YEAR(DATE(YEAR(M$19-1),MONTH(M$19-1),MIN($J32,DAY(EOMONTH(M$19-1,0)))))-YEAR($H32))*12+MONTH(DATE(YEAR(M$19-1),MONTH(M$19-1),MIN($J32,DAY(EOMONTH(M$19-1,0)))))-MONTH($H32),CHOOSE($F32,1,1,3,12))=0))*1,0))) | N32: =IF(OR(NOT($K32),N$19<=N$18),0,$D32*IF($F32=1,IF(MIN(N$19,$I32+1)<=MAX(N$18,$H32),0,MAX(0,INT((MIN(N$19,$I32+1)-MAX(N$18,$H32)-1-MOD(WEEKDAY($H32,2)-WEEKDAY(MAX(N$18,$H32),2),7))/7)+1)),(AND(DATE(YEAR(N$18),MONTH(N$18),MIN($J32,DAY(EOMONTH(N$18,0))))>=N$18,DATE(YEAR(N$18),MONTH(N$18),MIN($J32,DAY(EOMONTH(N$18,0))))<N$19,DATE(YEAR(N$18),MONTH(N$18),MIN($J32,DAY(EOMONTH(N$18,0))))>=$H32,DATE(YEAR(N$18),MONTH(N$18),MIN($J32,DAY(EOMONTH(N$18,0))))<=$I32,MOD((YEAR(DATE(YEAR(N$18),MONTH(N$18),MIN($J32,DAY(EOMONTH(N$18,0)))))-YEAR($H32))*12+MONTH(DATE(YEAR(N$18),MONTH(N$18),MIN($J32,DAY(EOMONTH(N$18,0)))))-MONTH($H32),CHOOSE($F32,1,1,3,12))=0))*1+IF(MONTH(DATE(YEAR(N$19-1),MONTH(N$19-1),MIN($J32,DAY(EOMONTH(N$19-1,0)))))<>MONTH(DATE(YEAR(N$18),MONTH(N$18),MIN($J32,DAY(EOMONTH(N$18,0))))),(AND(DATE(YEAR(N$19-1),MONTH(N$19-1),MIN($J32,DAY(EOMONTH(N$19-1,0))))>=N$18,DATE(YEAR(N$19-1),MONTH(N$19-1),MIN($J32,DAY(EOMONTH(N$19-1,0))))<N$19,DATE(YEAR(N$19-1),MONTH(N$19-1),MIN($J32,DAY(EOMONTH(N$19-1,0))))>=$H32,DATE(YEAR(N$19-1),MONTH(N$19-1),MIN($J32,DAY(EOMONTH(N$19-1,0))))<=$I32,MOD((YEAR(DATE(YEAR(N$19-1),MONTH(N$19-1),MIN($J32,DAY(EOMONTH(N$19-1,0)))))-YEAR($H32))*12+MONTH(DATE(YEAR(N$19-1),MONTH(N$19-1),MIN($J32,DAY(EOMONTH(N$19-1,0)))))-MONTH($H32),CHOOSE($F32,1,1,3,12))=0))*1,0))) | O32: =IF(OR(NOT($K32),O$19<=O$18),0,$D32*IF($F32=1,IF(MIN(O$19,$I32+1)<=MAX(O$18,$H32),0,MAX(0,INT((MIN(O$19,$I32+1)-MAX(O$18,$H32)-1-MOD(WEEKDAY($H32,2)-WEEKDAY(MAX(O$18,$H32),2),7))/7)+1)),(AND(DATE(YEAR(O$18),MONTH(O$18),MIN($J32,DAY(EOMONTH(O$18,0))))>=O$18,DATE(YEAR(O$18),MONTH(O$18),MIN($J32,DAY(EOMONTH(O$18,0))))<O$19,DATE(YEAR(O$18),MONTH(O$18),MIN($J32,DAY(EOMONTH(O$18,0))))>=$H32,DATE(YEAR(O$18),MONTH(O$18),MIN($J32,DAY(EOMONTH(O$18,0))))<=$I32,MOD((YEAR(DATE(YEAR(O$18),MONTH(O$18),MIN($J32,DAY(EOMONTH(O$18,0)))))-YEAR($H32))*12+MONTH(DATE(YEAR(O$18),MONTH(O$18),MIN($J32,DAY(EOMONTH(O$18,0)))))-MONTH($H32),CHOOSE($F32,1,1,3,12))=0))*1+IF(MONTH(DATE(YEAR(O$19-1),MONTH(O$19-1),MIN($J32,DAY(EOMONTH(O$19-1,0)))))<>MONTH(DATE(YEAR(O$18),MONTH(O$18),MIN($J32,DAY(EOMONTH(O$18,0))))),(AND(DATE(YEAR(O$19-1),MONTH(O$19-1),MIN($J32,DAY(EOMONTH(O$19-1,0))))>=O$18,DATE(YEAR(O$19-1),MONTH(O$19-1),MIN($J32,DAY(EOMONTH(O$19-1,0))))<O$19,DATE(YEAR(O$19-1),MONTH(O$19-1),MIN($J32,DAY(EOMONTH(O$19-1,0))))>=$H32,DATE(YEAR(O$19-1),MONTH(O$19-1),MIN($J32,DAY(EOMONTH(O$19-1,0))))<=$I32,MOD((YEAR(DATE(YEAR(O$19-1),MONTH(O$19-1),MIN($J32,DAY(EOMONTH(O$19-1,0)))))-YEAR($H32))*12+MONTH(DATE(YEAR(O$19-1),MONTH(O$19-1),MIN($J32,DAY(EOMONTH(O$19-1,0)))))-MONTH($H32),CHOOSE($F32,1,1,3,12))=0))*1,0))) | P32: =IF(OR(NOT($K32),P$19<=P$18),0,$D32*IF($F32=1,IF(MIN(P$19,$I32+1)<=MAX(P$18,$H32),0,MAX(0,INT((MIN(P$19,$I32+1)-MAX(P$18,$H32)-1-MOD(WEEKDAY($H32,2)-WEEKDAY(MAX(P$18,$H32),2),7))/7)+1)),(AND(DATE(YEAR(P$18),MONTH(P$18),MIN($J32,DAY(EOMONTH(P$18,0))))>=P$18,DATE(YEAR(P$18),MONTH(P$18),MIN($J32,DAY(EOMONTH(P$18,0))))<P$19,DATE(YEAR(P$18),MONTH(P$18),MIN($J32,DAY(EOMONTH(P$18,0))))>=$H32,DATE(YEAR(P$18),MONTH(P$18),MIN($J32,DAY(EOMONTH(P$18,0))))<=$I32,MOD((YEAR(DATE(YEAR(P$18),MONTH(P$18),MIN($J32,DAY(EOMONTH(P$18,0)))))-YEAR($H32))*12+MONTH(DATE(YEAR(P$18),MONTH(P$18),MIN($J32,DAY(EOMONTH(P$18,0)))))-MONTH($H32),CHOOSE($F32,1,1,3,12))=0))*1+IF(MONTH(DATE(YEAR(P$19-1),MONTH(P$19-1),MIN($J32,DAY(EOMONTH(P$19-1,0)))))<>MONTH(DATE(YEAR(P$18),MONTH(P$18),MIN($J32,DAY(EOMONTH(P$18,0))))),(AND(DATE(YEAR(P$19-1),MONTH(P$19-1),MIN($J32,DAY(EOMONTH(P$19-1,0))))>=P$18,DATE(YEAR(P$19-1),MONTH(P$19-1),MIN($J32,DAY(EOMONTH(P$19-1,0))))<P$19,DATE(YEAR(P$19-1),MONTH(P$19-1),MIN($J32,DAY(EOMONTH(P$19-1,0))))>=$H32,DATE(YEAR(P$19-1),MONTH(P$19-1),MIN($J32,DAY(EOMONTH(P$19-1,0))))<=$I32,MOD((YEAR(DATE(YEAR(P$19-1),MONTH(P$19-1),MIN($J32,DAY(EOMONTH(P$19-1,0)))))-YEAR($H32))*12+MONTH(DATE(YEAR(P$19-1),MONTH(P$19-1),MIN($J32,DAY(EOMONTH(P$19-1,0)))))-MONTH($H32),CHOOSE($F32,1,1,3,12))=0))*1,0))) | Q32: =IF(OR(NOT($K32),Q$19<=Q$18),0,$D32*IF($F32=1,IF(MIN(Q$19,$I32+1)<=MAX(Q$18,$H32),0,MAX(0,INT((MIN(Q$19,$I32+1)-MAX(Q$18,$H32)-1-MOD(WEEKDAY($H32,2)-WEEKDAY(MAX(Q$18,$H32),2),7))/7)+1)),(AND(DATE(YEAR(Q$18),MONTH(Q$18),MIN($J32,DAY(EOMONTH(Q$18,0))))>=Q$18,DATE(YEAR(Q$18),MONTH(Q$18),MIN($J32,DAY(EOMONTH(Q$18,0))))<Q$19,DATE(YEAR(Q$18),MONTH(Q$18),MIN($J32,DAY(EOMONTH(Q$18,0))))>=$H32,DATE(YEAR(Q$18),MONTH(Q$18),MIN($J32,DAY(EOMONTH(Q$18,0))))<=$I32,MOD((YEAR(DATE(YEAR(Q$18),MONTH(Q$18),MIN($J32,DAY(EOMONTH(Q$18,0)))))-YEAR($H32))*12+MONTH(DATE(YEAR(Q$18),MONTH(Q$18),MIN($J32,DAY(EOMONTH(Q$18,0)))))-MONTH($H32),CHOOSE($F32,1,1,3,12))=0))*1+IF(MONTH(DATE(YEAR(Q$19-1),MONTH(Q$19-1),MIN($J32,DAY(EOMONTH(Q$19-1,0)))))<>MONTH(DATE(YEAR(Q$18),MONTH(Q$18),MIN($J32,DAY(EOMONTH(Q$18,0))))),(AND(DATE(YEAR(Q$19-1),MONTH(Q$19-1),MIN($J32,DAY(EOMONTH(Q$19-1,0))))>=Q$18,DATE(YEAR(Q$19-1),MONTH(Q$19-1),MIN($J32,DAY(EOMONTH(Q$19-1,0))))<Q$19,DATE(YEAR(Q$19-1),MONTH(Q$19-1),MIN($J32,DAY(EOMONTH(Q$19-1,0))))>=$H32,DATE(YEAR(Q$19-1),MONTH(Q$19-1),MIN($J32,DAY(EOMONTH(Q$19-1,0))))<=$I32,MOD((YEAR(DATE(YEAR(Q$19-1),MONTH(Q$19-1),MIN($J32,DAY(EOMONTH(Q$19-1,0)))))-YEAR($H32))*12+MONTH(DATE(YEAR(Q$19-1),MONTH(Q$19-1),MIN($J32,DAY(EOMONTH(Q$19-1,0)))))-MONTH($H32),CHOOSE($F32,1,1,3,12))=0))*1,0))) | R32: =IF(OR(NOT($K32),R$19<=R$18),0,$D32*IF($F32=1,IF(MIN(R$19,$I32+1)<=MAX(R$18,$H32),0,MAX(0,INT((MIN(R$19,$I32+1)-MAX(R$18,$H32)-1-MOD(WEEKDAY($H32,2)-WEEKDAY(MAX(R$18,$H32),2),7))/7)+1)),(AND(DATE(YEAR(R$18),MONTH(R$18),MIN($J32,DAY(EOMONTH(R$18,0))))>=R$18,DATE(YEAR(R$18),MONTH(R$18),MIN($J32,DAY(EOMONTH(R$18,0))))<R$19,DATE(YEAR(R$18),MONTH(R$18),MIN($J32,DAY(EOMONTH(R$18,0))))>=$H32,DATE(YEAR(R$18),MONTH(R$18),MIN($J32,DAY(EOMONTH(R$18,0))))<=$I32,MOD((YEAR(DATE(YEAR(R$18),MONTH(R$18),MIN($J32,DAY(EOMONTH(R$18,0)))))-YEAR($H32))*12+MONTH(DATE(YEAR(R$18),MONTH(R$18),MIN($J32,DAY(EOMONTH(R$18,0)))))-MONTH($H32),CHOOSE($F32,1,1,3,12))=0))*1+IF(MONTH(DATE(YEAR(R$19-1),MONTH(R$19-1),MIN($J32,DAY(EOMONTH(R$19-1,0)))))<>MONTH(DATE(YEAR(R$18),MONTH(R$18),MIN($J32,DAY(EOMONTH(R$18,0))))),(AND(DATE(YEAR(R$19-1),MONTH(R$19-1),MIN($J32,DAY(EOMONTH(R$19-1,0))))>=R$18,DATE(YEAR(R$19-1),MONTH(R$19-1),MIN($J32,DAY(EOMONTH(R$19-1,0))))<R$19,DATE(YEAR(R$19-1),MONTH(R$19-1),MIN($J32,DAY(EOMONTH(R$19-1,0))))>=$H32,DATE(YEAR(R$19-1),MONTH(R$19-1),MIN($J32,DAY(EOMONTH(R$19-1,0))))<=$I32,MOD((YEAR(DATE(YEAR(R$19-1),MONTH(R$19-1),MIN($J32,DAY(EOMONTH(R$19-1,0)))))-YEAR($H32))*12+MONTH(DATE(YEAR(R$19-1),MONTH(R$19-1),MIN($J32,DAY(EOMONTH(R$19-1,0)))))-MONTH($H32),CHOOSE($F32,1,1,3,12))=0))*1,0))) | S32: =IF(OR(NOT($K32),S$19<=S$18),0,$D32*IF($F32=1,IF(MIN(S$19,$I32+1)<=MAX(S$18,$H32),0,MAX(0,INT((MIN(S$19,$I32+1)-MAX(S$18,$H32)-1-MOD(WEEKDAY($H32,2)-WEEKDAY(MAX(S$18,$H32),2),7))/7)+1)),(AND(DATE(YEAR(S$18),MONTH(S$18),MIN($J32,DAY(EOMONTH(S$18,0))))>=S$18,DATE(YEAR(S$18),MONTH(S$18),MIN($J32,DAY(EOMONTH(S$18,0))))<S$19,DATE(YEAR(S$18),MONTH(S$18),MIN($J32,DAY(EOMONTH(S$18,0))))>=$H32,DATE(YEAR(S$18),MONTH(S$18),MIN($J32,DAY(EOMONTH(S$18,0))))<=$I32,MOD((YEAR(DATE(YEAR(S$18),MONTH(S$18),MIN($J32,DAY(EOMONTH(S$18,0)))))-YEAR($H32))*12+MONTH(DATE(YEAR(S$18),MONTH(S$18),MIN($J32,DAY(EOMONTH(S$18,0)))))-MONTH($H32),CHOOSE($F32,1,1,3,12))=0))*1+IF(MONTH(DATE(YEAR(S$19-1),MONTH(S$19-1),MIN($J32,DAY(EOMONTH(S$19-1,0)))))<>MONTH(DATE(YEAR(S$18),MONTH(S$18),MIN($J32,DAY(EOMONTH(S$18,0))))),(AND(DATE(YEAR(S$19-1),MONTH(S$19-1),MIN($J32,DAY(EOMONTH(S$19-1,0))))>=S$18,DATE(YEAR(S$19-1),MONTH(S$19-1),MIN($J32,DAY(EOMONTH(S$19-1,0))))<S$19,DATE(YEAR(S$19-1),MONTH(S$19-1),MIN($J32,DAY(EOMONTH(S$19-1,0))))>=$H32,DATE(YEAR(S$19-1),MONTH(S$19-1),MIN($J32,DAY(EOMONTH(S$19-1,0))))<=$I32,MOD((YEAR(DATE(YEAR(S$19-1),MONTH(S$19-1),MIN($J32,DAY(EOMONTH(S$19-1,0)))))-YEAR($H32))*12+MONTH(DATE(YEAR(S$19-1),MONTH(S$19-1),MIN($J32,DAY(EOMONTH(S$19-1,0)))))-MONTH($H32),CHOOSE($F32,1,1,3,12))=0))*1,0))) | T32: =IF(OR(NOT($K32),T$19<=T$18),0,$D32*IF($F32=1,IF(MIN(T$19,$I32+1)<=MAX(T$18,$H32),0,MAX(0,INT((MIN(T$19,$I32+1)-MAX(T$18,$H32)-1-MOD(WEEKDAY($H32,2)-WEEKDAY(MAX(T$18,$H32),2),7))/7)+1)),(AND(DATE(YEAR(T$18),MONTH(T$18),MIN($J32,DAY(EOMONTH(T$18,0))))>=T$18,DATE(YEAR(T$18),MONTH(T$18),MIN($J32,DAY(EOMONTH(T$18,0))))<T$19,DATE(YEAR(T$18),MONTH(T$18),MIN($J32,DAY(EOMONTH(T$18,0))))>=$H32,DATE(YEAR(T$18),MONTH(T$18),MIN($J32,DAY(EOMONTH(T$18,0))))<=$I32,MOD((YEAR(DATE(YEAR(T$18),MONTH(T$18),MIN($J32,DAY(EOMONTH(T$18,0)))))-YEAR($H32))*12+MONTH(DATE(YEAR(T$18),MONTH(T$18),MIN($J32,DAY(EOMONTH(T$18,0)))))-MONTH($H32),CHOOSE($F32,1,1,3,12))=0))*1+IF(MONTH(DATE(YEAR(T$19-1),MONTH(T$19-1),MIN($J32,DAY(EOMONTH(T$19-1,0)))))<>MONTH(DATE(YEAR(T$18),MONTH(T$18),MIN($J32,DAY(EOMONTH(T$18,0))))),(AND(DATE(YEAR(T$19-1),MONTH(T$19-1),MIN($J32,DAY(EOMONTH(T$19-1,0))))>=T$18,DATE(YEAR(T$19-1),MONTH(T$19-1),MIN($J32,DAY(EOMONTH(T$19-1,0))))<T$19,DATE(YEAR(T$19-1),MONTH(T$19-1),MIN($J32,DAY(EOMONTH(T$19-1,0))))>=$H32,DATE(YEAR(T$19-1),MONTH(T$19-1),MIN($J32,DAY(EOMONTH(T$19-1,0))))<=$I32,MOD((YEAR(DATE(YEAR(T$19-1),MONTH(T$19-1),MIN($J32,DAY(EOMONTH(T$19-1,0)))))-YEAR($H32))*12+MONTH(DATE(YEAR(T$19-1),MONTH(T$19-1),MIN($J32,DAY(EOMONTH(T$19-1,0)))))-MONTH($H32),CHOOSE($F32,1,1,3,12))=0))*1,0))) | ... AK32: =IF(OR(NOT($K32),AK$19<=AK$18),0,$D32*IF($F32=1,IF(MIN(AK$19,$I32+1)<=MAX(AK$18,$H32),0,MAX(0,INT((MIN(AK$19,$I32+1)-MAX(AK$18,$H32)-1-MOD(WEEKDAY($H32,2)-WEEKDAY(MAX(AK$18,$H32),2),7))/7)+1)),(AND(DATE(YEAR(AK$18),MONTH(AK$18),MIN($J32,DAY(EOMONTH(AK$18,0))))>=AK$18,DATE(YEAR(AK$18),MONTH(AK$18),MIN($J32,DAY(EOMONTH(AK$18,0))))<AK$19,DATE(YEAR(AK$18),MONTH(AK$18),MIN($J32,DAY(EOMONTH(AK$18,0))))>=$H32,DATE(YEAR(AK$18),MONTH(AK$18),MIN($J32,DAY(EOMONTH(AK$18,0))))<=$I32,MOD((YEAR(DATE(YEAR(AK$18),MONTH(AK$18),MIN($J32,DAY(EOMONTH(AK$18,0)))))-YEAR($H32))*12+MONTH(DATE(YEAR(AK$18),MONTH(AK$18),MIN($J32,DAY(EOMONTH(AK$18,0)))))-MONTH($H32),CHOOSE($F32,1,1,3,12))=0))*1+IF(MONTH(DATE(YEAR(AK$19-1),MONTH(AK$19-1),MIN($J32,DAY(EOMONTH(AK$19-1,0)))))<>MONTH(DATE(YEAR(AK$18),MONTH(AK$18),MIN($J32,DAY(EOMONTH(AK$18,0))))),(AND(DATE(YEAR(AK$19-1),MONTH(AK$19-1),MIN($J32,DAY(EOMONTH(AK$19-1,0))))>=AK$18,DATE(YEAR(AK$19-1),MONTH(AK$19-1),MIN($J32,DAY(EOMONTH(AK$19-1,0))))<AK$19,DATE(YEAR(AK$19-1),MONTH(AK$19-1),MIN($J32,DAY(EOMONTH(AK$19-1,0))))>=$H32,DATE(YEAR(AK$19-1),MONTH(AK$19-1),MIN($J32,DAY(EOMONTH(AK$19-1,0))))<=$I32,MOD((YEAR(DATE(YEAR(AK$19-1),MONTH(AK$19-1),MIN($J32,DAY(EOMONTH(AK$19-1,0)))))-YEAR($H32))*12+MONTH(DATE(YEAR(AK$19-1),MONTH(AK$19-1),MIN($J32,DAY(EOMONTH(AK$19-1,0)))))-MONTH($H32),CHOOSE($F32,1,1,3,12))=0))*1,0)))
... A50: 30 | B50: =Recurring!B37&"" | C50: =IF(Recurring!C37="","§§",Recurring!C37) | D50: =N(Recurring!D37) | E50: =IF(COUNTIF($J$2:$J$5,C50)>0,1,IF(COUNTIF($J$7:$J$16,C50)>0,-1,0)) | F50: =ROUND(SUMPRODUCT((Lang!$C$49:$N$52=Recurring!E37)*(ROW(Lang!$C$49:$N$52)-48))/MAX(1,COUNTIF(Lang!$C$49:$N$52,Recurring!E37)),0) | H50: =N(Recurring!F37) | I50: =IF(N(Recurring!G37)=0,73051,Recurring!G37) | J50: =IF(H50>0,DAY(H50),1) | K50: =AND(D50>0,E50<>0,F50>0,H50>0) | M50: =IF(OR(NOT($K50),M$19<=M$18),0,$D50*IF($F50=1,IF(MIN(M$19,$I50+1)<=MAX(M$18,$H50),0,MAX(0,INT((MIN(M$19,$I50+1)-MAX(M$18,$H50)-1-MOD(WEEKDAY($H50,2)-WEEKDAY(MAX(M$18,$H50),2),7))/7)+1)),(AND(DATE(YEAR(M$18),MONTH(M$18),MIN($J50,DAY(EOMONTH(M$18,0))))>=M$18,DATE(YEAR(M$18),MONTH(M$18),MIN($J50,DAY(EOMONTH(M$18,0))))<M$19,DATE(YEAR(M$18),MONTH(M$18),MIN($J50,DAY(EOMONTH(M$18,0))))>=$H50,DATE(YEAR(M$18),MONTH(M$18),MIN($J50,DAY(EOMONTH(M$18,0))))<=$I50,MOD((YEAR(DATE(YEAR(M$18),MONTH(M$18),MIN($J50,DAY(EOMONTH(M$18,0)))))-YEAR($H50))*12+MONTH(DATE(YEAR(M$18),MONTH(M$18),MIN($J50,DAY(EOMONTH(M$18,0)))))-MONTH($H50),CHOOSE($F50,1,1,3,12))=0))*1+IF(MONTH(DATE(YEAR(M$19-1),MONTH(M$19-1),MIN($J50,DAY(EOMONTH(M$19-1,0)))))<>MONTH(DATE(YEAR(M$18),MONTH(M$18),MIN($J50,DAY(EOMONTH(M$18,0))))),(AND(DATE(YEAR(M$19-1),MONTH(M$19-1),MIN($J50,DAY(EOMONTH(M$19-1,0))))>=M$18,DATE(YEAR(M$19-1),MONTH(M$19-1),MIN($J50,DAY(EOMONTH(M$19-1,0))))<M$19,DATE(YEAR(M$19-1),MONTH(M$19-1),MIN($J50,DAY(EOMONTH(M$19-1,0))))>=$H50,DATE(YEAR(M$19-1),MONTH(M$19-1),MIN($J50,DAY(EOMONTH(M$19-1,0))))<=$I50,MOD((YEAR(DATE(YEAR(M$19-1),MONTH(M$19-1),MIN($J50,DAY(EOMONTH(M$19-1,0)))))-YEAR($H50))*12+MONTH(DATE(YEAR(M$19-1),MONTH(M$19-1),MIN($J50,DAY(EOMONTH(M$19-1,0)))))-MONTH($H50),CHOOSE($F50,1,1,3,12))=0))*1,0))) | N50: =IF(OR(NOT($K50),N$19<=N$18),0,$D50*IF($F50=1,IF(MIN(N$19,$I50+1)<=MAX(N$18,$H50),0,MAX(0,INT((MIN(N$19,$I50+1)-MAX(N$18,$H50)-1-MOD(WEEKDAY($H50,2)-WEEKDAY(MAX(N$18,$H50),2),7))/7)+1)),(AND(DATE(YEAR(N$18),MONTH(N$18),MIN($J50,DAY(EOMONTH(N$18,0))))>=N$18,DATE(YEAR(N$18),MONTH(N$18),MIN($J50,DAY(EOMONTH(N$18,0))))<N$19,DATE(YEAR(N$18),MONTH(N$18),MIN($J50,DAY(EOMONTH(N$18,0))))>=$H50,DATE(YEAR(N$18),MONTH(N$18),MIN($J50,DAY(EOMONTH(N$18,0))))<=$I50,MOD((YEAR(DATE(YEAR(N$18),MONTH(N$18),MIN($J50,DAY(EOMONTH(N$18,0)))))-YEAR($H50))*12+MONTH(DATE(YEAR(N$18),MONTH(N$18),MIN($J50,DAY(EOMONTH(N$18,0)))))-MONTH($H50),CHOOSE($F50,1,1,3,12))=0))*1+IF(MONTH(DATE(YEAR(N$19-1),MONTH(N$19-1),MIN($J50,DAY(EOMONTH(N$19-1,0)))))<>MONTH(DATE(YEAR(N$18),MONTH(N$18),MIN($J50,DAY(EOMONTH(N$18,0))))),(AND(DATE(YEAR(N$19-1),MONTH(N$19-1),MIN($J50,DAY(EOMONTH(N$19-1,0))))>=N$18,DATE(YEAR(N$19-1),MONTH(N$19-1),MIN($J50,DAY(EOMONTH(N$19-1,0))))<N$19,DATE(YEAR(N$19-1),MONTH(N$19-1),MIN($J50,DAY(EOMONTH(N$19-1,0))))>=$H50,DATE(YEAR(N$19-1),MONTH(N$19-1),MIN($J50,DAY(EOMONTH(N$19-1,0))))<=$I50,MOD((YEAR(DATE(YEAR(N$19-1),MONTH(N$19-1),MIN($J50,DAY(EOMONTH(N$19-1,0)))))-YEAR($H50))*12+MONTH(DATE(YEAR(N$19-1),MONTH(N$19-1),MIN($J50,DAY(EOMONTH(N$19-1,0)))))-MONTH($H50),CHOOSE($F50,1,1,3,12))=0))*1,0))) | O50: =IF(OR(NOT($K50),O$19<=O$18),0,$D50*IF($F50=1,IF(MIN(O$19,$I50+1)<=MAX(O$18,$H50),0,MAX(0,INT((MIN(O$19,$I50+1)-MAX(O$18,$H50)-1-MOD(WEEKDAY($H50,2)-WEEKDAY(MAX(O$18,$H50),2),7))/7)+1)),(AND(DATE(YEAR(O$18),MONTH(O$18),MIN($J50,DAY(EOMONTH(O$18,0))))>=O$18,DATE(YEAR(O$18),MONTH(O$18),MIN($J50,DAY(EOMONTH(O$18,0))))<O$19,DATE(YEAR(O$18),MONTH(O$18),MIN($J50,DAY(EOMONTH(O$18,0))))>=$H50,DATE(YEAR(O$18),MONTH(O$18),MIN($J50,DAY(EOMONTH(O$18,0))))<=$I50,MOD((YEAR(DATE(YEAR(O$18),MONTH(O$18),MIN($J50,DAY(EOMONTH(O$18,0)))))-YEAR($H50))*12+MONTH(DATE(YEAR(O$18),MONTH(O$18),MIN($J50,DAY(EOMONTH(O$18,0)))))-MONTH($H50),CHOOSE($F50,1,1,3,12))=0))*1+IF(MONTH(DATE(YEAR(O$19-1),MONTH(O$19-1),MIN($J50,DAY(EOMONTH(O$19-1,0)))))<>MONTH(DATE(YEAR(O$18),MONTH(O$18),MIN($J50,DAY(EOMONTH(O$18,0))))),(AND(DATE(YEAR(O$19-1),MONTH(O$19-1),MIN($J50,DAY(EOMONTH(O$19-1,0))))>=O$18,DATE(YEAR(O$19-1),MONTH(O$19-1),MIN($J50,DAY(EOMONTH(O$19-1,0))))<O$19,DATE(YEAR(O$19-1),MONTH(O$19-1),MIN($J50,DAY(EOMONTH(O$19-1,0))))>=$H50,DATE(YEAR(O$19-1),MONTH(O$19-1),MIN($J50,DAY(EOMONTH(O$19-1,0))))<=$I50,MOD((YEAR(DATE(YEAR(O$19-1),MONTH(O$19-1),MIN($J50,DAY(EOMONTH(O$19-1,0)))))-YEAR($H50))*12+MONTH(DATE(YEAR(O$19-1),MONTH(O$19-1),MIN($J50,DAY(EOMONTH(O$19-1,0)))))-MONTH($H50),CHOOSE($F50,1,1,3,12))=0))*1,0))) | P50: =IF(OR(NOT($K50),P$19<=P$18),0,$D50*IF($F50=1,IF(MIN(P$19,$I50+1)<=MAX(P$18,$H50),0,MAX(0,INT((MIN(P$19,$I50+1)-MAX(P$18,$H50)-1-MOD(WEEKDAY($H50,2)-WEEKDAY(MAX(P$18,$H50),2),7))/7)+1)),(AND(DATE(YEAR(P$18),MONTH(P$18),MIN($J50,DAY(EOMONTH(P$18,0))))>=P$18,DATE(YEAR(P$18),MONTH(P$18),MIN($J50,DAY(EOMONTH(P$18,0))))<P$19,DATE(YEAR(P$18),MONTH(P$18),MIN($J50,DAY(EOMONTH(P$18,0))))>=$H50,DATE(YEAR(P$18),MONTH(P$18),MIN($J50,DAY(EOMONTH(P$18,0))))<=$I50,MOD((YEAR(DATE(YEAR(P$18),MONTH(P$18),MIN($J50,DAY(EOMONTH(P$18,0)))))-YEAR($H50))*12+MONTH(DATE(YEAR(P$18),MONTH(P$18),MIN($J50,DAY(EOMONTH(P$18,0)))))-MONTH($H50),CHOOSE($F50,1,1,3,12))=0))*1+IF(MONTH(DATE(YEAR(P$19-1),MONTH(P$19-1),MIN($J50,DAY(EOMONTH(P$19-1,0)))))<>MONTH(DATE(YEAR(P$18),MONTH(P$18),MIN($J50,DAY(EOMONTH(P$18,0))))),(AND(DATE(YEAR(P$19-1),MONTH(P$19-1),MIN($J50,DAY(EOMONTH(P$19-1,0))))>=P$18,DATE(YEAR(P$19-1),MONTH(P$19-1),MIN($J50,DAY(EOMONTH(P$19-1,0))))<P$19,DATE(YEAR(P$19-1),MONTH(P$19-1),MIN($J50,DAY(EOMONTH(P$19-1,0))))>=$H50,DATE(YEAR(P$19-1),MONTH(P$19-1),MIN($J50,DAY(EOMONTH(P$19-1,0))))<=$I50,MOD((YEAR(DATE(YEAR(P$19-1),MONTH(P$19-1),MIN($J50,DAY(EOMONTH(P$19-1,0)))))-YEAR($H50))*12+MONTH(DATE(YEAR(P$19-1),MONTH(P$19-1),MIN($J50,DAY(EOMONTH(P$19-1,0)))))-MONTH($H50),CHOOSE($F50,1,1,3,12))=0))*1,0))) | Q50: =IF(OR(NOT($K50),Q$19<=Q$18),0,$D50*IF($F50=1,IF(MIN(Q$19,$I50+1)<=MAX(Q$18,$H50),0,MAX(0,INT((MIN(Q$19,$I50+1)-MAX(Q$18,$H50)-1-MOD(WEEKDAY($H50,2)-WEEKDAY(MAX(Q$18,$H50),2),7))/7)+1)),(AND(DATE(YEAR(Q$18),MONTH(Q$18),MIN($J50,DAY(EOMONTH(Q$18,0))))>=Q$18,DATE(YEAR(Q$18),MONTH(Q$18),MIN($J50,DAY(EOMONTH(Q$18,0))))<Q$19,DATE(YEAR(Q$18),MONTH(Q$18),MIN($J50,DAY(EOMONTH(Q$18,0))))>=$H50,DATE(YEAR(Q$18),MONTH(Q$18),MIN($J50,DAY(EOMONTH(Q$18,0))))<=$I50,MOD((YEAR(DATE(YEAR(Q$18),MONTH(Q$18),MIN($J50,DAY(EOMONTH(Q$18,0)))))-YEAR($H50))*12+MONTH(DATE(YEAR(Q$18),MONTH(Q$18),MIN($J50,DAY(EOMONTH(Q$18,0)))))-MONTH($H50),CHOOSE($F50,1,1,3,12))=0))*1+IF(MONTH(DATE(YEAR(Q$19-1),MONTH(Q$19-1),MIN($J50,DAY(EOMONTH(Q$19-1,0)))))<>MONTH(DATE(YEAR(Q$18),MONTH(Q$18),MIN($J50,DAY(EOMONTH(Q$18,0))))),(AND(DATE(YEAR(Q$19-1),MONTH(Q$19-1),MIN($J50,DAY(EOMONTH(Q$19-1,0))))>=Q$18,DATE(YEAR(Q$19-1),MONTH(Q$19-1),MIN($J50,DAY(EOMONTH(Q$19-1,0))))<Q$19,DATE(YEAR(Q$19-1),MONTH(Q$19-1),MIN($J50,DAY(EOMONTH(Q$19-1,0))))>=$H50,DATE(YEAR(Q$19-1),MONTH(Q$19-1),MIN($J50,DAY(EOMONTH(Q$19-1,0))))<=$I50,MOD((YEAR(DATE(YEAR(Q$19-1),MONTH(Q$19-1),MIN($J50,DAY(EOMONTH(Q$19-1,0)))))-YEAR($H50))*12+MONTH(DATE(YEAR(Q$19-1),MONTH(Q$19-1),MIN($J50,DAY(EOMONTH(Q$19-1,0)))))-MONTH($H50),CHOOSE($F50,1,1,3,12))=0))*1,0))) | R50: =IF(OR(NOT($K50),R$19<=R$18),0,$D50*IF($F50=1,IF(MIN(R$19,$I50+1)<=MAX(R$18,$H50),0,MAX(0,INT((MIN(R$19,$I50+1)-MAX(R$18,$H50)-1-MOD(WEEKDAY($H50,2)-WEEKDAY(MAX(R$18,$H50),2),7))/7)+1)),(AND(DATE(YEAR(R$18),MONTH(R$18),MIN($J50,DAY(EOMONTH(R$18,0))))>=R$18,DATE(YEAR(R$18),MONTH(R$18),MIN($J50,DAY(EOMONTH(R$18,0))))<R$19,DATE(YEAR(R$18),MONTH(R$18),MIN($J50,DAY(EOMONTH(R$18,0))))>=$H50,DATE(YEAR(R$18),MONTH(R$18),MIN($J50,DAY(EOMONTH(R$18,0))))<=$I50,MOD((YEAR(DATE(YEAR(R$18),MONTH(R$18),MIN($J50,DAY(EOMONTH(R$18,0)))))-YEAR($H50))*12+MONTH(DATE(YEAR(R$18),MONTH(R$18),MIN($J50,DAY(EOMONTH(R$18,0)))))-MONTH($H50),CHOOSE($F50,1,1,3,12))=0))*1+IF(MONTH(DATE(YEAR(R$19-1),MONTH(R$19-1),MIN($J50,DAY(EOMONTH(R$19-1,0)))))<>MONTH(DATE(YEAR(R$18),MONTH(R$18),MIN($J50,DAY(EOMONTH(R$18,0))))),(AND(DATE(YEAR(R$19-1),MONTH(R$19-1),MIN($J50,DAY(EOMONTH(R$19-1,0))))>=R$18,DATE(YEAR(R$19-1),MONTH(R$19-1),MIN($J50,DAY(EOMONTH(R$19-1,0))))<R$19,DATE(YEAR(R$19-1),MONTH(R$19-1),MIN($J50,DAY(EOMONTH(R$19-1,0))))>=$H50,DATE(YEAR(R$19-1),MONTH(R$19-1),MIN($J50,DAY(EOMONTH(R$19-1,0))))<=$I50,MOD((YEAR(DATE(YEAR(R$19-1),MONTH(R$19-1),MIN($J50,DAY(EOMONTH(R$19-1,0)))))-YEAR($H50))*12+MONTH(DATE(YEAR(R$19-1),MONTH(R$19-1),MIN($J50,DAY(EOMONTH(R$19-1,0)))))-MONTH($H50),CHOOSE($F50,1,1,3,12))=0))*1,0))) | S50: =IF(OR(NOT($K50),S$19<=S$18),0,$D50*IF($F50=1,IF(MIN(S$19,$I50+1)<=MAX(S$18,$H50),0,MAX(0,INT((MIN(S$19,$I50+1)-MAX(S$18,$H50)-1-MOD(WEEKDAY($H50,2)-WEEKDAY(MAX(S$18,$H50),2),7))/7)+1)),(AND(DATE(YEAR(S$18),MONTH(S$18),MIN($J50,DAY(EOMONTH(S$18,0))))>=S$18,DATE(YEAR(S$18),MONTH(S$18),MIN($J50,DAY(EOMONTH(S$18,0))))<S$19,DATE(YEAR(S$18),MONTH(S$18),MIN($J50,DAY(EOMONTH(S$18,0))))>=$H50,DATE(YEAR(S$18),MONTH(S$18),MIN($J50,DAY(EOMONTH(S$18,0))))<=$I50,MOD((YEAR(DATE(YEAR(S$18),MONTH(S$18),MIN($J50,DAY(EOMONTH(S$18,0)))))-YEAR($H50))*12+MONTH(DATE(YEAR(S$18),MONTH(S$18),MIN($J50,DAY(EOMONTH(S$18,0)))))-MONTH($H50),CHOOSE($F50,1,1,3,12))=0))*1+IF(MONTH(DATE(YEAR(S$19-1),MONTH(S$19-1),MIN($J50,DAY(EOMONTH(S$19-1,0)))))<>MONTH(DATE(YEAR(S$18),MONTH(S$18),MIN($J50,DAY(EOMONTH(S$18,0))))),(AND(DATE(YEAR(S$19-1),MONTH(S$19-1),MIN($J50,DAY(EOMONTH(S$19-1,0))))>=S$18,DATE(YEAR(S$19-1),MONTH(S$19-1),MIN($J50,DAY(EOMONTH(S$19-1,0))))<S$19,DATE(YEAR(S$19-1),MONTH(S$19-1),MIN($J50,DAY(EOMONTH(S$19-1,0))))>=$H50,DATE(YEAR(S$19-1),MONTH(S$19-1),MIN($J50,DAY(EOMONTH(S$19-1,0))))<=$I50,MOD((YEAR(DATE(YEAR(S$19-1),MONTH(S$19-1),MIN($J50,DAY(EOMONTH(S$19-1,0)))))-YEAR($H50))*12+MONTH(DATE(YEAR(S$19-1),MONTH(S$19-1),MIN($J50,DAY(EOMONTH(S$19-1,0)))))-MONTH($H50),CHOOSE($F50,1,1,3,12))=0))*1,0))) | T50: =IF(OR(NOT($K50),T$19<=T$18),0,$D50*IF($F50=1,IF(MIN(T$19,$I50+1)<=MAX(T$18,$H50),0,MAX(0,INT((MIN(T$19,$I50+1)-MAX(T$18,$H50)-1-MOD(WEEKDAY($H50,2)-WEEKDAY(MAX(T$18,$H50),2),7))/7)+1)),(AND(DATE(YEAR(T$18),MONTH(T$18),MIN($J50,DAY(EOMONTH(T$18,0))))>=T$18,DATE(YEAR(T$18),MONTH(T$18),MIN($J50,DAY(EOMONTH(T$18,0))))<T$19,DATE(YEAR(T$18),MONTH(T$18),MIN($J50,DAY(EOMONTH(T$18,0))))>=$H50,DATE(YEAR(T$18),MONTH(T$18),MIN($J50,DAY(EOMONTH(T$18,0))))<=$I50,MOD((YEAR(DATE(YEAR(T$18),MONTH(T$18),MIN($J50,DAY(EOMONTH(T$18,0)))))-YEAR($H50))*12+MONTH(DATE(YEAR(T$18),MONTH(T$18),MIN($J50,DAY(EOMONTH(T$18,0)))))-MONTH($H50),CHOOSE($F50,1,1,3,12))=0))*1+IF(MONTH(DATE(YEAR(T$19-1),MONTH(T$19-1),MIN($J50,DAY(EOMONTH(T$19-1,0)))))<>MONTH(DATE(YEAR(T$18),MONTH(T$18),MIN($J50,DAY(EOMONTH(T$18,0))))),(AND(DATE(YEAR(T$19-1),MONTH(T$19-1),MIN($J50,DAY(EOMONTH(T$19-1,0))))>=T$18,DATE(YEAR(T$19-1),MONTH(T$19-1),MIN($J50,DAY(EOMONTH(T$19-1,0))))<T$19,DATE(YEAR(T$19-1),MONTH(T$19-1),MIN($J50,DAY(EOMONTH(T$19-1,0))))>=$H50,DATE(YEAR(T$19-1),MONTH(T$19-1),MIN($J50,DAY(EOMONTH(T$19-1,0))))<=$I50,MOD((YEAR(DATE(YEAR(T$19-1),MONTH(T$19-1),MIN($J50,DAY(EOMONTH(T$19-1,0)))))-YEAR($H50))*12+MONTH(DATE(YEAR(T$19-1),MONTH(T$19-1),MIN($J50,DAY(EOMONTH(T$19-1,0)))))-MONTH($H50),CHOOSE($F50,1,1,3,12))=0))*1,0))) | ... AK50: =IF(OR(NOT($K50),AK$19<=AK$18),0,$D50*IF($F50=1,IF(MIN(AK$19,$I50+1)<=MAX(AK$18,$H50),0,MAX(0,INT((MIN(AK$19,$I50+1)-MAX(AK$18,$H50)-1-MOD(WEEKDAY($H50,2)-WEEKDAY(MAX(AK$18,$H50),2),7))/7)+1)),(AND(DATE(YEAR(AK$18),MONTH(AK$18),MIN($J50,DAY(EOMONTH(AK$18,0))))>=AK$18,DATE(YEAR(AK$18),MONTH(AK$18),MIN($J50,DAY(EOMONTH(AK$18,0))))<AK$19,DATE(YEAR(AK$18),MONTH(AK$18),MIN($J50,DAY(EOMONTH(AK$18,0))))>=$H50,DATE(YEAR(AK$18),MONTH(AK$18),MIN($J50,DAY(EOMONTH(AK$18,0))))<=$I50,MOD((YEAR(DATE(YEAR(AK$18),MONTH(AK$18),MIN($J50,DAY(EOMONTH(AK$18,0)))))-YEAR($H50))*12+MONTH(DATE(YEAR(AK$18),MONTH(AK$18),MIN($J50,DAY(EOMONTH(AK$18,0)))))-MONTH($H50),CHOOSE($F50,1,1,3,12))=0))*1+IF(MONTH(DATE(YEAR(AK$19-1),MONTH(AK$19-1),MIN($J50,DAY(EOMONTH(AK$19-1,0)))))<>MONTH(DATE(YEAR(AK$18),MONTH(AK$18),MIN($J50,DAY(EOMONTH(AK$18,0))))),(AND(DATE(YEAR(AK$19-1),MONTH(AK$19-1),MIN($J50,DAY(EOMONTH(AK$19-1,0))))>=AK$18,DATE(YEAR(AK$19-1),MONTH(AK$19-1),MIN($J50,DAY(EOMONTH(AK$19-1,0))))<AK$19,DATE(YEAR(AK$19-1),MONTH(AK$19-1),MIN($J50,DAY(EOMONTH(AK$19-1,0))))>=$H50,DATE(YEAR(AK$19-1),MONTH(AK$19-1),MIN($J50,DAY(EOMONTH(AK$19-1,0))))<=$I50,MOD((YEAR(DATE(YEAR(AK$19-1),MONTH(AK$19-1),MIN($J50,DAY(EOMONTH(AK$19-1,0)))))-YEAR($H50))*12+MONTH(DATE(YEAR(AK$19-1),MONTH(AK$19-1),MIN($J50,DAY(EOMONTH(AK$19-1,0)))))-MONTH($H50),CHOOSE($F50,1,1,3,12))=0))*1,0)))
A60: in | B60: =$J$2 | C60: =IF(B60="§","",B60) | M60: =IF($B60="§",0,SUMIFS(tAmt,tCat,$B60,tDate,">="&M$18,tDate,"<"&M$19)+SUMIF($C$21:$C$50,$B60,M$21:M$50)) | N60: =IF($B60="§",0,SUMIFS(tAmt,tCat,$B60,tDate,">="&N$18,tDate,"<"&N$19)+SUMIF($C$21:$C$50,$B60,N$21:N$50)) | O60: =IF($B60="§",0,SUMIFS(tAmt,tCat,$B60,tDate,">="&O$18,tDate,"<"&O$19)+SUMIF($C$21:$C$50,$B60,O$21:O$50)) | P60: =IF($B60="§",0,SUMIFS(tAmt,tCat,$B60,tDate,">="&P$18,tDate,"<"&P$19)+SUMIF($C$21:$C$50,$B60,P$21:P$50)) | Q60: =IF($B60="§",0,SUMIFS(tAmt,tCat,$B60,tDate,">="&Q$18,tDate,"<"&Q$19)+SUMIF($C$21:$C$50,$B60,Q$21:Q$50)) | R60: =IF($B60="§",0,SUMIFS(tAmt,tCat,$B60,tDate,">="&R$18,tDate,"<"&R$19)+SUMIF($C$21:$C$50,$B60,R$21:R$50)) | S60: =IF($B60="§",0,SUMIFS(tAmt,tCat,$B60,tDate,">="&S$18,tDate,"<"&S$19)+SUMIF($C$21:$C$50,$B60,S$21:S$50)) | T60: =IF($B60="§",0,SUMIFS(tAmt,tCat,$B60,tDate,">="&T$18,tDate,"<"&T$19)+SUMIF($C$21:$C$50,$B60,T$21:T$50)) | ... Y60: =IF($B60="§",0,SUMIFS(tAmt,tCat,$B60,tDate,">="&Y$18,tDate,"<"&Y$19)+SUMIF($C$21:$C$50,$B60,Y$21:Y$50)) | Z60: =SUM(M60:Y60)
A61: in | B61: =$J$3 | C61: =IF(B61="§","",B61) | M61: =IF($B61="§",0,SUMIFS(tAmt,tCat,$B61,tDate,">="&M$18,tDate,"<"&M$19)+SUMIF($C$21:$C$50,$B61,M$21:M$50)) | N61: =IF($B61="§",0,SUMIFS(tAmt,tCat,$B61,tDate,">="&N$18,tDate,"<"&N$19)+SUMIF($C$21:$C$50,$B61,N$21:N$50)) | O61: =IF($B61="§",0,SUMIFS(tAmt,tCat,$B61,tDate,">="&O$18,tDate,"<"&O$19)+SUMIF($C$21:$C$50,$B61,O$21:O$50)) | P61: =IF($B61="§",0,SUMIFS(tAmt,tCat,$B61,tDate,">="&P$18,tDate,"<"&P$19)+SUMIF($C$21:$C$50,$B61,P$21:P$50)) | Q61: =IF($B61="§",0,SUMIFS(tAmt,tCat,$B61,tDate,">="&Q$18,tDate,"<"&Q$19)+SUMIF($C$21:$C$50,$B61,Q$21:Q$50)) | R61: =IF($B61="§",0,SUMIFS(tAmt,tCat,$B61,tDate,">="&R$18,tDate,"<"&R$19)+SUMIF($C$21:$C$50,$B61,R$21:R$50)) | S61: =IF($B61="§",0,SUMIFS(tAmt,tCat,$B61,tDate,">="&S$18,tDate,"<"&S$19)+SUMIF($C$21:$C$50,$B61,S$21:S$50)) | T61: =IF($B61="§",0,SUMIFS(tAmt,tCat,$B61,tDate,">="&T$18,tDate,"<"&T$19)+SUMIF($C$21:$C$50,$B61,T$21:T$50)) | ... Y61: =IF($B61="§",0,SUMIFS(tAmt,tCat,$B61,tDate,">="&Y$18,tDate,"<"&Y$19)+SUMIF($C$21:$C$50,$B61,Y$21:Y$50)) | Z61: =SUM(M61:Y61)
A62: in | B62: =$J$4 | C62: =IF(B62="§","",B62) | M62: =IF($B62="§",0,SUMIFS(tAmt,tCat,$B62,tDate,">="&M$18,tDate,"<"&M$19)+SUMIF($C$21:$C$50,$B62,M$21:M$50)) | N62: =IF($B62="§",0,SUMIFS(tAmt,tCat,$B62,tDate,">="&N$18,tDate,"<"&N$19)+SUMIF($C$21:$C$50,$B62,N$21:N$50)) | O62: =IF($B62="§",0,SUMIFS(tAmt,tCat,$B62,tDate,">="&O$18,tDate,"<"&O$19)+SUMIF($C$21:$C$50,$B62,O$21:O$50)) | P62: =IF($B62="§",0,SUMIFS(tAmt,tCat,$B62,tDate,">="&P$18,tDate,"<"&P$19)+SUMIF($C$21:$C$50,$B62,P$21:P$50)) | Q62: =IF($B62="§",0,SUMIFS(tAmt,tCat,$B62,tDate,">="&Q$18,tDate,"<"&Q$19)+SUMIF($C$21:$C$50,$B62,Q$21:Q$50)) | R62: =IF($B62="§",0,SUMIFS(tAmt,tCat,$B62,tDate,">="&R$18,tDate,"<"&R$19)+SUMIF($C$21:$C$50,$B62,R$21:R$50)) | S62: =IF($B62="§",0,SUMIFS(tAmt,tCat,$B62,tDate,">="&S$18,tDate,"<"&S$19)+SUMIF($C$21:$C$50,$B62,S$21:S$50)) | T62: =IF($B62="§",0,SUMIFS(tAmt,tCat,$B62,tDate,">="&T$18,tDate,"<"&T$19)+SUMIF($C$21:$C$50,$B62,T$21:T$50)) | ... Y62: =IF($B62="§",0,SUMIFS(tAmt,tCat,$B62,tDate,">="&Y$18,tDate,"<"&Y$19)+SUMIF($C$21:$C$50,$B62,Y$21:Y$50)) | Z62: =SUM(M62:Y62)
A63: in | B63: =$J$5 | C63: =IF(B63="§","",B63) | M63: =IF($B63="§",0,SUMIFS(tAmt,tCat,$B63,tDate,">="&M$18,tDate,"<"&M$19)+SUMIF($C$21:$C$50,$B63,M$21:M$50)) | N63: =IF($B63="§",0,SUMIFS(tAmt,tCat,$B63,tDate,">="&N$18,tDate,"<"&N$19)+SUMIF($C$21:$C$50,$B63,N$21:N$50)) | O63: =IF($B63="§",0,SUMIFS(tAmt,tCat,$B63,tDate,">="&O$18,tDate,"<"&O$19)+SUMIF($C$21:$C$50,$B63,O$21:O$50)) | P63: =IF($B63="§",0,SUMIFS(tAmt,tCat,$B63,tDate,">="&P$18,tDate,"<"&P$19)+SUMIF($C$21:$C$50,$B63,P$21:P$50)) | Q63: =IF($B63="§",0,SUMIFS(tAmt,tCat,$B63,tDate,">="&Q$18,tDate,"<"&Q$19)+SUMIF($C$21:$C$50,$B63,Q$21:Q$50)) | R63: =IF($B63="§",0,SUMIFS(tAmt,tCat,$B63,tDate,">="&R$18,tDate,"<"&R$19)+SUMIF($C$21:$C$50,$B63,R$21:R$50)) | S63: =IF($B63="§",0,SUMIFS(tAmt,tCat,$B63,tDate,">="&S$18,tDate,"<"&S$19)+SUMIF($C$21:$C$50,$B63,S$21:S$50)) | T63: =IF($B63="§",0,SUMIFS(tAmt,tCat,$B63,tDate,">="&T$18,tDate,"<"&T$19)+SUMIF($C$21:$C$50,$B63,T$21:T$50)) | ... Y63: =IF($B63="§",0,SUMIFS(tAmt,tCat,$B63,tDate,">="&Y$18,tDate,"<"&Y$19)+SUMIF($C$21:$C$50,$B63,Y$21:Y$50)) | Z63: =SUM(M63:Y63)
A64: out | B64: =$J$7 | C64: =IF(B64="§","",B64) | M64: =IF($B64="§",0,SUMIFS(tAmt,tCat,$B64,tDate,">="&M$18,tDate,"<"&M$19)+SUMIF($C$21:$C$50,$B64,M$21:M$50)) | N64: =IF($B64="§",0,SUMIFS(tAmt,tCat,$B64,tDate,">="&N$18,tDate,"<"&N$19)+SUMIF($C$21:$C$50,$B64,N$21:N$50)) | O64: =IF($B64="§",0,SUMIFS(tAmt,tCat,$B64,tDate,">="&O$18,tDate,"<"&O$19)+SUMIF($C$21:$C$50,$B64,O$21:O$50)) | P64: =IF($B64="§",0,SUMIFS(tAmt,tCat,$B64,tDate,">="&P$18,tDate,"<"&P$19)+SUMIF($C$21:$C$50,$B64,P$21:P$50)) | Q64: =IF($B64="§",0,SUMIFS(tAmt,tCat,$B64,tDate,">="&Q$18,tDate,"<"&Q$19)+SUMIF($C$21:$C$50,$B64,Q$21:Q$50)) | R64: =IF($B64="§",0,SUMIFS(tAmt,tCat,$B64,tDate,">="&R$18,tDate,"<"&R$19)+SUMIF($C$21:$C$50,$B64,R$21:R$50)) | S64: =IF($B64="§",0,SUMIFS(tAmt,tCat,$B64,tDate,">="&S$18,tDate,"<"&S$19)+SUMIF($C$21:$C$50,$B64,S$21:S$50)) | T64: =IF($B64="§",0,SUMIFS(tAmt,tCat,$B64,tDate,">="&T$18,tDate,"<"&T$19)+SUMIF($C$21:$C$50,$B64,T$21:T$50)) | ... Y64: =IF($B64="§",0,SUMIFS(tAmt,tCat,$B64,tDate,">="&Y$18,tDate,"<"&Y$19)+SUMIF($C$21:$C$50,$B64,Y$21:Y$50)) | Z64: =SUM(M64:Y64)
A65: out | B65: =$J$8 | C65: =IF(B65="§","",B65) | M65: =IF($B65="§",0,SUMIFS(tAmt,tCat,$B65,tDate,">="&M$18,tDate,"<"&M$19)+SUMIF($C$21:$C$50,$B65,M$21:M$50)) | N65: =IF($B65="§",0,SUMIFS(tAmt,tCat,$B65,tDate,">="&N$18,tDate,"<"&N$19)+SUMIF($C$21:$C$50,$B65,N$21:N$50)) | O65: =IF($B65="§",0,SUMIFS(tAmt,tCat,$B65,tDate,">="&O$18,tDate,"<"&O$19)+SUMIF($C$21:$C$50,$B65,O$21:O$50)) | P65: =IF($B65="§",0,SUMIFS(tAmt,tCat,$B65,tDate,">="&P$18,tDate,"<"&P$19)+SUMIF($C$21:$C$50,$B65,P$21:P$50)) | Q65: =IF($B65="§",0,SUMIFS(tAmt,tCat,$B65,tDate,">="&Q$18,tDate,"<"&Q$19)+SUMIF($C$21:$C$50,$B65,Q$21:Q$50)) | R65: =IF($B65="§",0,SUMIFS(tAmt,tCat,$B65,tDate,">="&R$18,tDate,"<"&R$19)+SUMIF($C$21:$C$50,$B65,R$21:R$50)) | S65: =IF($B65="§",0,SUMIFS(tAmt,tCat,$B65,tDate,">="&S$18,tDate,"<"&S$19)+SUMIF($C$21:$C$50,$B65,S$21:S$50)) | T65: =IF($B65="§",0,SUMIFS(tAmt,tCat,$B65,tDate,">="&T$18,tDate,"<"&T$19)+SUMIF($C$21:$C$50,$B65,T$21:T$50)) | ... Y65: =IF($B65="§",0,SUMIFS(tAmt,tCat,$B65,tDate,">="&Y$18,tDate,"<"&Y$19)+SUMIF($C$21:$C$50,$B65,Y$21:Y$50)) | Z65: =SUM(M65:Y65)
A66: out | B66: =$J$9 | C66: =IF(B66="§","",B66) | M66: =IF($B66="§",0,SUMIFS(tAmt,tCat,$B66,tDate,">="&M$18,tDate,"<"&M$19)+SUMIF($C$21:$C$50,$B66,M$21:M$50)) | N66: =IF($B66="§",0,SUMIFS(tAmt,tCat,$B66,tDate,">="&N$18,tDate,"<"&N$19)+SUMIF($C$21:$C$50,$B66,N$21:N$50)) | O66: =IF($B66="§",0,SUMIFS(tAmt,tCat,$B66,tDate,">="&O$18,tDate,"<"&O$19)+SUMIF($C$21:$C$50,$B66,O$21:O$50)) | P66: =IF($B66="§",0,SUMIFS(tAmt,tCat,$B66,tDate,">="&P$18,tDate,"<"&P$19)+SUMIF($C$21:$C$50,$B66,P$21:P$50)) | Q66: =IF($B66="§",0,SUMIFS(tAmt,tCat,$B66,tDate,">="&Q$18,tDate,"<"&Q$19)+SUMIF($C$21:$C$50,$B66,Q$21:Q$50)) | R66: =IF($B66="§",0,SUMIFS(tAmt,tCat,$B66,tDate,">="&R$18,tDate,"<"&R$19)+SUMIF($C$21:$C$50,$B66,R$21:R$50)) | S66: =IF($B66="§",0,SUMIFS(tAmt,tCat,$B66,tDate,">="&S$18,tDate,"<"&S$19)+SUMIF($C$21:$C$50,$B66,S$21:S$50)) | T66: =IF($B66="§",0,SUMIFS(tAmt,tCat,$B66,tDate,">="&T$18,tDate,"<"&T$19)+SUMIF($C$21:$C$50,$B66,T$21:T$50)) | ... Y66: =IF($B66="§",0,SUMIFS(tAmt,tCat,$B66,tDate,">="&Y$18,tDate,"<"&Y$19)+SUMIF($C$21:$C$50,$B66,Y$21:Y$50)) | Z66: =SUM(M66:Y66)
